Workbook

Sheet Valores
A1: Precios de Insumos y Labores
C2: precios al: | D2: 46091
E3: Unidad de medida por dosis | F3: Valor unitario | G3: U$D/Unidad
B4: código | C4: Producto / Labor | D4: Moneda
C6: Fertilizante- SPS | D6: dólares | E6: Kg/Ha. | F6: 430 | G6: U$S/ton.
C7: Fertilizante- SPT | D7: dólares | E7: Kg/Ha. | F7: 885 | G7: U$S/ton.
C8: Fertilizante- MicroEssentials Sz | D8: dólares | E8: Kg/Ha. | F8: 1100 | G8: U$S/ton.
C9: Fertilizante- MicroEssentials S9 | D9: dólares | E9: Kg/Ha. | F9: 1080 | G9: U$S/ton.
C10: Fertilizante- MicroStar Rizobacter | D10: dólares | E10: Kg/Ha. | F10: 2600 | G10: U$S/ton.
C11: Fertilizante- Urea | D11: dólares | E11: Kg/Ha. | F11: 970 | G11: U$S/ton.
C12: Fertilizante- MAP | D12: dólares | E12: Kg/Ha. | F12: 1040 | G12: U$S/ton.
C13: Fertilizante- Solmix 80-20 | D13: dólares | E13: Lts/Ha. | F13: 560 | G13: U$S/ton.
C14: Fertilizante- Absortec copper. | D14: dólares | E14: Lts/Ha. | F14: 9 | G14: U$S/Lts.
C15: Coadyuvante- Meta Uno (aciete metilado) | D15: dólares | E15: Lts/Ha. | F15: 3.5 | G15: U$S/Lts.
C16: Coadyuvante- Optimizer | D16: dólares | E16: Lts/Ha. | F16: 4.5 | G16: U$S/Lts.
C17: Coadyubante- Silwet | D17: dólares | E17: Lts/Ha. | F17: 45 | G17: U$S/Lts.
... C24: Fitoestimulante- Vitagrow | D24: dólares | E24: grs./Ha. | F24: 60.5 | G24: U$S/Kg.
C25: Curasemilla Maxim RFC (soja) | D25: dólares | E25: Dosis/Ha. | F25: =68*0.08 -> 5.44 | G25: U$S/Dosis | H25: costo dosis/Ha
C26: Curasemilla Tenacius (trigo) | D26: dólares | E26: Dosis/Ha. | F26: =32*0.4 -> 12.8 | G26: U$S/Dosis | H26: costo dosis/Ha
C27: Curasemilla Compinche (trigo) | D27: dólares | E27: Dosis/Ha. | F27: =36.1*0.16 -> 5.776 | G27: U$S/Dosis | H27: costo dosis/Ha
C28: Curasemilla Rizo Pack 102 (soja) | D28: dólares | E28: Dosis/Ha. | F28: 4.5 | G28: U$S/Dosis | H28: costo dosis/Ha
C29: Insecticida- Arpegio (Tiametox14,1+Lamb10,6) | D29: dólares | E29: Lts/Ha. | F29: 30.5 | G29: U$S/Lts.
C30: Insecticida- Spector (Lambdacialotrina 25%) | D30: dólares | E30: Lts/Ha. | F30: 21 | G30: U$S/Lts.
C31: Insecticida- Esfinge (Bifentrin 20%) | D31: dólares | E31: Lts/Ha. | F31: 19.5 | G31: U$S/Lts.
C32: Insecticida- Abamectina 3,6% | D32: dólares | E32: Lts/Ha. | F32: 11.5 | G32: U$S/Lts.
C33: Insecticida- Solomon (Imida 21% + Betacyflutrina 9%) | D33: dólares | E33: Lts/Ha. | F33: 42 | G33: U$S/Lts.
C34: Insecticida- Mentor (Clorantraniliprole 20%) | D34: dólares | E34: Lts/Ha. | F34: 60 | G34: U$S/Lts.
C35: Insecticida- Cruza (lmida 10% + Bifentrin 3%) | D35: dólares | E35: Lts/Ha. | F35: 11.5 | G35: U$S/Lts.
C36: Insecticida- Mustang (zetametrina 20%) | D36: dólares | E36: Lts/Ha. | F36: 22 | G36: U$S/Lts.
C37: Crustacicida- Clartex XTRA | D37: dólares | E37: Kg/Ha. | F37: 10.3 | G37: U$S/Kg.
C38: Molusquicida- Clartex +R DTS | D38: dólares | E38: Kg/Ha. | F38: 8.3 | G38: U$S/Kg.
C39: Fungicida- Tempus Max (Protioconazole 17,5% + Azoxistrobina 16%) | D39: dólares | E39: Lts/Ha. | F39: 23 | G39: U$S/Lts. | H39: 0.4
C40: Fungicida- Tempus (Azoxistrobina 20% + Ciproconazole 8%) | D40: dólares | E40: Lts/Ha. | F40: 15.5 | G40: U$S/Lts. | H40: 0.35
C41: Fungicida Miravis Duo (Difenoconazole 12,5% + Pydiflumetofen 7,5%) | D41: dólares | E41: Lts/Ha. | F41: 43.2 | G41: U$S/Lts. | H41: 0.6
C42: Fungicida- Cripton- (Protioconazole 17,5% + Trifloxystrobin 15%) | D42: dólares | E42: Lts/Ha. | F42: 29.5 | G42: U$S/Lts. | H42: 0.4
C43: Fungicida- Cripton xpro- (Protioconazole 17,5% + Trifloxistrobin 15% + Bixafen 15%) | D43: dólares | E43: Lts/Ha. | F43: 49.4 | G43: U$S/Lts. | H43: 0.5
C44: Herbicida- Atrazina 90% | D44: dólares | E44: Kg/Ha. | F44: 6.95 | G44: U$S/Kg. | I44: Mecanismo/s de acción
C45: Herbicida- Terbyne (Terbutilazina 50%) | D45: dólares | E45: Lts/Ha. | F45: 7.5 | G45: U$S/Lts.
C46: Herbicida- Acuron (Biciclopirona 20%) | D46: dólares | E46: Lts/Ha. | F46: 38 | G46: U$S/Lts. | I46: aCCasa | J46: Inhibidor de la acetil coenzima A carboxilasa
C47: Herbicida- Cambium (Diflufenican 50%) | D47: dólares | E47: Lts/Ha. | F47: 27 | G47: U$S/Lts. | I47: ALS | J47: Inhibidor de la acetolactato sintasa
C48: Herbicida- Margen pro (S-Metolacloro 96%) | D48: dólares | E48: Lts/Ha. | F48: 6.4 | G48: U$S/Lts. | I48: Fotosistema II | J48: Inhibidor de la fotosíntesis a nivel del fotosistema dos
C49: Herbicida- Yamato Top (Pyroxasulfone 48%) | D49: dólares | E49: Lts/Ha. | F49: 84 | G49: U$S/Lts. | I49: Fotosistema I | J49: Inhibidor de la fotosíntesis a nivel del fotosistema uno
C50: Herbicida- Trifluralina 60%. | D50: dólares | E50: Lts/Ha. | F50: 16.85 | G50: U$S/Lts. | I50: PPO | J50: Inhibidor de protoporfirinógeno oxidasa
C51: Herbicida- Fierce (Flumioxazin 15% + Pyroxasulfone 34,5%) | D51: dólares | E51: Lts/Ha. | F51: 74.2 | G51: U$S/Lts. | I51: HPPD | J51: Inh. Pig. Car. (4 hidroxifenil piruvato dioxigenasa)
C52: Herbicida- Fluminens (Flumioxazim 48%) | D52: dólares | E52: Lts/Ha. | F52: 21.5 | G52: U$S/Lts. | I52: EPSPS | J52: Inhibidor de la enol piruvil shikimato 3 fosfato sintasa
C53: Herbicida- Saltum (Sulfentrazone 50%) | D53: dólares | E53: Lts/Ha. | F53: 19.3 | G53: U$S/Lts. | I53: Inh. Glut. Sint. | J53: Inhibidor de la glutamino sintetasa
C54: Herbicida- Vortice (Metribuzin 48%) | D54: dólares | E54: Lts/Ha. | F54: 15 | G54: U$S/Lts. | I54: Inh. Div. Cel. | J54: Inhibidor de la división celular
C55: Herbicida- Ceomax 84 (Diclosulam 84%) | D55: dólares | E55: Lts/Ha. | F55: 195 | G55: U$S/Lts. | I55: Hormonal | J55: Acción similar al ácido indolacético
C56: Herbicida- Metsulfuron ACA 60% | D56: dólares | E56: Lts/Ha. | F56: 36.6 | G56: U$S/Lts.
C57: Herbicida- Imizet (Imazetapyr 10%) | D57: dólares | E57: Lts/Ha. | F57: 5.3 | G57: U$S/Lts.
C58: Herbicida- Percutor (Iodosufuron 6% + Thiencarbazone 45%) | D58: dólares | E58: Kg/Ha. | F58: 258 | G58: U$S/Kg. | H58: 0.05
C59: Herbicida- Ligate (Sulfometurón Metil 15% + Clorimuron 20%) | D59: dólares | E59: grs./Ha. | F59: 160 | G59: U$S/Kg. | H59: 0.1
C60: Herbicida- Finesse (Clorsulfuron 62,5% + Metsulfuron 12,5%) | D60: dólares | E60: grs./Ha. | F60: 368 | G60: U$S/Kg. | H60: 0.015
C61: Herbicida- Adengo (Isoxaflutole 9% + Thiencarbazone metil 22,5% + Cyprosulfamide 15%) | D61: dólares | E61: Lts/Ha. | F61: 99.75 | G61: U$S/Lts. | H61: 0.4
C62: Herbicida- Interfield (Imazetapir 52.5% Imazapir 17.5%) | D62: dólares | E62: grs./Ha. | F62: 100 | G62: U$S/Kg. | H62: 0.143
C63: Herbicida- Onduty (Imazapic 52,5% + imazapir 17,5%) | D63: dólares | E63: grs./Ha. | F63: 95 | G63: U$S/Kg. | H63: 0.114
C64: Herbicida- Cadre 70 DG (Imazapic 70%) | D64: dólares | E64: Kg/Ha. | F64: 90 | G64: U$S/Kg.
C65: Herbicida- Super Estrella II (Glifosato 65%) | D65: dólares | E65: Lts/Ha. | F65: 4.3 | G65: U$S/Lts.
C66: Herbicida- Super Estrella GR (Glifosato 79,2%) | D66: dólares | E66: Kg/Ha. | F66: 6.1 | G66: U$S/Kg.
C67: Herbicida- Prominens (Glufosinato 20%) | D67: dólares | E67: Lts/Ha. | F67: 3.9 | G67: U$S/Lts.
C68: Herbicida- Resolutor (Cletodim 24%) | D68: dólares | E68: Lts/Ha. | F68: 7.8 | G68: U$S/Lts.
C69: Herbicida- Legado pro- (Haloxifop 54%) | D69: dólares | E69: Lts/Ha. | F69: 22 | G69: U$S/Lts.
C70: Herbicida- Picloran ACA (Picloran 24%) | D70: dólares | E70: Lts/Ha. | F70: 6.9 | G70: U$S/Lts.
C71: Herbicida- Dicamax (Dicamba 58%) | D71: dólares | E71: Lts/Ha. | F71: 7.2 | G71: U$S/Lts.
C72: Herbicida- (Fluroxypyr 48%) | D72: dólares | E72: Lts/Ha. | F72: 25 | G72: U$S/Lts.
C73: Herbicida- (Clopyralid 47,5%) | D73: dólares | E73: Lts/Ha. | F73: 36.5 | G73: U$S/Lts.
C74: Herbicida- 2,4 D Excel 89 (2,4 D: éster 2-etilhexílico 89%) | D74: dólares | E74: Lts/Ha. | F74: 4.65 | G74: U$S/Lts.
C75: Herbicida- 2,4 D Herbifen Advance (2,4 D: éster 2-etilhexilico 97%) | D75: dólares | E75: Lts/Ha. | F75: 5.65 | G75: U$S/Lts.
... C117: Siembra Aerea de Cultivos de Servicios | D117: pesos | E117: Siembra | F117: 35 | G117: U$S/Ha.
C127: * Los precios se actualizan regularmente, por lo que pueden existir
C128: diferencias temporales entre los detallados y la lista de precios a a la fecha.-

Sheet Tr
B1: TRIGO - Margen Bruto comparativo
B5: Precio Bruto | C5: =+Valores!#REF! -> #REF! | D5: =+RESUMEN!G4 -> 31500 | E5: $/qq. | F5: =+D5/C5-1 -> #REF! | H5: T.C. actual : | J5: =+RESUMEN!Q15 -> 1500 | K5: $ = 1 U$S
B7: GASTOS DE COMERCIALIZACIÓN | H7: T.C. año anterior : | J7: =+Valores!#REF! -> #REF! | K7: $ = 1 U$S
B8: Flete Largo | C8: =+Valores!#REF! -> #REF! | D8: =+Valores!#REF! -> #REF! | E8: $/qq. | F8: =+D8/C8-1 -> #REF!
B9: Comisión | C9: 0.03 | D9: 0.03 | E9: %
B10: Precio Neto | C10: =+C5*(1-C9)-C8 -> #REF! | D10: =+D5*(1-D9)-D8 -> #REF! | E10: $/qq. | F10: =+D10/C10-1 -> #REF!
B13: GASTOS DE IMPLANTACIÓN Y PROTECCIÓN | E13: Precio | F13: Precio | H13: Gto ($xha) | I13: Gto ($xha) | K13: qq./ha. | L13: qq./ha.
B14: Labor / Insumo | C14: Dosis/Nº | E14: 06-07 | F14: 07-08 | G14: Unidad | H14: 07-08 | I14: 08-09 | J14: % | K14: 07-08 | L14: 08-09 | M14: %
B15: Adherente x-trim | C15: =+TRIGO!C15 -> 1 | D15: lts./ha. | E15: =+Valores!#REF! -> #REF! | F15: =+Valores!F17 -> 45 | G15: U$S/lt. | H15: =C15*E15*$J$7 -> #REF! | I15: =C15*F15*$J$5 -> 67500 | J15: =+I15/H15-1 -> #REF! | K15: =H15/$C$10 -> #REF! | L15: =I15/$D$10 -> #REF! | M15: =+L15/K15-1 -> #REF!
B16: Glifosato | C16: =+TRIGO!C17 -> 2.2 | D16: lts./ha. | E16: =+Valores!#REF! -> #REF! | F16: =+Valores!F65 -> 4.3 | G16: U$S/lt. | H16: =C16*E16*J7 -> #REF! | I16: =C16*F16*J5 -> 14190 | J16: =+I16/H16-1 -> #REF! | K16: =H16/$C$10 -> #REF! | L16: =I16/$D$10 -> #REF! | M16: =+L16/K16-1 -> #REF!
B17: Metsulfurón Metil | C17: =+TRIGO!C18 -> 15 | D17: grs./ha. | E17: =+Valores!#REF! -> #REF! | F17: =+Valores!F56 -> 36.6 | G17: U$S/kg. | H17: =C17*(E17/1000)*J7 -> #REF! | I17: =C17*(F17/1000)*J5 -> 823.5 | J17: =+I17/H17-1 -> #REF! | K17: =H17/$C$10 -> #REF! | L17: =I17/$D$10 -> #REF! | M17: =+L17/K17-1 -> #REF!
B18: Banvel | C18: =+TRIGO!C19 -> 1 | D18: lts./ha. | E18: =+Valores!#REF! -> #REF! | F18: =+Valores!F71 -> 7.2 | H18: =C18*E18*$J$7 -> #REF! | I18: =C18*F18*$J$5 -> 10800 | J18: =+I18/H18-1 -> #REF! | K18: =H18/$C$10 -> #REF! | L18: =I18/$D$10 -> #REF! | M18: =+L18/K18-1 -> #REF!
B19: Aceite Agrícola | C19: =+TRIGO!#REF! -> #REF! | D19: cc./ha. | E19: =+Valores!#REF! -> #REF! | F19: =+Valores!#REF! -> #REF! | G19: U$S/lt. | H19: =C19*(E19)*J7 -> #REF! | I19: =C19*(F19)*J5 -> #REF! | J19: =+I19/H19-1 -> #REF! | K19: =H19/$C$10 -> #REF! | L19: =I19/$D$10 -> #REF! | M19: =+L19/K19-1 -> #REF!
B20: Fungicida Nativo | C20: =+TRIGO!C21 -> 0.3 | D20: cc./ha. | E20: =+Valores!#REF! -> #REF! | F20: =+Valores!F42 -> 29.5 | G20: U$S/lt. | H20: =C20*(E20)*J7 -> #REF! | I20: =C20*(F20)*J5 -> 13275 | J20: =+I20/H20-1 -> #REF! | K20: =H20/$C$10 -> #REF! | L20: =I20/$D$10 -> #REF! | M20: =+L20/K20-1 -> #REF!
B21: Curasemillas Escudo | C21: =+TRIGO!C22 -> 0.6 | D21: lts./ha. | E21: =+Valores!#REF! -> #REF! | F21: =+Valores!F26 -> 12.8 | G21: U$S/lt. | H21: =C21*(E21)*J7 -> #REF! | I21: =C21*(F21)*J5 -> 11520 | J21: =+I21/H21-1 -> #REF! | K21: =H21/$C$10 -> #REF! | L21: =I21/$D$10 -> #REF! | M21: =+L21/K21-1 -> #REF!
B22: Sub-Total AGROQ. | E22: =+H22/$J$7 -> #REF! | F22: =+I22/$J$5 -> #REF! | G22: U$S/ha. | H22: =SUM(H15:H21) -> #REF! | I22: =SUM(I15:I21) -> #REF! | J22: $/ha. | K22: =SUM(K15:K21) -> #REF! | L22: =SUM(L15:L21) -> #REF! | M22: qq./ha.
B24: MAP-S | C24: =+TRIGO!C30 -> 100 | D24: kg./ha. | E24: =+Valores!#REF! -> #REF! | F24: =+Valores!F12 -> 1040 | G24: U$S/ton. | H24: =C24*(E24/1000)*J7 -> #REF! | I24: =C24*(F24/1000)*J5 -> 156000 | J24: =+I24/H24-1 -> #REF! | K24: =H24/$C$10 -> #REF! | L24: =I24/$D$10 -> #REF! | M24: =+L24/K24-1 -> #REF!
B25: Urea | C25: =+TRIGO!C31 -> 200 | D25: kg./ha. | E25: =+Valores!#REF! -> #REF! | F25: =+Valores!F11 -> 970 | G25: U$S/ton. | H25: =C25*(E25/1000)*J7 -> #REF! | I25: =C25*(F25/1000)*J5 -> 291000 | J25: =+I25/H25-1 -> #REF! | K25: =H25/$C$10 -> #REF! | L25: =I25/$D$10 -> #REF! | M25: =+L25/K25-1 -> #REF!
B26: Sub-Total FERTILIZ. | E26: =+H26/$J$7 -> #REF! | F26: =+I26/$J$5 -> 298 | G26: U$S/ha. | H26: =SUM(H24:H25) -> #REF! | I26: =SUM(I24:I25) -> 447000 | J26: $/ha. | K26: =SUM(K24:K25) -> #REF! | L26: =SUM(L24:L25) -> #REF! | M26: qq./ha.
B28: Semilla | C28: =+TRIGO!C36 -> 3 | D28: kg./ha. | E28: =+Valores!#REF!/40*C28 -> #REF! | F28: =+Valores!F87/40*C28 -> 1.275 | G28: U$S/ha. | H28: =E28*J7 -> #REF! | I28: =F28*J5 -> 1912.5 | J28: =+I28/H28-1 -> #REF! | K28: =H28/$C$10 -> #REF! | L28: =I28/$D$10 -> #REF! | M28: =+L28/K28-1 -> #REF!
B30: Siembra c/Fertilización Simple | C30: =+TRIGO!C39 -> 1 | D30: siembra | E30: =+Valores!#REF! -> #REF! | F30: =+Valores!F109 -> 55 | G30: $/ha. | H30: =C30*E30 -> #REF! | I30: =+C30*F30 -> 55 | J30: =+I30/H30-1 -> #REF! | K30: =H30/$C$10 -> #REF! | L30: =I30/$D$10 -> #REF! | M30: =+L30/K30-1 -> #REF!
B31: Pulverización Aérea | C31: =+TRIGO!C40 -> 0 | D31: aplicación | E31: =+Valores!#REF! -> #REF! | F31: =+Valores!F100 -> 14 | G31: U$S/ha. | H31: =C31*E31*J7 -> #REF! | I31: =C31*F31*J5 -> 0 | J31: =+I31/H31-1 -> #REF! | K31: =H31/$C$10 -> #REF! | L31: =I31/$D$10 -> #REF! | M31: =+L31/K31-1 -> #REF!
B32: Fertilización al Voleo | C32: =+TRIGO!C41 -> 2 | D32: aplicación | E32: =+Valores!#REF! -> #REF! | F32: =+Valores!F99 -> 14 | G32: $/ha. | H32: =C32*E32 -> #REF! | I32: =+F32*C32 -> 28 | J32: =+I32/H32-1 -> #REF! | K32: =H32/$C$10 -> #REF! | L32: =I32/$D$10 -> #REF! | M32: =+L32/K32-1 -> #REF!
B33: Pulverización Terrestre | C33: =+TRIGO!C42 -> 1 | D33: aplicación | E33: =+Valores!#REF! -> #REF! | F33: =+Valores!F101 -> 8 | G33: $/ha. | H33: =C33*E33 -> #REF! | I33: =C33*F33 -> 8 | J33: =+I33/H33-1 -> #REF! | K33: =H33/$C$10 -> #REF! | L33: =I33/$D$10 -> #REF! | M33: =+L33/K33-1 -> #REF!
B34: Sub-Total LABORES | E34: =+H34/$J$7 -> #REF! | F34: =+I34/$J$5 -> 0.060666667 | G34: U$S/ha. | H34: =SUM(H30:H33) -> #REF! | I34: =SUM(I30:I33) -> 91 | J34: $/ha. | K34: =SUM(K30:K33) -> #REF! | L34: =SUM(L30:L33) -> #REF! | M34: =+L34/K34-1 -> #REF!
B36: Seguro Contra Riesgo Climático | C36: =+TRIGO!C45 -> 30 | D36: qq./ha | E36: =+Valores!#REF! -> #REF! | F36: =+TRIGO!E45 -> 0.0461 | G36: % | H36: =C36*(E36)*C5 -> #REF! | I36: =C36*(F36)*D5 -> 43564.5 | J36: =+I36/H36-1 -> #REF! | K36: =H36/$C$10 -> #REF! | L36: =I36/$D$10 -> #REF! | M36: =+L36/K36-1 -> #REF!
B38: Total G. I. y P. | E38: =+H38/J7 -> #REF! | F38: =+I38/J5 -> #REF! | G38: =+F38/E38-1 -> #REF! | H38: =+H22+H26+H34+H28+H36 -> #REF! | I38: =+I22+I26+I34+I28+I36 -> #REF! | J38: =+I38/H38-1 -> #REF! | K38: =+K22+K26+K34+K28+K36 -> #REF! | L38: =+L22+L26+L34+L28+L36 -> #REF! | M38: =+L38/K38-1 -> #REF!
K39: =+H38/C10-K38 -> #REF! | L39: =+I38/D10-L38 -> #REF!
B41: COSECHA
B42: =+J43*D10*C42/100 -> #REF! | C42: =+TRIGO!C51 -> 8 | D42: %
I43: RINDE ESPERADO : | J43: =+TRIGO!H52 -> 45
B44: GASTOS DE ACONDICIONAMIENTO | I44: RINDE EQUILIBRIO 08-09 : | J44: 22
B45: Flete Corto | C45: =+TRIGO!C54 -> 730 | D45: $/qq. | I45: RINDE EQUILIBRIO 09-10 : | J45: =+TRIGO!H53 -> 33.094445
B46: Paritaria | C46: =+TRIGO!C55 -> 500 | D46: $/qq.
B49: GANANCIA ( rentabilidad ) | H49: =+J43*C10*(100-C42)/100-H38-(C45+C46)*J43 -> #REF! | I49: =+J43*D10*(100-C42)/100-I38-(C45+C46)*J43 -> #REF! | J49: $ /ha. | K49: =+H49/C10 -> #REF! | L49: =+I49/D10 -> #REF! | M49: =+L49/K49-1 -> #REF!
G50: en dólares : | H50: =+H49/J7 -> #REF! | I50: =+I49/J5 -> #REF! | J50: =+I50/H50-1 -> #REF! | K50: =+K49/K38 -> #REF! | L50: =+L49/L38 -> #REF!

Sheet Sj2º
B1: SOJA 2° - Margen Bruto comparativo | R1: MÁRGENES BRUTOS CON DIFERENTES NIVELES DE RENDIMIENTO
R2: Rendimiento
R3: Precio Bruto
B5: Precio Bruto | C5: =+Valores!#REF! -> #REF! | D5: =+RESUMEN!F4 -> 48000 | E5: $/qq. | F5: =+D5/C5-1 -> #REF! | H5: T.C. actual : | J5: =+RESUMEN!Q15 -> 1500 | K5: $ = 1 U$S | R5: Precio Neto
B7: GASTOS DE COMERCIALIZACIÓN | H7: T.C. año anterior : | J7: =+Valores!#REF! -> #REF! | K7: $ = 1 U$S | R7: Total G. I. y P.
B8: Flete Largo | C8: =+Valores!#REF! -> #REF! | D8: =+Valores!#REF! -> #REF! | E8: $/qq. | F8: =+D8/C8-1 -> #REF!
B9: Comisión | C9: 0.03 | D9: 0.03 | E9: % | R9: Cosecha
B10: Precio Neto | C10: =+C5*(1-C9)-C8 -> #REF! | D10: =+D5*(1-D9)-D8 -> #REF! | E10: $/qq. | F10: =+D10/C10-1 -> #REF! | R10: Flete Corto
R11: Paritaria
B13: GASTOS DE IMPLANTACIÓN Y PROTECCIÓN | E13: Precio | F13: Precio | H13: Gto ($xha) | I13: Gto ($xha) | K13: qq./ha. | L13: qq./ha. | R13: Secada
B14: Labor / Insumo | C14: Dosis/Nº | E14: 06-07 | F14: 07-08 | G14: Unidad | H14: 07-08 | I14: 08-09 | J14: % | K14: 07-08 | L14: 08-09 | M14: % | R14: Total G. A.
B15: Adherente x-trim | C15: =+Soja2º!C15 -> 1 | D15: lts./ha. | E15: =+Valores!#REF! -> #REF! | F15: =+Valores!F17 -> 45 | G15: U$S/lt. | H15: =+C15*E15*$J$7 -> #REF! | I15: =+F15*C15*$J$5 -> 67500 | J15: =+I15/H15-1 -> #REF! | K15: =+H15/$C$10 -> #REF! | L15: =+I15/$D$10 -> #REF! | M15: =+L15/K15-1 -> #REF!
B16: Glifosato 48% | C16: =+Soja2º!C17 -> 4.5 | D16: lts./ha. | E16: =+Valores!#REF! -> #REF! | F16: =+Valores!F65 -> 4.3 | G16: U$S/lt. | H16: =+C16*E16*$J$7 -> #REF! | I16: =+F16*C16*$J$5 -> 29025 | J16: =+I16/H16-1 -> #REF! | K16: =+H16/$C$10 -> #REF! | L16: =+I16/$D$10 -> #REF! | M16: =+L16/K16-1 -> #REF! | R16: Flete Largo
B17: Aceite Agrícola | C17: =+Soja2º!C16 -> 0.05 | D17: lts./ha. | E17: =+Valores!#REF! -> #REF! | F17: =+Valores!#REF! -> #REF! | G17: U$S/kg. | H17: =+C17*E17*$J$7 -> #REF! | I17: =+F17*C17*$J$5 -> #REF! | J17: =+I17/H17-1 -> #REF! | K17: =+H17/$C$10 -> #REF! | L17: =+I17/$D$10 -> #REF! | M17: =+L17/K17-1 -> #REF!
B18: Insecticida Cianex | C18: =+Soja2º!C33 -> 0 | D18: lts./ha. | E18: =+Valores!#REF! -> #REF! | F18: =+Valores!F29 -> 30.5 | G18: U$S/kg. | H18: =+C18*E18*$J$7 -> #REF! | I18: =+F18*C18*$J$5 -> 0 | J18: =+I18/H18-1 -> #REF! | K18: =+H18/$C$10 -> #REF! | L18: =+I18/$D$10 -> #REF! | M18: =+L18/K18-1 -> #REF!
B19: Insecticida Karate Zeon | C19: =+Soja2º!C25 -> 0.3 | D19: kgs./ha. | E19: =+Valores!#REF! -> #REF! | F19: =+Valores!F30 -> 21 | G19: U$S/kg. | H19: =+C19*E19*$J$7 -> #REF! | I19: =+F19*C19*$J$5 -> 9450 | J19: =+I19/H19-1 -> #REF! | K19: =+H19/$C$10 -> #REF! | L19: =+I19/$D$10 -> #REF! | M19: =+L19/K19-1 -> #REF!
B20: Fungicida Sphere Max | C20: =+Soja2º!C34 -> 0 | D20: lts./ha. | E20: =+Valores!#REF! -> #REF! | F20: =+Valores!#REF! -> #REF! | G20: U$S/kg. | H20: =+C20*E20*$J$7 -> #REF! | I20: =+F20*C20*$J$5 -> #REF! | J20: =+I20/H20-1 -> #REF! | K20: =+H20/$C$10 -> #REF! | L20: =+I20/$D$10 -> #REF! | M20: =+L20/K20-1 -> #REF! | R20: G. C. y D.
B21: Rizo Pack | C21: =+Soja2º!C36 -> 0 | D21: dosis/ha. | E21: =+Valores!#REF! -> #REF! | F21: =+Valores!F28 -> 4.5 | G21: U$S/pack | H21: =+C21*E21*$J$7 -> #REF! | I21: =+F21*C21*$J$5 -> 0 | J21: =+I21/H21-1 -> #REF! | K21: =+H21/$C$10 -> #REF! | L21: =+I21/$D$10 -> #REF! | M21: =+L21/K21-1 -> #REF!
B22: Sub-Total AGROQ. | E22: =+H22/J7 -> #REF! | F22: =+I22/J5 -> #REF! | G22: U$S/ha. | H22: =SUM(H15:H21) -> #REF! | I22: =SUM(I15:I21) -> #REF! | J22: $/ha. | K22: =SUM(K15:K21) -> #REF! | L22: =SUM(L15:L21) -> #REF! | M22: qq./ha.
B24: Sub-Total FERTILIZ. | E24: 0 | F24: 0 | G24: U$S/ha. | H24: 0 | I24: 0 | J24: $/ha. | K24: 0 | L24: 0 | M24: qq./ha.
B26: Semilla Soja | C26: =+Soja2º!C45 -> 3 | D26: kg./ha. | E26: =+Valores!#REF! -> #REF! | F26: =+Valores!F111 -> 50 | G26: U$S/kg. | H26: =+C26/50*E26*J7 -> #REF! | I26: =+C26/50*F26*J5 -> 4500 | J26: =+I26/H26-1 -> #REF! | K26: =H26/$C$10 -> #REF! | L26: =I26/$D$10 -> #REF! | M26: =+L26/K26-1 -> #REF!
B28: Pulverización Terrestre | C28: =+Soja2º!C49 -> 2 | D28: aplicaciones | E28: =+Valores!#REF! -> #REF! | F28: =+Valores!F101 -> 8 | G28: $/ha. | H28: =C28*E28 -> #REF! | I28: =+F28*C28 -> 16 | J28: =+I28/H28-1 -> #REF! | K28: =H28/$C$10 -> #REF! | L28: =I28/$D$10 -> #REF! | M28: =+L28/K28-1 -> #REF!
B29: Pulverización Aérea | C29: =+Soja2º!C50 -> 1 | D29: aplicaciones | E29: =+Valores!#REF! -> #REF! | F29: =+Valores!F100 -> 14 | G29: U$S/kg. | H29: =+E29*J7*C29 -> #REF! | I29: =+J5*F29*C29 -> 21000 | J29: =+I29/H29-1 -> #REF! | K29: =H29/$C$10 -> #REF! | L29: =I29/$D$10 -> #REF! | M29: =+L29/K29-1 -> #REF! | R29: Alquiler
B30: Siembra | C30: =+Soja2º!C48 -> 1 | D30: siembra | E30: =+Valores!#REF! -> #REF! | F30: =+Valores!F111 -> 50 | G30: U$S/kg. | H30: =+E30*J7 -> #REF! | I30: =+F30*J5 -> 75000 | J30: =+I30/H30-1 -> #REF! | K30: =H30/$C$10 -> #REF! | L30: =I30/$D$10 -> #REF! | M30: =+L30/K30-1 -> #REF! | R30: Total G.C.
B31: Sub-Total LABORES | H31: =SUM(H28:H30) -> #REF! | I31: =SUM(I28:I30) -> 96016 | J31: $/ha. | K31: =SUM(K28:K30) -> #REF! | L31: =SUM(L28:L30) -> #REF! | M31: qq./ha.
B33: Seguro Contra Riesgo Climático | C33: =+Soja2º!C53 -> 30 | D33: qq./ha | E33: =+Valores!#REF! -> #REF! | F33: =+Valores!#REF! -> #REF! | G33: % | H33: =+C33*E33*C5 -> #REF! | I33: =+F33*C33*D5 -> #REF! | J33: =+I33/H33-1 -> #REF! | K33: =H33/$C$10 -> #REF! | L33: =I33/$D$10 -> #REF! | M33: =+L33/K33-1 -> #REF! | R33: Total Gastos
B35: Total G. I. y P. | E35: =+H35/J7 -> #REF! | F35: =+I35/J5 -> #REF! | H35: =+H22+H31+H26+H33 -> #REF! | I35: =+I33+I26+I31+I22 -> #REF! | J35: =+I35/H35-1 -> #REF! | K35: =+K22+K24+K31+K26+K33 -> #REF! | L35: =+L33+L26+L31+L24+L22 -> #REF! | M35: =+L35/K35-1 -> #REF!
R36: MÁRGENES BRUTOS CON DIFERENTES NIVELES DE PRECIO
B37: COSECHA | R37: Rendimiento
B38: =+J39*D10*C38/100 -> #REF! | C38: =+Soja2º!C58 -> 8 | D38: % | R38: Precio Bruto
I39: RINDE ESPERADO : | J39: =+Soja2º!H59 -> 35 | R39: Precio Neto
B40: GASTOS DE ACONDICIONAMIENTO | I40: RINDE EQUILIBRIO 08-09 : | J40: 10
B41: Flete Corto | C41: =+Soja2º!C61 -> 700 | D41: $/qq. | I41: RINDE EQUILIBRIO 09-10 : | J41: =+Soja2º!H60 -> 12.766252 | R41: Total G. I. y P.
B42: Paritaria | C42: =+Soja2º!C62 -> 500 | D42: $/qq.
R44: Total G. A.
B45: GANANCIA ( Soja 2º sin alquiler ) | H45: =+$J$39*C10*(100-$C$38)/100-H35-($C$41+$C$42)*$J$39 -> #REF! | I45: =+$J$39*D10*(100-$C$38)/100-I35-($C$41+$C$42)*$J$39 -> #REF! | J45: $ /ha. | K45: =+H45/C10 -> #REF! | L45: =+I45/D10 -> #REF! | M45: =+L45/K45-1 -> #REF!
G46: en dólares : | H46: =+H45/J7 -> #REF! | I46: =+I45/J5 -> #REF! | J46: =+I46/H46-1 -> #REF! | K46: =+K45/(K35+K54) -> #REF! | L46: =+L45/(L35+L54) -> #REF! | R46: Flete Largo
K47: retorno en QQ.
B49: GANANCIA ( Trigo sin alquiler) | H49: =+Tr!H49 -> #REF! | I49: =+Tr!I49 -> #REF! | J49: $ /ha. | K49: =+Tr!K49 -> #REF! | L49: =+Tr!L49 -> #REF! | M49: =+L49/K49-1 -> #REF!
G50: en dólares : | H50: =+Tr!H50 -> #REF! | I50: =+Tr!I50 -> #REF! | J50: =+I50/H50-1 -> #REF! | K50: =+Tr!K50 -> #REF! | L50: =+Tr!L50 -> #REF!
K51: retorno en QQ.
B53: ALQUILER
E54: =+F54 -> 17 | F54: =+Soja2º!C74 -> 17 | G54: qq.x/ha. | H54: =+E54*C5 -> #REF! | I54: =+F54*D5 -> 816000 | J54: $ /ha. | K54: =+H54/C10 -> #REF! | L54: =+I54/D10 -> #REF! | M54: =+L54/K54-1 -> #REF!
G55: en dólares : | H55: =+H54/J7 -> #REF! | I55: =+I54/J5 -> 544 | J55: =+I55/H55-1 -> #REF!
K57: en qq. Soja
B58: GANANCIA ( rentabilidad Trigo-Soja) : | F58: =+I58/(I54+I35+Tr!I38) -> #REF! | H58: =+H45+H49-H54 -> #REF! | I58: =+I45+I49-I54 -> #REF! | J58: $ /ha. | K58: =+H58/C10 -> #REF! | L58: =+I58/D10 -> #REF! | M58: =+L58/K58-1 -> #REF!
G59: en dólares : | H59: =+H58/J7 -> #REF! | I59: =+I58/J5 -> #REF! | J59: =+I59/H59-1 -> #REF!

Sheet Mz
B1: MAIZ - Margen Bruto comparativo
B5: Precio Bruto | C5: =+Valores!#REF! -> #REF! | D5: =+RESUMEN!I4 -> 28500 | E5: $/qq. | F5: =+D5/C5-1 -> #REF! | H5: T.C. actual : | J5: =+RESUMEN!Q15 -> 1500 | K5: $ = 1 U$S
B7: GASTOS DE COMERCIALIZACIÓN | H7: T.C. año anterior : | J7: =+Valores!#REF! -> #REF! | K7: $ = 1 U$S
B8: Flete Largo | C8: =+Valores!#REF! -> #REF! | D8: =+Valores!#REF! -> #REF! | E8: $/qq. | F8: =+D8/C8-1 -> #REF!
B9: Comisión | C9: 0.035 | D9: 0.035 | E9: %
B10: Precio Neto | C10: =+C5*(1-C9)-C8 -> #REF! | D10: =+D5*(1-D9)-D8 -> #REF! | E10: $/qq. | F10: =+D10/C10-1 -> #REF!
B13: GASTOS de IMPLANTACIÓN y PROTECCIÓN | E13: Pcio u$s | F13: Pcio u$s | H13: Gto ($xha) | I13: Gto ($xha) | K13: qq./ha. | L13: qq./ha.
B14: Labor / Insumo | C14: Dosis / Nº | E14: 06-07 | F14: 07-08 | G14: Unidad | H14: 07-08 | I14: 08-09 | J14: % | K14: 07-08 | L14: 08-09 | M14: %
B15: Agroq. Adherente | C15: =+'MAIZ 1º'!C15 -> 1 | D15: lts./ha. | E15: =+Valores!#REF! -> #REF! | F15: =+Valores!F17 -> 45 | G15: u$s | H15: =+E15*C15*$J$7 -> #REF! | I15: =+F15*C15*$J$5 -> 67500 | J15: =+I15/H15-1 -> #REF! | K15: =H15/$C$10 -> #REF! | L15: =I15/$D$10 -> #REF! | M15: =+L15/K15-1 -> #REF!
B16: Agroq. Herbicida Glifosato | C16: =+'MAIZ 1º'!C16 -> 0.2 | D16: lts./ha. | E16: =+Valores!#REF! -> #REF! | F16: =+Valores!F65 -> 4.3 | G16: u$s | H16: =+E16*C16*$J$7 -> #REF! | I16: =+F16*C16*$J$5 -> 1290 | J16: =+I16/H16-1 -> #REF! | K16: =H16/$C$10 -> #REF! | L16: =I16/$D$10 -> #REF! | M16: =+L16/K16-1 -> #REF! | S16: Cipermetrina 25% | T16: 100 | U16: cc./ha. | V16: =+Valores!#REF! -> #REF! | W16: =+Valores!#REF! -> #REF! | X16: u$s
B17: Agroq. Herbicida Metsulfurón Metil | C17: =+'MAIZ 1º'!C19 -> 1.7 | D17: kgs./ha. | E17: =+Valores!#REF! -> #REF! | F17: =+Valores!F56 -> 36.6 | G17: u$s | H17: =+E17*C17*$J$7 -> #REF! | I17: =+F17*C17*$J$5 -> 93330 | J17: =+I17/H17-1 -> #REF! | K17: =H17/$C$10 -> #REF! | L17: =I17/$D$10 -> #REF! | M17: =+L17/K17-1 -> #REF! | S17: Curasemilla Semevin | T17: 300 | U17: gr./ha. | V17: =+Valores!#REF! -> #REF! | W17: =+Valores!F25 -> 5.44 | X17: u$s | Y17: =T17*V17*J7/1000 -> #REF! | Z17: =T17*W17*I5 -> 0 | AA17: =+Z17/Y17-1 -> #REF! | AB17: =Y17/$C$10 -> #REF! | AC17: =Z17/$D$10 -> #REF! | AD17: =+AC17/AB17-1 -> #REF!
B18: Agroq. Herbicida Atrazina | C18: =+'MAIZ 1º'!C20 -> 4 | D18: lts./ha. | E18: =+Valores!#REF! -> #REF! | F18: =+Valores!#REF! -> #REF! | G18: u$s | H18: =+E18*C18*$J$7 -> #REF! | I18: =+F18*C18*$J$5 -> #REF! | J18: =+I18/H18-1 -> #REF! | K18: =H18/$C$10 -> #REF! | L18: =I18/$D$10 -> #REF! | M18: =+L18/K18-1 -> #REF! | S18: Curasemillas Vitavax | T18: 50 | U18: gr./ha. | V18: =+Valores!#REF! -> #REF! | W18: =+Valores!#REF! -> #REF! | X18: u$s | Y18: =T18*V18*J7/1000 -> #REF! | Z18: =T18*W18*I5 -> #REF! | AA18: =+Z18/Y18-1 -> #REF! | AB18: =Y18/$C$10 -> #REF! | AC18: =Z18/$D$10 -> #REF! | AD18: =+AC18/AB18-1 -> #REF!
B19: Agroq. Herbicida Dual Gold | C19: =+'MAIZ 1º'!C33 -> 0 | D19: lts./ha. | E19: =+Valores!#REF! -> #REF! | F19: =+Valores!#REF! -> #REF! | G19: u$s | H19: =+E19*C19*$J$7 -> #REF! | I19: =+F19*C19*$J$5 -> #REF! | J19: =+I19/H19-1 -> #REF! | K19: =H19/$C$10 -> #REF! | L19: =I19/$D$10 -> #REF! | M19: =+L19/K19-1 -> #REF!
B20: Agroq. Herbicida Karate Zeón | C20: 0 | D20: kgs./ha. | E20: =+Valores!#REF! -> #REF! | F20: =+Valores!F30 -> 21 | G20: u$s | H20: =+E20*C20*$J$7 -> #REF! | I20: =+F20*C20*$J$5 -> 0 | J20: =+I20/H20-1 -> #REF! | K20: =H20/$C$10 -> #REF! | L20: =I20/$D$10 -> #REF! | M20: =+L20/K20-1 -> #REF!
B21: Sub-Total AGROQUIMICOS | E21: =+H21/$J$7 -> #REF! | F21: =+I21/$J$5 -> #REF! | G21: U$S/ha. | H21: =SUM(H15:H20) -> #REF! | I21: =SUM(I15:I20) -> #REF! | J21: $/ha. | K21: =SUM(K15:K20) -> #REF! | L21: =SUM(L15:L20) -> #REF! | M21: =+L21/K21-1 -> #REF!
B23: MAP-S | C23: =+'MAIZ 1º'!C36 -> 250 | D23: kg./ha. | E23: =+Valores!#REF! -> #REF! | F23: =+Valores!F12 -> 1040 | G23: u$s | H23: =+E23*C23*$J$7/1000 -> #REF! | I23: =+F23*C23*$J$5/1000 -> 390000 | J23: =+I23/H23-1 -> #REF! | K23: =H23/$C$10 -> #REF! | L23: =I23/$D$10 -> #REF! | M23: =+L23/K23-1 -> #REF!
B24: Urea | C24: =+'MAIZ 1º'!C37 -> 0 | D24: kg./ha. | E24: =+Valores!#REF! -> #REF! | F24: =+Valores!F11 -> 970 | G24: u$s | H24: =+E24*C24*$J$7/1000 -> #REF! | I24: =+F24*C24*$J$5/1000 -> 0 | J24: =+I24/H24-1 -> #REF! | K24: =H24/$C$10 -> #REF! | L24: =I24/$D$10 -> #REF! | M24: =+L24/K24-1 -> #REF!
B25: Sub-Total FERTILIZANTES | E25: =+H25/$J$7 -> #REF! | F25: =+I25/$J$5 -> 260 | G25: U$S/ha. | H25: =SUM(H23:H24) -> #REF! | I25: =SUM(I23:I24) -> 390000 | J25: $/ha. | K25: =SUM(K23:K24) -> #REF! | L25: =SUM(L23:L24) -> #REF! | M25: =+L25/K25-1 -> #REF!
B27: Semilla (Híbrido Simple) | C27: =+'MAIZ 1º'!C41 -> 1 | D27: bolsa/ha. | E27: =+Valores!#REF! -> #REF! | F27: =+Valores!F89 -> 190 | G27: u$s/ha. | H27: =+E27*C27*$J$7 -> #REF! | I27: =+F27*C27*$J$5 -> 285000 | J27: =+I27/H27-1 -> #REF! | K27: =H27/$C$10 -> #REF! | L27: =I27/$D$10 -> #REF! | M27: =+L27/K27-1 -> #REF!
B29: Siembra c/Fertilización Simple | C29: =+'MAIZ 1º'!C44 -> 1 | D29: siembra | E29: =+Valores!#REF! -> #REF! | F29: =+Valores!F110 -> 55 | G29: $/ha. | H29: =C29*E29 -> #REF! | I29: =C29*F29 -> 55 | J29: =+I29/H29-1 -> #REF! | K29: =H29/$C$10 -> #REF! | L29: =I29/$D$10 -> #REF! | M29: =+L29/K29-1 -> #REF!
B30: Fertilización al Voleo | C30: =+'MAIZ 1º'!C46 -> 3 | D30: Aplicación | E30: =+Valores!#REF! -> #REF! | F30: =+Valores!F99 -> 14 | G30: $/ha. | H30: =C30*E30 -> #REF! | I30: =C30*F30 -> 42 | J30: =+I30/H30-1 -> #REF! | K30: =H30/$C$10 -> #REF! | L30: =I30/$D$10 -> #REF! | M30: =+L30/K30-1 -> #REF!
B31: Pulverización Terrestre | C31: =+'MAIZ 1º'!C47 -> 0 | D31: aplicaciones | E31: =+Valores!#REF! -> #REF! | F31: =+Valores!F101 -> 8 | G31: $/ha. | H31: =C31*E31 -> #REF! | I31: =C31*F31 -> 0 | J31: =+I31/H31-1 -> #REF! | K31: =H31/$C$10 -> #REF! | L31: =I31/$D$10 -> #REF! | M31: =+L31/K31-1 -> #REF!
B32: Sub-Total LABORES | E32: =+H32/$J$7 -> #REF! | F32: =+I32/$J$5 -> 0.064666667 | G32: U$S/ha. | H32: =SUM(H29:H31) -> #REF! | I32: =SUM(I29:I31) -> 97 | J32: $/ha. | K32: =SUM(K29:K31) -> #REF! | L32: =SUM(L29:L31) -> #REF! | M32: =+L32/K32-1 -> #REF!
B34: Seguro Contra Riesgo Climático | C34: =+'MAIZ 1º'!C50 -> 80 | D34: qq./ha | E34: =+Valores!#REF! -> #REF! | F34: =+Valores!#REF! -> #REF! | G34: % | H34: =+E34*C34*C10 -> #REF! | I34: =+F34*C34*D10 -> #REF! | J34: =+I34/H34-1 -> #REF! | K34: =H34/$C$10 -> #REF! | L34: =I34/$D$10 -> #REF! | M34: =+L34/K34-1 -> #REF!
B36: Total G. I. y P. | E36: =+H36/J7 -> #REF! | F36: =+I36/J5 -> #REF! | G36: =+F36/E36-1 -> #REF! | H36: =+H21+H25+H27+H32+H34 -> #REF! | I36: =+I21+I25+I27+I32+I34 -> #REF! | J36: =+I36/H36-1 -> #REF! | K36: =+K21+K25+K27+K32+K34 -> #REF! | L36: =+L21+L25+L27+L32+L34 -> #REF! | M36: =+L36/K36-1 -> #REF!
B39: GASTOS de COSECHA
B40: =+J40*D10*C40/100 -> #REF! | C40: =+'MAIZ 1º'!C56 -> 8 | D40: % | I40: RINDE ESPERADO : | J40: =+'MAIZ 1º'!H56 -> 115
I41: RINDE EQUILIBRIO 07-08 : | J41: 79
B42: GASTOS de ACONDICIONAMIENTO | I42: RINDE EQUILIBRIO 08-09 : | J42: =+'MAIZ 1º'!H57 -> 94.997465
B43: Flete Corto | C43: =+'MAIZ 1º'!C59 -> 500 | D43: $/qq.
B44: Paritaria | C44: =+'MAIZ 1º'!C60 -> 500 | D44: $/qq.
B47: ALQUILER | K47: en qq. Maíz
E48: =+F48 -> 17 | F48: =+'MAIZ 1º'!C64 -> 17 | G48: qq.x/ha. | H48: =+E48*Sj1º!C5 -> #REF! | I48: =+F48*Sj1º!D5 -> 816000 | J48: $ /ha. | K48: =+H48/C10 -> #REF! | L48: =+I48/D10 -> #REF! | M48: =+L48/K48-1 -> #REF!
G49: en dólares : | H49: =+H48/J7 -> #REF! | I49: =+I48/J5 -> 544 | J49: =+I49/H49-1 -> #REF!
K51: en qq. Maíz
B52: GANANCIA ( rentabilidad ) : | F52: =I52/(I48+I36) -> #REF! | H52: =$J$40*C10*(100-$C$40)/100-H36-H48-($C$43+$C$44)*$J$40 -> #REF! | I52: =$J$40*D10*(100-$C$40)/100-I36-I48-($C$43+$C$44)*$J$40 -> #REF! | J52: $ /ha. | K52: =+H52/C10 -> #REF! | L52: =+I52/D10 -> #REF! | M52: =+L52/K52-1 -> #REF!
G53: en dólares : | H53: =+H52/J7 -> #REF! | I53: =+I52/J5 -> #REF! | J53: =+I53/H53-1 -> #REF!

Sheet Sj1º
B1: SOJA 1° - Margen Bruto comparativo | N1: MÁRGENES BRUTOS CON DIFERENTES NIVELES DE RENDIMIENTO
N2: Rendimiento
N4: Precio Bruto
B5: Precio Bruto | C5: =+Valores!#REF! -> #REF! | D5: =+RESUMEN!F4 -> 48000 | E5: $/qq. | F5: =+D5/C5-1 -> #REF! | H5: T.C. actual : | J5: =+RESUMEN!Q15 -> 1500 | K5: $ = 1 U$S | N5: Precio Neto
B7: GASTOS DE COMERCIALIZACIÓN | H7: T.C. año anterior : | J7: =+Valores!#REF! -> #REF! | K7: $ = 1 U$S | N7: Total G. I. y P.
B8: Flete Largo | C8: =+Valores!#REF! -> #REF! | D8: =+Valores!#REF! -> #REF! | E8: $/qq. | F8: =+D8/C8-1 -> #REF!
B9: Comisión | C9: 0.03 | D9: 0.03 | E9: % | N9: Cosecha
B10: Precio Neto | C10: =+C5*(1-C9)-C8 -> #REF! | D10: =+D5*(1-D9)-D8 -> #REF! | E10: $/qq. | F10: =+D10/C10-1 -> #REF! | N10: Flete Corto
N11: Paritaria
B13: GASTOS DE IMPLANTACIÓN Y PROTECCIÓN | E13: Precio | F13: Precio | H13: Gto ($xha) | I13: Gto ($xha) | K13: qq./ha. | L13: qq./ha.
B14: Labor / Insumo | C14: Dosis/Nº | E14: 06-07 | F14: 07-08 | G14: Unidad | H14: 07-08 | I14: 08-09 | J14: % | K14: 07-08 | L14: 08-09 | M14: % | N14: %
B15: Agroq. Adherente x-Trim | C15: =+'SOJA 1º'!C15 -> 1 | D15: lts./ha. | E15: =+Valores!#REF! -> #REF! | F15: =+Valores!F17 -> 45 | G15: U$S/lt. | H15: =C15*E15*$J$7 -> #REF! | I15: =+F15*C15*$J$5 -> 67500 | J15: =+I15/H15-1 -> #REF! | K15: =H15/$C$10 -> #REF! | L15: =I15/$D$10 -> #REF! | M15: =+L15/K15-1 -> #REF!
B16: Agroq. Herbicida Glifosato | C16: =+'SOJA 1º'!C21 -> 0.04 | D16: lts./ha. | E16: =+Valores!#REF! -> #REF! | F16: =+Valores!F65 -> 4.3 | G16: U$S/lt. | H16: =C16*E16*$J$7 -> #REF! | I16: =+F16*C16*$J$5 -> 258 | J16: =+I16/H16-1 -> #REF! | K16: =H16/$C$10 -> #REF! | L16: =I16/$D$10 -> #REF! | M16: =+L16/K16-1 -> #REF!
B17: Agroq. Herbicida Metsulfurón Metil | C17: =+'SOJA 1º'!C29 -> 0 | D17: lts./ha. | E17: =+Valores!#REF! -> #REF! | F17: =+Valores!F56 -> 36.6 | G17: U$S/kg. | H17: =C17*E17*$J$7 -> #REF! | I17: =+F17*C17*$J$5 -> 0 | J17: =+I17/H17-1 -> #REF! | K17: =H17/$C$10 -> #REF! | L17: =I17/$D$10 -> #REF! | M17: =+L17/K17-1 -> #REF!
B18: Agroq. Fungicida Amistar | C18: =+'SOJA 1º'!C40 -> 0 | D18: lts./ha. | E18: =+Valores!#REF! -> #REF! | F18: =+Valores!F68 -> 7.8 | G18: U$S/kg. | H18: =C18*E18*$J$7 -> #REF! | I18: =+F18*C18*$J$5 -> 0 | J18: =+I18/H18-1 -> #REF! | K18: =H18/$C$10 -> #REF! | L18: =I18/$D$10 -> #REF! | M18: =+L18/K18-1 -> #REF!
B19: Agroq. Insecticida Cianex | C19: =+'SOJA 1º'!C35 -> 0 | D19: lts./ha. | E19: =+Valores!#REF! -> #REF! | F19: =+Valores!F29 -> 30.5 | G19: U$S/lt. | H19: =C19*E19*$J$7 -> #REF! | I19: =+F19*C19*$J$5 -> 0 | J19: =+I19/H19-1 -> #REF! | K19: =H19/$C$10 -> #REF! | L19: =I19/$D$10 -> #REF! | M19: =+L19/K19-1 -> #REF!
B20: Agroq. Insecticida Curasemillas + Inoculante | C20: =+'SOJA 1º'!C44 -> 0 | D20: dosis/ha. | E20: =+Valores!#REF! -> #REF! | F20: =+Valores!F28 -> 4.5 | G20: U$S/pack | H20: =C20*E20*$J$7 -> #REF! | I20: =+F20*C20*$J$5 -> 0 | J20: =+I20/H20-1 -> #REF! | K20: =H20/$C$10 -> #REF! | L20: =I20/$D$10 -> #REF! | M20: =+L20/K20-1 -> #REF!
B21: Sub-Total AGROQ. | E21: =+H21/$J$7 -> #REF! | F21: =+I21/$J$5 -> 45.172 | G21: U$S/ha. | H21: =SUM(H15:H20) -> #REF! | I21: =SUM(I15:I20) -> 67758 | J21: $/ha. | K21: =SUM(K15:K20) -> #REF! | L21: =SUM(L15:L20) -> #REF! | M21: qq./ha.
B23: Fertilizante SPS | C23: =+'SOJA 1º'!C47 -> 70 | D23: kg./ha. | E23: =+Valores!#REF! -> #REF! | F23: =+Valores!F6 -> 430 | G23: U$S/ton. | H23: =C23*E23*$J$7/1000 -> #REF! | I23: =+F23*C23*$J$5/1000 -> 45150 | J23: =+I23/H23-1 -> #REF! | K23: =H23/$C$10 -> #REF! | L23: =I23/$D$10 -> #REF! | M23: =+L23/K23-1 -> #REF!
B24: Fertilizante Sulfato de Calcio | C24: =+'SOJA 1º'!C48 -> 0 | D24: kg./ha. | E24: 0 | F24: 0 | G24: U$S/ton. | H24: =C24*E24*$J$7/1000 -> #REF! | I24: =+F24*C24*$J$5/1000 -> 0 | J24: =+I24/H24-1 -> #REF! | K24: =H24/$C$10 -> #REF! | L24: =I24/$D$10 -> #REF! | M24: =+L24/K24-1 -> #REF!
B25: Sub-Total FERTILIZ. | E25: =+H25/$J$7 -> #REF! | F25: =+I25/$J$5 -> 30.1 | G25: U$S/ha. | H25: =SUM(H23:H24) -> #REF! | I25: =SUM(I23:I24) -> 45150 | J25: $/ha. | K25: =SUM(K23:K24) -> #REF! | L25: =SUM(L23:L24) -> #REF! | M25: qq./ha.
B27: Semilla (85 kgs. Ha.) | C27: =+'SOJA 1º'!C53 -> 2 | D27: bls./ha. | E27: =+Valores!#REF! -> #REF! | F27: =+Valores!F88 -> 38 | G27: $/qq. | H27: =+E27*C27*J7 -> #REF! | I27: =+F27*C27*J5 -> 114000 | J27: =+I27/H27-1 -> #REF! | K27: =H27/$C$10 -> #REF! | L27: =I27/$D$10 -> #REF! | M27: =+L27/K27-1 -> #REF!
B29: Siembra c/ fertilización simple | C29: =+'SOJA 1º'!C56 -> 1 | D29: siembra | E29: =+Valores!#REF! -> #REF! | F29: =+Valores!F111 -> 50 | G29: U$S/ha. | H29: =C29*E29*$J$7 -> #REF! | I29: =+F29*C29*$J$5 -> 75000 | J29: =+I29/H29-1 -> #REF! | K29: =H29/$C$10 -> #REF! | L29: =I29/$D$10 -> #REF! | M29: =+L29/K29-1 -> #REF!
B30: Pulverización Terrestre | C30: =+'SOJA 1º'!C57 -> 3 | D30: aplic. | E30: =+Valores!#REF! -> #REF! | F30: =+Valores!F101 -> 8 | G30: $/ha. | H30: =C30*E30 -> #REF! | I30: =+F30*C30 -> 24 | J30: =+I30/H30-1 -> #REF! | K30: =H30/$C$10 -> #REF! | L30: =I30/$D$10 -> #REF! | M30: =+L30/K30-1 -> #REF!
B31: Fertilización al Voleo | C31: =+'SOJA 1º'!C58 -> 1 | D31: Aplicación | E31: =+Valores!#REF! -> #REF! | F31: =+Valores!F99 -> 14 | G31: $/ha. | H31: =C31*E31 -> #REF! | I31: =+F31*C31 -> 14 | J31: =+I31/H31-1 -> #REF! | K31: =H31/$C$10 -> #REF! | L31: =I31/$D$10 -> #REF! | M31: =+L31/K31-1 -> #REF!
B32: Aplicación Aérea | C32: =+'SOJA 1º'!C59 -> 0 | D32: Aplicación | E32: =+Valores!#REF! -> #REF! | F32: =+Valores!F100 -> 14 | G32: U$S/ha. | H32: =C32*E32*$J$7 -> #REF! | I32: =+F32*C32*$J$5 -> 0 | J32: =+I32/H32-1 -> #REF! | K32: =H32/$C$10 -> #REF! | L32: =I32/$D$10 -> #REF! | M32: =+L32/K32-1 -> #REF! | N32: G. C. y D.
B33: Sub-Total LABORES | E33: =+H33/$J$7 -> #REF! | F33: =+I33/$J$5 -> 50.025333 | G33: U$S/ha. | H33: =SUM(H29:H32) -> #REF! | I33: =SUM(I29:I32) -> 75038 | J33: $/ha. | K33: =SUM(K29:K32) -> #REF! | L33: =SUM(L29:L32) -> #REF! | M33: =+L33/K33-1 -> #REF!
B35: Seguro Contra Riesgo Climático | C35: =+'SOJA 1º'!C62 -> 35 | D35: qq./ha | E35: =+Valores!#REF! -> #REF! | F35: =+Valores!#REF! -> #REF! | G35: % | H35: =C35*(E35)*C10 -> #REF! | I35: =C35*(F35)*D10 -> #REF! | J35: =+I35/H35-1 -> #REF! | K35: =H35/$C$10 -> #REF! | L35: =I35/$D$10 -> #REF! | M35: =+L35/K35-1 -> #REF!
B37: Total G. I. y P. | E37: =+H37/J7 -> #REF! | F37: =+I37/J5 -> #REF! | G37: =+F37/E37-1 -> #REF! | H37: =+H21+H25+H33+H27+H35 -> #REF! | I37: =+I21+I25+I33+I27+I35 -> #REF! | J37: =+I37/H37-1 -> #REF! | K37: =+K21+K25+K33+K27+K35 -> #REF! | L37: =+L21+L25+L33+L27+L35 -> #REF! | M37: =+L37/K37-1 -> #REF!
N38: MÁRGENES BRUTOS CON DIFERENTES NIVELES DE PRECIO
B40: COSECHA | N40: Rendimiento
B41: =+J41*D10*C41/100 -> #REF! | C41: =+'SOJA 1º'!C71 -> 7 | D41: % | I41: RINDE ESPERADO : | J41: =+'SOJA 1º'!H71 -> 45 | N41: Precio Bruto
I42: RINDE EQUILIBRIO 07-08 : | J42: 33 | N42: Precio Neto
B43: GASTOS DE ACONDICIONAMIENTO | I43: RINDE EQUILIBRIO 08-09 : | J43: =+'SOJA 1º'!H72 -> 36.765246
B44: Flete Corto | C44: =+'SOJA 1º'!C74 -> 700 | D44: $/qq. | N44: Total G. I. y P.
B45: Paritaria | C45: =+'SOJA 1º'!C75 -> 500 | D45: $/qq.
B48: ALQUILER | K48: en qq. Soja | N48: Flete Corto
E49: =+F49 -> 17 | F49: =+'SOJA 1º'!C79 -> 17 | G49: qq.x/ha. | H49: =+E49*Sj1º!C5 -> #REF! | I49: =+F49*Sj1º!D5 -> 816000 | J49: $ /ha. | K49: =+I49/D10 -> #REF! | L49: =+H49/C10 -> #REF! | M49: =+L49/K49-1 -> #REF! | N49: Paritaria
G50: en dólares : | H50: =+H49/J7 -> #REF! | I50: =+I49/J5 -> 544 | J50: =+I50/H50-1 -> #REF! | N50: Secada
K52: en qq. Soja
B53: GANANCIA ( rentabilidad ) : | F53: =I53/(I50+I38) -> #REF! | H53: =+J41*C10*(100-C41)/100-H37-H49-(C44+C45)*J41 -> #REF! | I53: =+J41*D10*(100-C41)/100-I37-I49-(C44+C45)*J41 -> #REF! | J53: $ /ha. | K53: =+H53/C10 -> #REF! | L53: =+I53/D10 -> #REF! | M53: =+L53/K53-1 -> #REF!
G54: en dólares : | H54: =+H53/J7 -> #REF! | I54: =+I53/J5 -> #REF! | J54: =+I54/H54-1 -> #REF!

Sheet RESUMEN
A1: =IF(B1=0,"bien","MAL") -> bien | B1: =ROUND(C1,0) -> 0 | C1: =SUM('Compra Productor'!D26:J26) -> 0 | T1: Descuento s/precio (flet-comis) | V1: 0.105 | W1: Ventas
B2: Margen Bruto 26-27 | F2: Soja 1º | G2: Trigo-Soja 2da | H2: Trigo-Maíz 2da | I2: Maíz | J2: Sorgo | K2: SOJAsobreCS | L2: MAIZsobreCS | M2: Girasol | N2: Mani | O2: Camelina-Soja 2da | R2: Soja | S2: Trigo | T2: Maíz | V2: 0.105 | W2: Fertilizantes | Y2: Tipo Cambio Insumos Promedio
R3: =-(F5/F4-1) -> 0.091833333 | S3: =-(G5/G4-1) -> 0.12893651 | T3: =-(I5/I4-1) -> 0.14029825 | V3: 0.21 | W3: Agroquímicos | Y3: T.C. | Z3: u$s | AA3: Porc.
B4: Precios Pizarra | F4: =Q5*Q13 -> 48000 | G4: =Q7*Q13 -> 31500 | H4: =+G4 -> 31500 | I4: =Q6*Q13 -> 28500 | J4: =Q8*Q13 -> 28500 | K4: =Q5*Q13 -> 48000 | L4: =Q6*Q13 -> 28500 | M4: =Q9*Q13 -> 60000 | N4: =Q11*Q13 -> 90300 | O4: =Q10*Q13 -> 76500 | Q4: u$s | Y4: 28.5 | Z4: =(380000/1.18)/Y4 -> 11299.435 | AA4: =+Z4/Z8 -> 0.56497175
D5: (precio con descuentos) | F5: =+'SOJA 1º'!D10 -> 43592 | G5: =+TRIGO!D10 -> 27438.5 | H5: =+G5 -> 27438.5 | I5: =+'MAIZ 1º'!D10 -> 24501.5 | J5: =SORGO!D10 -> 24501.5 | K5: =+SOJAsobreCS!$D$10 -> 43592 | L5: =+MAIZsobreCS!$D$10 -> 24501.5 | M5: =+GIRASOL!$D$10 -> 55340 | N5: =+MANI!D10 -> 85003.7 | O5: =+Camelina!$D$10 -> 71493.5 | Q5: 32 | R5: soja forward | W5: 46 | Y5: =+Q13 -> 1500 | Z5: =20000-Z4 -> 8700.565 | AA5: =+Z5/Z$8 -> 0.43502825
B6: Rinde de Indiferencia (equilibrio) | F6: =+'SOJA 1º'!H72 -> 36.765246 | G6: =+TRIGO!H53 -> 33.094445 | H6: =+TRIGO!H53 -> 33.094445 | I6: =+'MAIZ 1º'!H57 -> 94.997465 | J6: =SORGO!H57 -> 68.744655 | K6: =+SOJAsobreCS!H71 -> 39.662374 | L6: =+MAIZsobreCS!H60 -> 58.204658 | M6: =+GIRASOL!H62 -> 30.638232 | N6: =+MANI!H70 -> 22.624069 | O6: =+Camelina!$H$54 -> 7.444844 | Q6: 19 | R6: maíz forward | Y6: 0 | Z6: 0 | AA6: =+Z6/Z$8 -> 0
G7: =+Soja2º!H60 -> 12.766252 | H7: =+'Maíz 2º'!H49 -> 47.221315 | O7: =+Soja2º!H60 -> 12.766252 | Q7: 21 | R7: trigo forward | Y7: 0 | Z7: 0 | AA7: =+Z7/Z$8 -> 0
B8: Rinde esperado (qq. x ha.) | F8: 45 | G8: 45 | H8: =+G8 -> 45 | I8: 115 | J8: 70 | K8: 45 | L8: 90 | M8: 32 | N8: 35 | O8: 11 | Q8: 19 | R8: Sorgo forwad | Y8: =+Y5*AA5+Y4*AA4+Y6*AA6+Y7*AA7 -> 668.64407 | Z8: =SUM(Z4:Z5) -> 20000
G9: 35 | H9: 75 | O9: 40 | Q9: 40 | R9: girasol forward | T9: =+I4/F4 -> 0.59375 | U9: Relación Maíz/Soja
B10: Alquiler | D10: 17 | E10: qq. llenos | F10: =+$D$10*$F$4/F5 -> 18.719031 | G10: =+$D$10*$F$4/G5 -> 29.739235 | H10: =+$D$10*$F$4/H5 -> 29.739235 | I10: =+$D$10*$F$4/I5 -> 33.304083 | J10: =+$D$10*$F$4/J5 -> 33.304083 | K10: =+$D$10*$F$4/K5 -> 18.719031 | L10: =+$D$10*$F$4/L5 -> 33.304083 | M10: =+$D$10*$F$4/M5 -> 14.745211 | ... O10: =+$D$10*$F$4/O5 -> 11.413625 | Q10: =(430+80)/10 -> 51 | R10: Camelina forwad | T10: =+I5/F5 -> 0.56206414 | U10: Relación Maíz/Soja | Y10: Precio Venta Promedio
D11: ( alquiler en dólares ) | F11: =+D10*F4/Q15 -> 544 | G11: =+F11 -> 544 | H11: =+G11 -> 544 | I11: =+G11 -> 544 | J11: =+H11 -> 544 | K11: =+$G$11 -> 544 | L11: =+$G$11 -> 544 | M11: =+$G$11 -> 544 | N11: =+G11 -> 544 | O11: =+N11 -> 544 | Q11: 60.2 | R11: mani forward | T11: =+G4/F4 -> 0.65625 | U11: Relación Trigo/Soja | Y11: Pcio. | Z11: QQ. | AA11: Porc.
D12: interés financiación (qq.): | E12: 0 | F12: =+F10*$E$12 -> 0 | G12: =+F12 -> 0 | I12: =+E12*I10 -> 0 | J12: =+F12*J10 -> 0 | K12: =+K10*$E$12 -> 0 | L12: =+L10*$E$12 -> 0 | M12: =+M10*$E$12 -> 0 | N12: =+N10*$E$12 -> 0 | O12: =+N12 -> 0 | T12: =+G5/F5 -> 0.62943889 | U12: Relación Trigo/Soja | X12: Venta Productor | Y12: 1007 | Z12: 1500 | AA12: =+Z12/Z$18 -> 0.66666667 | AB12: =+Y12*Z12 -> 1510500
B13: Costos Implantación (u$s) * | F13: =SUMIF('SOJA 1º'!$B:$B,"Total G. I. y P.",'SOJA 1º'!$E:$E) -> 422.30242 | G13: =+TRIGO!E47+Soja2º!E55 -> 863.9062 | H13: =+TRIGO!E47+'Maíz 2º'!E44 -> 1206.8457 | I13: =SUMIF('MAIZ 1º'!$B:$B,"Total G. I. y P.",'MAIZ 1º'!$E:$E) -> 825.31752 | J13: =SUMIF(SORGO!$B:$B,"Total G. I. y P.",SORGO!$E:$E) -> 489.06626 | K13: =SUMIF(SOJAsobreCS!$B:$B,"Total G. I. y P.",SOJAsobreCS!$E:$E) -> 514.36242 | L13: =+MAIZsobreCS!E55 -> 789.57486 | M13: =SUMIF(GIRASOL!$B:$B,"Total G. I. y P.",GIRASOL!$E:$E) -> 495.9188 | N13: =SUMIF(MANI!$B:$B,"Total G. I. y P.",MANI!$E:$E) -> 634.34 | O13: =Camelina!$E$49+Soja2º!E55 -> 644.186 | Q13: 1500 | R13: Dólar Forward | X13: Venta Productor | Y13: 0 | Z13: 0 | AA13: =+Z13/Z$18 -> 0 | AD13: Brecha Cambiaria
D14: en quintales | F14: =+F13/F5*Q15 -> 14.531419 | G14: =+G13/F5*Q15 -> 29.726998 | H14: =+H13/H5*Q15 -> 65.975494 | I14: =+I13/I5*Q15 -> 50.526551 | J14: =+J13/J5*Q15 -> 29.940999 | K14: =+K13/K5*$Q$15 -> 17.699203 | L14: =+L13/L5*$Q$15 -> 48.338359 | M14: =+M13/M5*$Q$15 -> 13.441962 | N14: =+N13/N5*$Q$15 -> 11.193748 | O14: =+O13/F5*Q15 -> 22.16643 | Q14: 3400 | R14: Flete 26-27 (por qq.) | X14: Venta Productor | Y14: 0 | Z14: 0 | AA14: =+Z14/Z$18 -> 0
D15: interés financiación (u$s): | E15: 0 | F15: =+F13*E15 -> 0 | G15: =+E15*G13 -> 0 | H15: =+E15*H13 -> 0 | I15: =+$E$15*I13 -> 0 | J15: =+$E$15*J13 -> 0 | K15: =+$E$15*K13 -> 0 | L15: =+$E$15*L13 -> 0 | M15: =+$E$15*M13 -> 0 | N15: =+$E$15*N13 -> 0 | O15: =+E15*O13 -> 0 | Q15: 1500 | R15: Dólar insumos | X15: Venta Productor | Y15: 0 | Z15: 0 | AA15: =+Z15/Z$18 -> 0
E16: Ganancia Bruta en u$s : | F16: =+'Compra Productor'!D25 -> 213.91438 | G16: =+'Compra Productor'!F25 -> 220.27133 | H16: =+'Compra Productor'!H25 -> 36.62588 | I16: =+'Compra Productor'!J25 -> 282.18828 | J16: ='Compra Productor'!L25 -> 18.864807 | K16: =+'Compra Productor'!N25 -> 142.22678 | L16: =+'Compra Productor'!P25 -> 19.358387 | M16: =+'Compra Productor'!R25 -> 46.220933 | N16: =+'Compra Productor'!T25 -> 644.42276 | O16: =+'Compra Productor'!V25 -> 310.64245 | Q16: 18000 | R16: Pcio. Ha. (en u$S) | X16: Alquileres | Y16: =+Q5*Q13 -> 48000 | Z16: 1842 | AA16: =+Z16/Z$18 -> 0.81866667 | AB16: =+Y16*Z16 -> 88416000
E17: Gcia. en QQ. Soja (por cultivo) : | F17: =+F16*$Q$15/$F$5 -> 7.3607901 | G17: =+G16*$Q$15/$F$5 -> 7.5795329 | H17: =+H16*$Q$15/$F$5 -> 1.2602959 | I17: =+I16*$Q$15/$F$5 -> 9.7100941 | J17: =+J16*$Q$15/$F$5 -> 0.64913769 | K17: =+K16*$Q$15/$F$5 -> 4.894021 | L17: =+L16*$Q$15/$F$5 -> 0.66612179 | M17: =+M16*$Q$15/$F$5 -> 1.5904616 | ... O17: =+O16*$Q$15/$F$5 -> 10.689202 | Q17: =(AVERAGE(F16:I16)+AVERAGE(F11:I11))/(Q16*(1+AC13)) -> 0.040680554 | R17: rentabilidad campo propio | X17: Trilla | Y17: =+Y16 -> 48000 | Z17: =+Z18*0.09 -> 202.5 | AB17: =+Y17*Z17 -> 9720000
E18: rentabilidad : | F18: =IF($D10=0,(F16/($Q$16*(1+$AC$13))),(F16/(F11+F13))) -> 0.22137415 | G18: =IF($D10=0,(G16/($Q$16*(1+$AC$13))),(G16/(G11+G13))) -> 0.15645313 | H18: =IF($D10=0,(H16/($Q$16*(1+$AC$13))),(H16/(H11+H13))) -> 0.020918965 | I18: =IF($D10=0,(I16/($Q$16*(1+$AC$13))),(I16/(I11+I13))) -> 0.20607951 | J18: =IF($D10=0,(J16/($Q$16*(1+$AC$13))),(J16/(J11+J13))) -> 0.018260984 | K18: =IF($D10=0,(K16/($Q$16*(1+$AC$13))),(K16/(K11+K13))) -> 0.13438381 | L18: =IF($D10=0,(L16/($Q$16*(1+$AC$13))),(L16/(L11+L13))) -> 0.014516161 | M18: =IF($D10=0,(M16/($Q$16*(1+$AC$13))),(M16/(M11+M13))) -> 0.044446675 | ... O18: =IF($D10=0,(O16/($Q$16*(1+$AC$13))),(O16/(O11+O13))) -> 0.26144261 | Q18: =+F11/Q16 -> 0.030222222 | R18: rentabilidad campo alquilado | X18: Producción Total | Z18: =+F8*F78 -> 2250
F19: =+F18/10*12 -> 0.26564898 | G19: =+G18/10*12 -> 0.18774376 | H19: =+H18/10*12 -> 0.025102758 | I19: =+I18/10*12 -> 0.24729541 | J19: =+J18/10*12 -> 0.021913181 | K19: =+K18/10*12 -> 0.16126057 | L19: =+L18/10*12 -> 0.017419393 | M19: =+M18/10*12 -> 0.05333601 | ... O19: =+O18/10*12 -> 0.31373114 | X19: Remanente de Vender | Y19: =+Y17 -> 48000 | Z19: =Z18-SUM(Z12:Z17) -> -1294.5 | AB19: =+Y19*Z19 -> -62136000
E20: Gcia. Bta. c/ Rotación en u$s : | F20: =SUM(F16:I16)/3 -> 250.99996 | G20: U$S año(promedio 3 años) | O20: U$S año(promedio 3 años) | Q20: =+I16/F16-1 -> 0.31916464 | R20: =IF(Q20>0,"a favor Maíz","en contra Maíz") -> a favor Maíz | Y20: =+AB20/Z20 -> 16671.333 | Z20: =+Z18 -> 2250 | AB20: =SUM(AB12:AB19) -> 37510500
D21: renta (prom.) en QQ: | E21: =+F20/F5*'SOJA 1º'!G6 -> 8.6369044 | F21: =F20/(SUM(F11:I13)/3) -> 0.13704931 | G21: rentabilidad promedio | O21: rentabilidad promedio | Q21: =+G16/F16-1 -> 0.029717298 | R21: =IF(Q21>0,"a favor Trigo","en contra Trigo") -> a favor Trigo
E23: para lograr una rentabilidad de : | F23: 0.3 | G23: =+F23 -> 0.3 | H23: =+F23 -> 0.3 | I23: =+F23 -> 0.3 | J23: =+F23 -> 0.3 | K23: =+F23 -> 0.3 | L23: =+F23 -> 0.3 | M23: =+F23 -> 0.3 | N23: =+F23 -> 0.3 | O23: =+F23 -> 0.3
E24: ALQUILER en qq. de Soja : | F24: =D10-((F23-F18)*(F11+F13)/(1+F23)*Q15/F4) -> 15.173645 | G24: =D10-((G23-G18)*(G11+G13)/(1+G23)*Q15/F4) -> 12.141814 | H24: =D10-((H23-H18)*(H11+H13)/(1+H23)*Q15/F4) -> 5.2541386 | I24: =$D$10-((I23-I18)*(I11+I13)/(1+I23)*$Q$15/$F$4) -> 13.908486 | J24: =$D$10-((J23-J18)*(J11+J13)/(1+J23)*$Q$15/$F$4) -> 10.003484 | K24: =$D$10-((K23-K18)*(K11+K13)/(1+K23)*$Q$15/$F$4) -> 12.786492 | L24: =$D$10-((L23-L18)*(L11+L13)/(1+L23)*$Q$15/$F$4) -> 7.8482194 | M24: =$D$10-((M23-M18)*(M11+M13)/(1+M23)*$Q$15/$F$4) -> 10.611666 | N24: =$D$10-((N23-N18)*(N11+N13)/(1+N23)*$Q$15/$F$4) -> 23.993288 | O24: =D10-((O23-O18)*(O11+O13)/(1+O23)*Q15/F4) -> 15.898718
F25: alquiler p/ rentab. Indicada c/ rotación (33%) : | G25: =SUM(F24:I24)/3 -> 15.492695
E26: ALQUILER en qq. de cada cereal : | F26: =+F24 -> 15.173645 | G26: =+G24*F4/G4 -> 18.501812 | H26: =+H24*F4/H4 -> 8.0063064 | I26: =+I24*$F$4/$I$4 -> 23.424819 | J26: =+J24*$F$4/$J$4 -> 16.847973 | K26: =+K24*$F$4/$K$4 -> 12.786492 | L26: =+L24*$F$4/$L$4 -> 13.218054 | M26: =+M24*$F$4/$M$4 -> 8.4893326 | N26: =+N24*$F$4/$N$4 -> 12.753907 | O26: =+O24*F4/O4 -> 9.975666
F27: Soja | G27: Trigo | H27: Trigo | I27: Maíz | J27: Sorgo | K27: =+K2 -> SOJAsobreCS | L27: =+L2 -> MAIZsobreCS | M27: Girasol | N27: Mani | O27: Camelina
E28: diferencia Rotac. vs. Soja 1º : | F28: =+F16-F20 -> -37.08558 | G28: dólares por ha. | O28: dólares por ha.
F29: =+F28*Q15/F5 -> -1.2761142 | G29: quintales año menos | O29: quintales año menos
Q30: 24500
C31: RENTABILIDAD PRODUCTOR (x Ha.)
E32: en u$s | F32: =+F17 -> 7.3607901 | G32: =+G17 -> 7.5795329 | H32: =+H17 -> 1.2602959 | I32: =+I17 -> 9.7100941 | J32: =+J17 -> 0.64913769 | K32: =+K17 -> 4.894021 | L32: =+L17 -> 0.66612179 | M32: =+M17 -> 1.5904616 | ... O32: =+O17 -> 10.689202
C34: RENTABILIDAD ARRENDADOR (x Ha.)
E35: en u$s | F35: =+F11 -> 544 | G35: =+F35 -> 544 | H35: =+G35 -> 544 | I35: =+G35 -> 544 | J35: =+H35 -> 544 | K35: =+H35 -> 544 | L35: =+I35 -> 544 | M35: =+K35 -> 544 | N35: =+L35 -> 544 | O35: =+N35 -> 544
C37: RENTABILIDAD GOBIERNO (x Ha.)
E38: Retenciones Exportaciones : | F38: =+'Compra Productor'!E17/(1-F40)*F40 -> 1041539.1 | G38: =+'Compra Productor'!G17/(1-G40)*G40+'Compra Productor'!G18/(1-F40)*F40 -> 999322.22 | H38: =+'Compra Productor'!I17/(1-H40)*H40+'Compra Productor'!I18/(1-G40)*G40 -> 474592.5 | I38: =+'Compra Productor'!K17/(1-I40)*I40 -> 437546.25 | J38: =+'Compra Productor'!N17/(1-J40)*J40 -> 192.24 | K38: =+'Compra Productor'!O17/(1-K40)*K40 -> 1041539.1 | L38: =+'Compra Productor'!Q17/(1-L40)*L40 -> 342427.5 | M38: =+'Compra Productor'!S17/(1-M40)*M40 -> 141481.29 | N38: =+'Compra Productor'!U17/(1-N40)*N40 -> 120550.5 | O38: =+'Compra Productor'!P17/(1-O40)*O40+'Compra Productor'!P18/(1-N40)*N40 -> 228.285
E39: en dólares | F39: =+F38/$Q$15 -> 694.3594 | G39: =+G38/$Q$15 -> 666.21481 | H39: =+H38/$Q$15 -> 316.395 | I39: =+I38/$Q$15 -> 291.6975 | J39: =+J38/$Q$15 -> 0.12816 | K39: =+K38/$Q$15 -> 694.3594 | L39: =+L38/$Q$15 -> 228.285 | M39: =+M38/$Q$15 -> 94.32086 | ... O39: =+O38/$Q$15 -> 0.15219
F40: 0.33 | G40: 0.12 | H40: 0.12 | I40: 0.12 | J40: 0.12 | K40: 0.33 | L40: 0.12 | M40: 0.07 | N40: 0.0375 | O40: 0.12
N41: =10*26000 -> 260000 | O41: =4*60000 -> 240000
B42: APROVECHAMIENTO del RECURSO CAMPO (con la debida rotación)
C43: u$s | D43: . | E43: . | G43: Imp. Gcia. | I43: Neto | J43: Neto | M43: Neto | N43: Neto | O43: Imp. Gcia.
B44: =+C44/SUM(C44:C46) -> 0.45218592 | C44: =SUM(F39:I39)/3 -> 656.22224 | D44: Ingreso Gobierno | G44: 0 | I44: =+C44+G45+G46 -> 854.97223 | J44: =+C44+G45+G46 -> 854.97223 | M44: =+C44+G45+G46 -> 854.97223 | N44: =+C44+G45+G46 -> 854.97223 | O44: 0 | P44: =+I44/SUM(I44:I46) -> 0.58913944
B45: =+C45/SUM(C44:C46) -> 0.37485645 | C45: =+F11 -> 544 | D45: Ingreso Arrendador | G45: =+C45*R45 -> 136 | I45: =+C45-G45 -> 408 | J45: =+C45-G45 -> 408 | M45: =+C45-G45 -> 408 | N45: =+C45-G45 -> 408 | O45: =+K45*Y45 -> 0 | P45: =+I45/SUM(I44:I46) -> 0.28114234 | Q45: Imp. Gcia. | R45: 0.25 | S45: de lo real
B46: =+C46/SUM(C44:C46) -> 0.17295763 | C46: =+F20 -> 250.99996 | D46: Ingreso PRODUCTOR | G46: =+C46*R46 -> 62.749989 | I46: =+C46-G46 -> 188.24997 | J46: =+C46-G46 -> 188.24997 | M46: =+C46-G46 -> 188.24997 | N46: =+C46-G46 -> 188.24997 | O46: =+K46*Y46 -> 0 | P46: =+I46/SUM(I44:I46) -> 0.12971823 | Q46: Imp. Gcia. | R46: 0.25 | S46: de lo real
C47: =SUM(C44:C46) -> 1451.2222 | I47: =SUM(I44:I46) -> 1451.2222 | J47: =SUM(J44:J46) -> 1451.2222 | M47: =SUM(M44:M46) -> 1451.2222 | N47: =SUM(N44:N46) -> 1451.2222
B50: APROVECHAMIENTO del RECURSO CAMPO (sin rotación)
C51: u$s | D51: . | E51: . | G51: Imp. Gcia. | I51: Neto | J51: Neto | M51: Neto | N51: Neto | O51: Imp. Gcia.
B52: =+C52/SUM(C52:C54) -> 0.4781188 | C52: =+F39 -> 694.3594 | D52: Ingreso Gobierno | G52: 0 | I52: =+C52+G53+G54 -> 883.838 | J52: =+C52+G53+G54 -> 883.838 | M52: =+C52+G53+G54 -> 883.838 | N52: =+C52+G53+G54 -> 883.838 | O52: 0 | P52: =+I52/SUM(I52:I54) -> 0.6085891
B53: =+C53/SUM(C52:C54) -> 0.37458502 | C53: =+F35 -> 544 | D53: Ingreso Arrendador | G53: =+C53*R53 -> 136 | I53: =+C53-G53 -> 408 | J53: =+C53-G53 -> 408 | M53: =+C53-G53 -> 408 | N53: =+C53-G53 -> 408 | O53: =+K53*Y53 -> 0 | P53: =+I53/SUM(I52:I54) -> 0.28093876 | Q53: Imp. Gcia. | R53: 0.25 | S53: de lo real
B54: =+C54/SUM(C52:C54) -> 0.14729618 | C54: =+F16 -> 213.91438 | D54: Ingreso PRODUCTOR | G54: =+C54*R54 -> 53.478594 | I54: =+C54-G54 -> 160.43578 | J54: =+C54-G54 -> 160.43578 | M54: =+C54-G54 -> 160.43578 | N54: =+C54-G54 -> 160.43578 | O54: =+K54*Y54 -> 0 | P54: =+I54/SUM(I52:I54) -> 0.11047213 | Q54: Imp. Gcia. | R54: 0.25 | S54: de lo real
C55: =SUM(C52:C54) -> 1452.2738 | I55: =SUM(I52:I54) -> 1452.2738 | J55: =SUM(J52:J54) -> 1452.2738 | M55: =SUM(M52:M54) -> 1452.2738 | N55: =SUM(N52:N54) -> 1452.2738
B58: CONSECUENCIAS EN LOS INGRESOS DE LA NO ROTACION
C59: =+C52/C44-1 -> 0.058116232 | D59: mejor ingreso para Gobierno
C60: 0 | D60: igual ingreso para Arrendador
C61: =+C54/C46-1 -> -0.14775134 | D61: mejor ingreso para Productor
C62: =+'RENTAB=ROTAC'!K17 -> -0.54184374 | D62: peor ingreso para Cooperativa
C63: =+'RENTAB=ROTAC'!K11 -> -0.54091392 | D63: peor ingreso para Cereales
C64: =+'RENTAB=ROTAC'!K13 -> -0.54325479 | D64: peor ingreso para Insumos
D69: Determinación RESULTADO Bruto PROYECTADO
F71: =+F2 -> Soja 1º | G71: =+G2 -> Trigo-Soja 2da | H71: =+H2 -> Trigo-Maíz 2da | I71: =+I2 -> Maíz | J71: =+J2 -> Sorgo | K71: =+K2 -> SOJAsobreCS | L71: =+L2 -> MAIZsobreCS | M71: =+M2 -> Girasol | ... O71: =+O2 -> Camelina-Soja 2da
E72: Precio Granos : | F72: =+F4 -> 48000 | G72: =+G4 -> 31500 | H72: =+H4 -> 31500 | I72: =+I4 -> 28500 | J72: =+J4 -> 28500 | K72: =+K4 -> 48000 | L72: =+L4 -> 28500 | M72: =+M4 -> 60000 | ... O72: =+O4 -> 76500
E73: Rinde Obtenido : | F73: =+F8 -> 45 | G73: =+G8 -> 45 | H73: =+H8 -> 45 | I73: =+I8 -> 115 | J73: =+J8 -> 70 | K73: =+K8 -> 45 | L73: =+L8 -> 90 | M73: =+M8 -> 32 | ... O73: =+O8 -> 11
G74: =+G9 -> 35 | H74: =+H9 -> 75 | O74: =+O9 -> 40
E75: Alquiler en Soja : | F75: =+D10 -> 17 | G75: =+F75 -> 17 | H75: =+G75 -> 17 | I75: =+G75 -> 17 | J75: =+H75 -> 17 | K75: =+H75 -> 17 | L75: =+I75 -> 17 | M75: =+K75 -> 17 | N75: =+L75 -> 17 | O75: =+N75 -> 17
E76: Utilidad x ha. (en u$s) : | F76: =+F16 -> 213.91438 | G76: =+G16 -> 220.27133 | H76: =+H16 -> 36.62588 | I76: =+I16 -> 282.18828 | J76: =+J16 -> 18.864807 | K76: =+K16 -> 142.22678 | L76: =+L16 -> 19.358387 | M76: =+M16 -> 46.220933 | ... O76: =+O16 -> 310.64245
Q77: Totales
E78: Has. Explotadas x Cultivo : | F78: 50 | G78: 0 | H78: 0 | I78: 50 | O78: 0 | Q78: =SUM(F78:N78) -> 100
E79: Resultado (en u$s ) : | F79: =+F78*F76 -> 10695.719 | G79: =+G78*G76 -> 0 | H79: =+H78*H76 -> 0 | I79: =+I78*I76 -> 14109.414 | J79: =+J78*J76 -> 0 | K79: =+K78*K76 -> 0 | L79: =+L78*L76 -> 0 | M79: =+M78*M76 -> 0 | ... O79: =+O78*O76 -> 0 | P79: =SUM(F79:O79) -> 24805.133 | R79: u$s
E80: Resultado (en $ ) : | F80: =+F79*$Q$15 -> 16043578 | G80: =+G79*$Q$15 -> 0 | H80: =+H79*$Q$15 -> 0 | I80: =+I79*$Q$15 -> 21164121 | J80: =+J79*$Q$15 -> 0 | K80: =+K79*$Q$15 -> 0 | L80: =+L79*$Q$15 -> 0 | M80: =+M79*$Q$15 -> 0 | ... O80: =+O79*$Q$15 -> 0 | P80: =+P79*Q15 -> 37207699 | R80: $
E81: Resultado (en qq. ) : | F81: =+F80/$F$5 -> 368.03951 | G81: =+G80/$F$5 -> 0 | H81: =+H80/$F$5 -> 0 | I81: =+I80/$F$5 -> 485.5047 | J81: =+J80/$F$5 -> 0 | K81: =+K80/$F$5 -> 0 | L81: =+L80/$F$5 -> 0 | M81: =+M80/$F$5 -> 0 | ... O81: =+O80/$F$5 -> 0 | P81: =+P80/F5 -> 853.54421 | R81: qq.
D83: Has Alquiladas: | E83: 0 | F83: Has Propias: | G83: 100 | O83: 0 | P83: u$s x ha. | Q83: =+P79/Q78 -> 248.05133
E84: =+IF(F84=0,0,"diferencia Has.!!! :") -> 0 | F84: =-Q78+E83+G83 -> 0 | P84: $ x ha. | Q84: =+P80/Q78 -> 372076.99
E86: Producción | F86: Alquiler Propio | G86: FLUJO NETO | H86: x HECTAREA
E87: =+P79 -> 24805.133 | F87: =+F88/Q13 -> 49404.267 | G87: =+E87+F87 -> 74209.399 | H87: =+G87/Q78 -> 742.09399
E88: =+P80 -> 37207699 | F88: =+G83*D10*F5 -> 74106400 | G88: =+E88+F88 -> 1.113141e+08 | H88: =+G88/Q78 -> 1113141
E89: =+P81 -> 853.54421 | F89: =+F88/F5 -> 1700 | G89: =+E89+F89 -> 2553.5442 | H89: =+G89/Q78 -> 25.535442
C93: GASTOS EXPLOTACION | F93: en Pesos | G93: en Quintales | H93: en u$s | I93: en QQ. X Ha. | J93: en U$D. X Ha.
E94: Gasto Anual Particular : | F94: 20000000 | G94: =+F94/$F$5 -> 458.79978 | H94: =+F94/$Q$13 -> 13333.333 | I94: =+G94/$Q$78 -> 4.5879978 | J94: =+H94/$Q$78 -> 133.33333 | P94: =IF(F94>0,"Los gastos DEBEN ir con signo NEGATIVO","bien") -> Los gastos DEBEN ir con signo NEGATIVO
E95: Gasto Anual Empresa Agrop. : | F95: =SUM(F96:F103) -> 555 | G95: =+F95/$F$5 -> 0.012731694 | H95: =SUM(H96:H103) -> 0.37 | I95: =+G95/$Q$78 -> 0.00012731694 | J95: =+H95/$Q$78 -> 0.0037 | P95: =IF(F95>0,"Los gastos DEBEN ir con signo NEGATIVO","bien") -> Los gastos DEBEN ir con signo NEGATIVO
E96: Gastos Bancarios : | F96: 0 | G96: =+F96/$F$5 -> 0 | H96: =+F96/$Q$13 -> 0 | I96: =+G96/$Q$78 -> 0 | J96: =+H96/$Q$78 -> 0 | P96: =IF(F96>0,"Los gastos DEBEN ir con signo NEGATIVO","bien") -> bien
E97: Jubilac., Monotrib., etc.: | F97: 0 | G97: =+F97/$F$5 -> 0 | H97: =+F97/$Q$13 -> 0 | I97: =+G97/$Q$78 -> 0 | J97: =+H97/$Q$78 -> 0 | P97: =IF(F97>0,"Los gastos DEBEN ir con signo NEGATIVO","bien") -> bien
E98: Combustible/Movilidad : | F98: 0 | G98: =+F98/$F$5 -> 0 | H98: =+F98/$Q$13 -> 0 | I98: =+G98/$Q$78 -> 0 | J98: =+H98/$Q$78 -> 0 | P98: =IF(F98>0,"Los gastos DEBEN ir con signo NEGATIVO","bien") -> bien
E99: Sueldos : | F99: 0 | G99: =+F99/$F$5 -> 0 | H99: =+F99/$Q$13 -> 0 | I99: =+G99/$Q$78 -> 0 | J99: =+H99/$Q$78 -> 0 | P99: =IF(F99>0,"Los gastos DEBEN ir con signo NEGATIVO","bien") -> bien
E100: Asesores : | F100: 0 | G100: =+F100/$F$5 -> 0 | H100: =+F100/$Q$13 -> 0 | I100: =+G100/$Q$78 -> 0 | J100: =+H100/$Q$78 -> 0 | P100: =IF(F100>0,"Los gastos DEBEN ir con signo NEGATIVO","bien") -> bien
E101: Monitoreo : | F101: 0 | G101: =+F101/$F$5 -> 0 | H101: =+F101/$Q$13 -> 0 | I101: =+G101/$Q$78 -> 0 | J101: =+H101/$Q$78 -> 0 | P101: =IF(F101>0,"Los gastos DEBEN ir con signo NEGATIVO","bien") -> bien
E102: Intereses : | F102: 555 | G102: =+F102/$F$5 -> 0.012731694 | H102: =+F102/$Q$13 -> 0.37 | I102: =+G102/$Q$78 -> 0.00012731694 | J102: =+H102/$Q$78 -> 0.0037 | P102: =IF(F102>0,"Los gastos DEBEN ir con signo NEGATIVO","bien") -> Los gastos DEBEN ir con signo NEGATIVO
E103: Otros : | F103: 0 | G103: =+F103/$F$5 -> 0 | H103: =+F103/$Q$13 -> 0 | I103: =+G103/$Q$78 -> 0 | J103: =+H103/$Q$78 -> 0 | P103: =IF(F103>0,"Los gastos DEBEN ir con signo NEGATIVO","bien") -> bien
E104: Impuestos : | F104: 0 | G104: =+F104/$F$5 -> 0 | H104: =+F104/$Q$13 -> 0 | I104: =+G104/$Q$78 -> 0 | J104: =+H104/$Q$78 -> 0 | P104: =IF(F104>0,"Los gastos DEBEN ir con signo NEGATIVO","bien") -> bien
E105: Otros : | F105: 0 | G105: =+F105/$F$5 -> 0 | H105: =+F105/$Q$13 -> 0 | I105: =+G105/$Q$78 -> 0 | J105: =+H105/$Q$78 -> 0 | P105: =IF(F105>0,"Los gastos DEBEN ir con signo NEGATIVO","bien") -> bien
F106: =SUM(F94:F105)-F95 -> 20000555 | G106: =SUM(G94:G105)-G95 -> 458.81251 | H106: =SUM(H94:H105)-H95 -> 13333.703 | I106: =SUM(I94:I105)-I95 -> 4.5881251 | J106: =SUM(J94:J105)-J95 -> 133.33703
C108: Otros Ingresos / Egresos :
E109: Alquileres Cobrados : | F109: 0 | G109: =+F109/$F$5 -> 0 | H109: =+F109/$Q$13 -> 0 | I109: =+G109/$Q$78 -> 0 | J109: =+H109/$Q$78 -> 0
E110: Otros Ingresos | F110: 3000000 | G110: =+F110/$F$5 -> 68.819967 | H110: =+F110/$Q$13 -> 2000 | I110: =+G110/$Q$78 -> 0.68819967 | J110: =+H110/$Q$78 -> 20 | Q110: Resultado Final :
F111: 0 | G111: =+F111/$F$5 -> 0 | H111: =+F111/$Q$13 -> 0 | I111: =+G111/$Q$78 -> 0 | J111: =+H111/$Q$78 -> 0 | R111: =+P80+F106+F114 -> 60208254 | S111: $
F112: 0 | G112: =+F112/$F$5 -> 0 | H112: =+F112/$Q$13 -> 0 | I112: =+G112/$Q$78 -> 0 | J112: =+H112/$Q$78 -> 0 | R112: =+P79+H106+H114 -> 40138.836 | S112: u$s
F113: 0 | G113: =+F113/$F$5 -> 0 | H113: =+F113/$Q$13 -> 0 | I113: =+G113/$Q$78 -> 0 | J113: =+H113/$Q$78 -> 0 | R113: =+P81+G106+G114 -> 1381.1767 | S113: qq.
E114: TOTAL : | F114: =SUM(F109:F113) -> 3000000 | G114: =SUM(G109:G113) -> 68.819967 | H114: =SUM(H109:H113) -> 2000 | I114: =SUM(I109:I113) -> 0.68819967 | J114: =SUM(J109:J113) -> 20
F119: Soja 1º | G119: Trigo-Soja | H119: Trigo-Maíz | I119: Maíz | J119: Maíz | K119: =+K2 -> SOJAsobreCS | L119: =+L2 -> MAIZsobreCS | M119: =+M2 -> Girasol | N119: =+N2 -> Mani | O119: =+O2 -> Camelina-Soja 2da
E120: Has. Explotadas x Cultivo : | F120: =+F78 -> 50 | G120: =+G78 -> 0 | H120: =+H78 -> 0 | I120: =+I78 -> 50 | J120: =+J78 -> 0 | K120: =+K78 -> 0 | L120: =+L78 -> 0 | M120: =+M78 -> 0 | ... O120: =+O78 -> 0
E121: Consumo mm. agua en suelo : | F121: =500+161 -> 661 | G121: =380+437+161 -> 978 | H121: =380+567+161 -> 1108 | I121: =700+161 -> 861 | J121: =700+161 -> 861
E122: Promedio consumo : | F122: =(F120*F121+G120*G121+H120*H121+I120*I121+K120*K121+L120*L121+M120*M121+N120*N121)/SUM(F120:N120) -> 761
...

Sheet Compra Productor
A1: Cálculo Inversión en Insumos y labores para producir
J2: =TODAY() -> 46134 | L2: =TODAY() -> 46134 | T2: =TODAY() -> 46134
C4: INVERSION x HA. | D4: Soja 1º | F4: Trigo-Soja | H4: Trigo-Maíz | J4: Maíz | L4: Sorgo | N4: SOJAsobreCS | P4: MAIZsobreCS | R4: Girasol | T4: Mani | V4: Camelina-Soja
D5: dólares | E5: pesos | F5: dólares | G5: pesos | H5: dólares | I5: pesos | J5: dólares | K5: pesos | L5: dólares | M5: pesos | N5: dólares | O5: pesos | P5: dólares | Q5: pesos | R5: dólares | S5: pesos | T5: dólares | U5: pesos | V5: dólares | W5: pesos
C6: Total x Ha.: | D6: =+RESUMEN!F13 -> 422.30242 | E6: =SUM(E7:E11) -> 633453.64 | F6: =+RESUMEN!G13 -> 863.9062 | G6: =SUM(G7:G11) -> 1295859.3 | H6: =+RESUMEN!H13 -> 1206.8457 | I6: =SUM(I7:I11) -> 1810268.6 | J6: =+RESUMEN!I13 -> 825.31752 | K6: =SUM(K7:K11) -> 1237976.3 | L6: =RESUMEN!J13 -> 489.06626 | M6: =SUM(M7:M11) -> 733599.39 | N6: =+RESUMEN!K13 -> 514.36242 | O6: =SUM(O7:O11) -> 771543.64 | P6: =+RESUMEN!L13 -> 789.57486 | Q6: =SUM(Q7:Q11) -> 1184362.3 | R6: =+RESUMEN!M13 -> 495.9188 | S6: =SUM(S7:S11) -> 743878.2 | T6: =+RESUMEN!N13 -> 634.34 | U6: =SUM(U7:U11) -> 951510 | V6: =+RESUMEN!O13 -> 644.186 | W6: =SUM(W7:W11) -> 966279
B7: Sub-Total AGROQ. | C7: Agroquímicos | D7: =+'SOJA 1º'!E45 -> 191.28 | E7: =+'SOJA 1º'!G45 -> 286920 | F7: =+TRIGO!E28+Soja2º!E37 -> 156.0152 | G7: =+TRIGO!G28+Soja2º!G37 -> 234022.8 | H7: =+TRIGO!E28+'Maíz 2º'!E26 -> 136.9352 | I7: =+TRIGO!G28+'Maíz 2º'!G26 -> 102082.8 | J7: =+'MAIZ 1º'!E34 -> 125.655 | K7: =+'MAIZ 1º'!G34 -> 188482.5 | L7: =+SORGO!E34 -> 85.585 | M7: =+SORGO!G34 -> 128377.5 | N7: =+SUMIF(SOJAsobreCS!$B:$B,$B7,SOJAsobreCS!$E:$E) -> 149.64 | O7: =+SUMIF(SOJAsobreCS!$B:$B,$B7,SOJAsobreCS!$G:$G) -> 224460 | P7: =+SUMIF(MAIZsobreCS!$B:$B,$B7,MAIZsobreCS!$E:$E) -> 105.185 | Q7: =+SUMIF(MAIZsobreCS!$B:$B,$B7,MAIZsobreCS!$G:$G) -> 157777.5 | R7: =+SUMIF(GIRASOL!$B:$B,$B7,GIRASOL!$E:$E) -> 70.91 | S7: =+SUMIF(GIRASOL!$B:$B,$B7,GIRASOL!$G:$G) -> 106365 | T7: =+SUMIF(MANI!$B:$B,$B7,MANI!$E:$E) -> 165.34 | U7: =+SUMIF(MANI!$B:$B,$B7,MANI!$G:$G) -> 248010 | V7: =Camelina!$E$30+Soja2º!E37 -> 165.925 | W7: =Camelina!G30+Soja2º!G37 -> 248887.5
B8: Sub-Total FERTILIZ. | C8: Fertilizantes | D8: =+'SOJA 1º'!E51 -> 30.1 | E8: =+'SOJA 1º'!G51 -> 45150 | F8: =+TRIGO!E34+Soja2º!E43 -> 302 | G8: =+TRIGO!G34+Soja2º!G43 -> 453000 | H8: =+TRIGO!E34+'Maíz 2º'!E31 -> 407.185 | I8: =+TRIGO!G34+'Maíz 2º'!G31 -> 610777.5 | J8: =+'MAIZ 1º'!E39 -> 363.5 | K8: =+'MAIZ 1º'!G39 -> 545250 | L8: =+SORGO!E39 -> 244.5 | M8: =+SORGO!G39 -> 366750 | N8: =+SUMIF(SOJAsobreCS!$B:$B,$B8,SOJAsobreCS!$E:$E) -> 88 | O8: =+SUMIF(SOJAsobreCS!$B:$B,$B8,SOJAsobreCS!$G:$G) -> 132000 | P8: =+SUMIF(MAIZsobreCS!$B:$B,$B8,MAIZsobreCS!$E:$E) -> 282 | Q8: =+SUMIF(MAIZsobreCS!$B:$B,$B8,MAIZsobreCS!$G:$G) -> 423000 | R8: =+SUMIF(GIRASOL!$B:$B,$B8,GIRASOL!$E:$E) -> 142.3 | S8: =+SUMIF(GIRASOL!$B:$B,$B8,GIRASOL!$G:$G) -> 213450 | T8: =+MANI!E46 -> 0 | U8: =+MANI!G46 -> 0 | V8: =+Camelina!$E$36+Soja2º!E43 -> 151 | W8: =+Camelina!G36+Soja2º!G43 -> 226500
B9: Sub-Total SEMILLAS | C9: Semillas | D9: =+'SOJA 1º'!E53*'SOJA 1º'!C53 -> 76 | E9: =+'SOJA 1º'!G53 -> 114000 | F9: =+TRIGO!E36*TRIGO!C36+Soja2º!C45*Soja2º!E45 -> 165 | G9: =+TRIGO!G36+Soja2º!G45 -> 247500 | H9: =+'Maíz 2º'!E33*'Maíz 2º'!C33+TRIGO!C36*TRIGO!E36 -> 241 | I9: =+'Maíz 2º'!G33+TRIGO!G36 -> 361500 | J9: =+'MAIZ 1º'!E43 -> 190 | K9: ='MAIZ 1º'!G41 -> 285000 | L9: =SORGO!E43 -> 59.4 | M9: =SORGO!G41 -> 89100 | N9: =SOJAsobreCS!E53 -> 141.8 | O9: =+SUMIF(SOJAsobreCS!$B:$B,$B9,SOJAsobreCS!$G:$G) -> 212700 | P9: =+MAIZsobreCS!E45 -> 236.8 | Q9: =+SUMIF(MAIZsobreCS!$B:$B,$B9,MAIZsobreCS!$G:$G) -> 355200 | R9: =+SUMIF(GIRASOL!$B:$B,$B9,GIRASOL!$E:$E) -> 82.5 | S9: =+SUMIF(GIRASOL!$B:$B,$B9,GIRASOL!$G:$G) -> 123750 | T9: =+MANI!E50 -> 225 | U9: =+SUMIF(MANI!$B:$B,$B9,MANI!$G:$G) -> 337500 | V9: =+Camelina!E40+Soja2º!E46 -> 123.9 | W9: =+Camelina!G40+Soja2º!G46 -> 185850
B10: Sub-Total LABORES | C10: Labores | D10: =+'SOJA 1º'!E60 -> 88 | E10: =+'SOJA 1º'!G60 -> 132000 | F10: =+TRIGO!E43+Soja2º!E51 -> 177 | G10: =+TRIGO!G43+Soja2º!G51 -> 265500 | H10: =+'Maíz 2º'!E40+TRIGO!E43 -> 420.4 | I10: =+'Maíz 2º'!G40+TRIGO!G43 -> 630600 | J10: =+'MAIZ 1º'!E48 -> 105 | K10: =+'MAIZ 1º'!G48 -> 157500 | L10: =+SORGO!E48 -> 138.4 | M10: =SORGO!G48 -> 118500 | N10: =+SUMIF(SOJAsobreCS!$B:$B,$B10,SOJAsobreCS!$E:$E) -> 98 | O10: =+SUMIF(SOJAsobreCS!$B:$B,$B10,SOJAsobreCS!$G:$G) -> 147000 | P10: =+MAIZsobreCS!E51 -> 127 | Q10: =+SUMIF(MAIZsobreCS!$B:$B,$B10,MAIZsobreCS!$G:$G) -> 190500 | R10: =+SUMIF(GIRASOL!$B:$B,$B10,GIRASOL!$E:$E) -> 182.5 | S10: =+SUMIF(GIRASOL!$B:$B,$B10,GIRASOL!$G:$G) -> 273750 | T10: =+SUMIF(MANI!$B:$B,$B10,MANI!$E:$E) -> 244 | U10: =+SUMIF(MANI!$B:$B,$B10,MANI!$G:$G) -> 366000 | V10: =Camelina!E45+Soja2º!E51 -> 150 | W10: =+Camelina!G45+Soja2º!G51 -> 225000
B11: Seguro Contra Riesgo Climático | C11: Seguro | D11: =+'SOJA 1º'!G62/RESUMEN!Q15 -> 36.922424 | E11: =+'SOJA 1º'!G62 -> 55383.636 | F11: =(TRIGO!G45+Soja2º!G53)/RESUMEN!Q15 -> 63.891 | G11: =(TRIGO!G45+Soja2º!G53) -> 95836.5 | H11: =('Maíz 2º'!G42+TRIGO!G45)/RESUMEN!Q15 -> 70.20552 | I11: =('Maíz 2º'!G42+TRIGO!G45) -> 105308.28 | J11: =+'MAIZ 1º'!G50/RESUMEN!Q15 -> 41.16252 | K11: =+'MAIZ 1º'!G50 -> 61743.78 | L11: =SORGO!G50/RESUMEN!Q15 -> 20.58126 | M11: =SORGO!G50 -> 30871.89 | N11: =SUMIF(SOJAsobreCS!$B:$B,$B11,SOJAsobreCS!$G:$G)/RESUMEN!$Q15 -> 36.922424 | O11: =+SUMIF(SOJAsobreCS!$B:$B,$B11,SOJAsobreCS!$G:$G) -> 55383.636 | P11: =SUMIF(MAIZsobreCS!$B:$B,$B11,MAIZsobreCS!$G:$G)/RESUMEN!$Q15 -> 38.589862 | Q11: =+SUMIF(MAIZsobreCS!$B:$B,$B11,MAIZsobreCS!$G:$G) -> 57884.794 | R11: =SUMIF(GIRASOL!$B:$B,$B11,GIRASOL!$G:$G)/RESUMEN!$Q15 -> 17.7088 | S11: =+SUMIF(GIRASOL!$B:$B,$B11,GIRASOL!$G:$G) -> 26563.2 | T11: =SUMIF(MANI!$B:$B,$B11,MANI!$G:$G)/RESUMEN!$Q15 -> 0 | U11: =+SUMIF(MANI!$B:$B,$B11,MANI!$G:$G) -> 0 | V11: =(+Camelina!G47+Soja2º!G53)/RESUMEN!Q15 -> 53.361 | W11: =Camelina!G47+Soja2º!G53 -> 80041.5
D12: =SUM(D7:D11)-D6 -> 0 | E12: =SUM(E7:E11)-E6 -> 0 | F12: =SUM(F7:F11)-F6 -> 0 | G12: =SUM(G7:G11)-G6 -> 0 | H12: =SUM(H7:H11)-H6 -> 68.88 | I12: =SUM(I7:I11)-I6 -> 0 | J12: =SUM(J7:J11)-J6 -> 0 | K12: =SUM(K7:K11)-K6 -> 0 | ... W12: =SUM(W7:W11)-W6 -> 0
C13: ALQUILER x HA. | D13: =+E13/RESUMEN!$Q$15 -> 544 | E13: =RESUMEN!F11*RESUMEN!Q15 -> 816000 | F13: qq. Soja | G13: =+RESUMEN!F10 -> 18.719031 | H13: qq. Trigo | I13: =+RESUMEN!H10 -> 29.739235 | J13: qq. Maíz | K13: =+RESUMEN!I10 -> 33.304083 | L13: qq. Sorgo | M13: =+RESUMEN!J10 -> 33.304083 | N13: qq. | P13: qq. | R13: qq. | T13: qq. | V13: qq. Camelina | W13: =+RESUMEN!O10 -> 11.413625
C15: INGRESOS x HA. | D15: =+D4 -> Soja 1º | F15: =+F4 -> Trigo-Soja | H15: =+H4 -> Trigo-Maíz | J15: =+J4 -> Maíz | L15: =+L4 -> Sorgo | N15: =+N4 -> SOJAsobreCS | P15: =+P4 -> MAIZsobreCS | R15: =+R4 -> Girasol | T15: =+T4 -> Mani | V15: =+V4 -> Camelina-Soja
D16: =+D5 -> dólares | E16: =+E5 -> pesos | F16: =+F5 -> dólares | G16: =+G5 -> pesos | H16: =+H5 -> dólares | I16: =+I5 -> pesos | J16: =+J5 -> dólares | K16: =+K5 -> pesos | ... W16: =+W5 -> pesos
C17: Ingreso Bruto | D17: =+E17/RESUMEN!$Q$15 -> 1409.76 | E17: =(RESUMEN!F5+'SOJA 1º'!D8)*RESUMEN!F8 -> 2114640 | F17: =+G17/RESUMEN!$Q$15 -> 925.155 | G17: =(RESUMEN!G5+TRIGO!D8)*RESUMEN!G8 -> 1387732.5 | H17: =+I17/RESUMEN!$Q$15 -> 925.155 | I17: =(RESUMEN!H5+TRIGO!D8)*RESUMEN!H8 -> 1387732.5 | J17: =+K17/RESUMEN!$Q$15 -> 2139.115 | K17: =(RESUMEN!$I$5+'SOJA 1º'!$D$8)*RESUMEN!I8 -> 3208672.5 | L17: =+M17/RESUMEN!$Q$15 -> 1302.07 | M17: =(RESUMEN!J5+'SOJA 1º'!$D$8)*RESUMEN!J8 -> 1953105 | N17: =+O17/RESUMEN!$Q$15 -> 1409.76 | O17: =(RESUMEN!K5+'SOJA 1º'!$D$8)*RESUMEN!K8 -> 2114640 | P17: =+Q17/RESUMEN!$Q$15 -> 1674.09 | Q17: =(RESUMEN!$I$5+'SOJA 1º'!$D$8)*RESUMEN!L8 -> 2511135 | R17: =+S17/RESUMEN!$Q$15 -> 1253.12 | S17: =(RESUMEN!M5+'SOJA 1º'!$D$8)*RESUMEN!M8 -> 1879680 | T17: =+U17/RESUMEN!$Q$15 -> 2062.753 | U17: =(RESUMEN!$N$5+'SOJA 1º'!$D$8)*RESUMEN!N8 -> 3094129.5 | V17: =+W17/RESUMEN!$Q$15 -> 549.219 | W17: =(RESUMEN!O5+Camelina!$D$8)*RESUMEN!O8 -> 823828.5 | AC17: =+RESUMEN!F4 -> 48000 | AD17: =+AC17*AC19 -> 2160000 | AE17: =+AD17*0.979 -> 2114640
C18: Ingreso Bruto | D18: =+E18/RESUMEN!$Q$15 -> 0 | F18: =+G18/RESUMEN!$Q$15 -> 1096.48 | G18: =(RESUMEN!F5+Soja2º!D8)*RESUMEN!G9 -> 1644720 | H18: =+I18/RESUMEN!$Q$15 -> 1395.075 | I18: =(RESUMEN!I5+'Maíz 2º'!D8)*RESUMEN!H9 -> 2092612.5 | J18: =+K18/RESUMEN!$Q$15 -> 0 | L18: =+M18/RESUMEN!$Q$15 -> 0 | V18: =+W18/RESUMEN!$Q$15 -> 1253.12 | W18: =(RESUMEN!F5+Soja2º!D8)*RESUMEN!O9 -> 1879680 | AC18: =+RESUMEN!F5 -> 43592 | AD18: =+AC18*AC19 -> 1961640
C19: Trilla | D19: =+E19/RESUMEN!$Q$15 -> -91.5432 | E19: =-RESUMEN!F8*RESUMEN!F5*'SOJA 1º'!C71/100 -> -137314.8 | F19: =+G19/RESUMEN!$Q$15 -> -147.22413 | G19: =-RESUMEN!G8*RESUMEN!G5*TRIGO!C51/100-RESUMEN!G9*RESUMEN!F5*Soja2º!C58/100 -> -220836.2 | H19: =+I19/RESUMEN!$Q$15 -> -163.8584 | I19: =-RESUMEN!G8*RESUMEN!G5*TRIGO!C51/100-RESUMEN!H9*RESUMEN!I5*'Maíz 2º'!C48/100 -> -245787.6 | J19: =+K19/RESUMEN!$Q$15 -> -150.27587 | K19: =-RESUMEN!I8*RESUMEN!I5*'MAIZ 1º'!C56/100 -> -225413.8 | L19: =+M19/RESUMEN!$Q$15 -> -91.472267 | M19: =-RESUMEN!J8*RESUMEN!J5*SORGO!C56/100 -> -137208.4 | N19: =+O19/RESUMEN!$Q$15 -> -104.6208 | O19: =-RESUMEN!K8*RESUMEN!K5*SOJAsobreCS!$C$70/100 -> -156931.2 | P19: =+Q19/RESUMEN!$Q$15 -> -110.25675 | Q19: =-RESUMEN!L8*RESUMEN!L5*MAIZsobreCS!C59/100 -> -165385.12 | R19: =+S19/RESUMEN!$Q$15 -> -94.446933 | S19: =-RESUMEN!M8*RESUMEN!M5*GIRASOL!C61/100 -> -141670.4 | T19: =+U19/RESUMEN!$Q$15 -> -158.67357 | U19: =-RESUMEN!N8*RESUMEN!N5*MANI!C69/100 -> -238010.36 | V19: =+W19/RESUMEN!$Q$15 -> -155.91055 | W19: =-RESUMEN!O8*RESUMEN!O5*Camelina!C52/100-RESUMEN!O9*RESUMEN!F5*Soja2º!C58/100 -> -233865.82 | AC19: =+RESUMEN!F8 -> 45
C20: Paritaria y Flete Corto | D20: =+E20/RESUMEN!$Q$15 -> -36 | E20: =-RESUMEN!F8*('SOJA 1º'!C74+'SOJA 1º'!C75) -> -54000 | F20: =+G20/RESUMEN!$Q$15 -> -64.9 | G20: =-(RESUMEN!G8)*(TRIGO!C54+TRIGO!C55)-RESUMEN!G9*(Soja2º!C62+Soja2º!C61) -> -97350 | H20: =+I20/RESUMEN!$Q$15 -> -96.9 | I20: =-(RESUMEN!G8)*(TRIGO!C54+TRIGO!C55)-RESUMEN!H9*('Maíz 2º'!C51+'Maíz 2º'!C52) -> -145350 | J20: =+K20/RESUMEN!$Q$15 -> -76.666667 | K20: =-RESUMEN!I8*('MAIZ 1º'!C59+'MAIZ 1º'!C60) -> -115000 | L20: =+M20/RESUMEN!$Q$15 -> 0 | M20: =-RESUMEN!J8*(SORGO!C59+SORGO!C60) -> 0 | N20: =+O20/RESUMEN!$Q$15 -> -2.55 | O20: =-RESUMEN!K8*(SUMIF(SOJAsobreCS!B:B,"Flete Corto",SOJAsobreCS!C:C)+SUMIF(SOJAsobreCS!B:B,"Paritaria",SOJAsobreCS!C:C)) -> -3825 | P20: =+Q20/RESUMEN!$Q$15 -> -6.9 | Q20: =-RESUMEN!L8*(SUMIF(MAIZsobreCS!B:B,"Flete Corto",MAIZsobreCS!C:C)+SUMIF(MAIZsobreCS!B:B,"Paritaria",MAIZsobreCS!C:C)) -> -10350 | R20: =+S20/RESUMEN!$Q$15 -> 0 | S20: =-RESUMEN!M8*(SUMIF(GIRASOL!B:B,"Flete Corto",GIRASOL!C:C)+SUMIF(GIRASOL!B:B,"Paritaria",GIRASOL!C:C)) -> 0 | T20: =+U20/RESUMEN!$Q$15 -> -1.9833333 | U20: =-RESUMEN!N8*(SUMIF(MANI!B:B,"Flete Corto",MANI!C:C)+SUMIF(MANI!B:B,"Paritaria",MANI!C:C)) -> -2975 | V20: =+W20/RESUMEN!$Q$15 -> -32 | W20: =-(RESUMEN!O8)*(Camelina!C55+Camelina!C56)-RESUMEN!O9*(Soja2º!C61+Soja2º!C62) -> -48000
C21: Flete Puerto | D21: =+E21/RESUMEN!$Q$15 -> -102 | E21: =-RESUMEN!F8*'SOJA 1º'!D8 -> -153000 | F21: =+G21/RESUMEN!$Q$15 -> -181.33333 | G21: =-RESUMEN!G8*TRIGO!D8-RESUMEN!G9*Soja2º!D8 -> -272000 | H21: =+I21/RESUMEN!$Q$15 -> -272 | I21: =-RESUMEN!H8*TRIGO!D8-RESUMEN!H9*'Maíz 2º'!D8 -> -408000 | J21: =+K21/RESUMEN!$Q$15 -> -260.66667 | K21: =-RESUMEN!I8*'MAIZ 1º'!D8 -> -391000 | L21: =+M21/RESUMEN!$Q$15 -> -158.66667 | M21: =-RESUMEN!J8*SORGO!D8 -> -238000 | N21: =+O21/RESUMEN!$Q$15 -> -102 | O21: =-RESUMEN!K8*SUMIF(SOJAsobreCS!B:B,"Flete Largo",SOJAsobreCS!D:D) -> -153000 | P21: =+Q21/RESUMEN!$Q$15 -> -204 | Q21: =-RESUMEN!L8*SUMIF(MAIZsobreCS!B:B,"Flete Largo",MAIZsobreCS!D:D) -> -306000 | R21: =+S21/RESUMEN!$Q$15 -> -72.533333 | S21: =-RESUMEN!M8*SUMIF(GIRASOL!B:B,"Flete Largo",GIRASOL!D:D) -> -108800 | T21: =+U21/RESUMEN!$Q$15 -> -79.333333 | U21: =-RESUMEN!N8*SUMIF(MANI!B:B,"Flete Largo",MANI!D:D) -> -119000 | V21: =+W21/RESUMEN!$Q$15 -> -115.6 | W21: =-RESUMEN!O8*Camelina!D8-RESUMEN!O9*Soja2º!D8 -> -173400
C23: Ganancia Bruta | D23: =SUM(D17:D22)-D13-D6 -> 213.91438 | E23: =SUM(E17:E22)-E6-E13 -> 320871.56 | F23: =SUM(F17:F22)-$D$13-$F$6 -> 220.27133 | G23: =SUM(G17:G22)-G6-E13 -> 330407 | H23: =SUM(H17:H22)-D13-H6 -> 36.62588 | I23: =SUM(I17:I22)-I6-E13 -> 54938.82 | J23: =SUM(J17:J22)-$D$13-J6 -> 282.18828 | K23: =SUM(K17:K22)-K6-$E$13 -> 423282.42 | L23: =SUM(L17:L22)-$D$13-L6 -> 18.864807 | M23: =SUM(M17:M22)-M6-$E$13 -> 28297.21 | N23: =SUM(N17:N22)-$D$13-N6 -> 142.22678 | O23: =SUM(O17:O22)-O6-$E$13 -> 213340.16 | P23: =SUM(P17:P22)-$D$13-P6 -> 19.358387 | Q23: =SUM(Q17:Q22)-Q6-$E$13 -> 29037.581 | R23: =SUM(R17:R22)-$D$13-R6 -> 46.220933 | S23: =SUM(S17:S22)-S6-$E$13 -> 69331.4 | T23: =SUM(T17:T22)-$D$13-T6 -> 644.42276 | U23: =SUM(U17:U22)-U6-$E$13 -> 966634.14 | V23: =SUM(V17:V22)-$D$13-$V$6 -> 310.64245 | W23: =SUM(W17:W22)-W6-U13 -> 1281963.7
C24: intereses financiación: | D24: =+E24/RESUMEN!$Q$15 -> 0 | E24: =(-RESUMEN!F15*RESUMEN!Q15-RESUMEN!F12*RESUMEN!F5)/RESUMEN!Q15 -> 0 | F24: =+G24/RESUMEN!$Q$15 -> 0 | G24: =(-RESUMEN!G15*RESUMEN!Q15-RESUMEN!G12*RESUMEN!F5)/RESUMEN!Q15 -> 0 | H24: =+I24/RESUMEN!$Q$15 -> 0 | I24: =(-RESUMEN!H15*RESUMEN!Q15-RESUMEN!H12*RESUMEN!G5)/RESUMEN!Q15 -> 0 | J24: =+K24/RESUMEN!$Q$15 -> 0 | K24: =(-RESUMEN!I15*RESUMEN!Q15-RESUMEN!I12*RESUMEN!I5)/RESUMEN!Q15 -> 0 | L24: =+M24/RESUMEN!$Q$15 -> 0 | M24: =(-RESUMEN!J15*RESUMEN!Q15-RESUMEN!J12*RESUMEN!K5)/RESUMEN!Q15 -> 0 | N24: =+O24/RESUMEN!$Q$15 -> 0 | O24: =(-RESUMEN!F15*RESUMEN!Q15-RESUMEN!F12*RESUMEN!F5)/RESUMEN!Q15 -> 0 | P24: =+Q24/RESUMEN!$Q$15 -> 0 | Q24: =(-RESUMEN!G15*RESUMEN!Q15-RESUMEN!G12*RESUMEN!F5)/RESUMEN!Q15 -> 0 | R24: =+S24/RESUMEN!$Q$15 -> 0 | S24: =(-RESUMEN!H15*RESUMEN!Q15-RESUMEN!H12*RESUMEN!G5)/RESUMEN!Q15 -> 0 | T24: =+U24/RESUMEN!$Q$15 -> 0 | U24: =(-RESUMEN!I15*RESUMEN!Q15-RESUMEN!I12*RESUMEN!I5)/RESUMEN!Q15 -> 0 | V24: =+W24/RESUMEN!$Q$15 -> 0 | W24: =(-RESUMEN!O15*RESUMEN!Q15-RESUMEN!O12*RESUMEN!G5)/RESUMEN!Q15 -> 0
C25: GANANCIA FINAL | D25: =+D23+D24 -> 213.91438 | E25: =+E23+E24 -> 320871.56 | F25: =+F23+F24 -> 220.27133 | G25: =+G23+G24 -> 330407 | H25: =+H23+H24 -> 36.62588 | I25: =+I23+I24 -> 54938.82 | J25: =+J23+J24 -> 282.18828 | K25: =+K23+K24 -> 423282.42 | ... W25: =+W23+W24 -> 1281963.7
D26: =+D23-RESUMEN!F16 -> 0 | F26: =+F23-RESUMEN!G16 -> 0 | H26: =+H23-RESUMEN!H16 -> 0 | J26: =+J23-RESUMEN!I16 -> 0 | L26: =+L23-RESUMEN!K16 -> -123.36197 | N26: =+N23-RESUMEN!K16 -> 0 | P26: =+P23-RESUMEN!L16 -> 0 | R26: =+R23-RESUMEN!M16 -> 0 | T26: =+T23-RESUMEN!N16 -> 0 | V26: =+V23-RESUMEN!V16 -> 310.64245
C28: Has x Cultivo | D28: =+RESUMEN!F78 -> 50 | F28: =+RESUMEN!G78 -> 0 | H28: =+RESUMEN!H78 -> 0 | J28: =+RESUMEN!I78 -> 50 | L28: =+RESUMEN!J78 -> 0 | N28: =+RESUMEN!K78 -> 0 | P28: =+RESUMEN!L78 -> 0 | R28: =+RESUMEN!M78 -> 0 | T28: =+RESUMEN!N78 -> 0 | V28: =+RESUMEN!O78 -> 0 | X28: =SUM(D28:U28) -> 100 | Y28: Has.
C30: INGRESOS TOTALES
C31: Facturación Bruta: | D31: =+D17*D28 -> 70488 | E31: =+E17*D28 -> 105732000 | F31: =+F17*F28 -> 0 | G31: =+G17*F28 -> 0 | H31: =+H17*H28 -> 0 | I31: =+I17*H28 -> 0 | J31: =+J17*J28 -> 106955.75 | K31: =+K17*J28 -> 160433625 | L31: =+L17*L28 -> 0 | M31: =+M17*L28 -> 0 | N31: =+N17*N28 -> 0 | O31: =+O17*N28 -> 0 | P31: =+P17*P28 -> 0 | Q31: =+Q17*P28 -> 0 | R31: =+R17*R28 -> 0 | S31: =+S17*R28 -> 0 | T31: =+T17*T28 -> 0 | U31: =+U17*T28 -> 0 | V31: =+V17*V28 -> 0 | W31: =+W17*V28 -> 0 | X31: =+D31+F31+H31+J31 -> 177443.75 | Y31: =+E31+G31+I31+K31 -> 266165625
D32: =+D18*D28 -> 0 | E32: =+E18*D28 -> 0 | F32: =+F18*F28 -> 0 | G32: =+G18*F28 -> 0 | H32: =+H18*H28 -> 0 | I32: =+I18*H28 -> 0 | J32: =+J18*J28 -> 0 | K32: =+K18*J28 -> 0 | L32: =+L18*L28 -> 0 | M32: =+M18*L28 -> 0 | N32: =+N18*N28 -> 0 | O32: =+O18*N28 -> 0 | P32: =+P18*P28 -> 0 | Q32: =+Q18*P28 -> 0 | R32: =+R18*R28 -> 0 | S32: =+S18*R28 -> 0 | T32: =+T18*T28 -> 0 | U32: =+U18*T28 -> 0 | V32: =+V18*V28 -> 0 | W32: =+W18*V28 -> 0
C33: Trilla | D33: =+D19*D28 -> -4577.16 | E33: =+E19*D28 -> -6865740 | F33: =+F19*F28 -> 0 | G33: =+G19*F28 -> 0 | H33: =+H19*H28 -> 0 | I33: =+I19*H28 -> 0 | J33: =+J19*J28 -> -7513.7933 | K33: =+K19*J28 -> -11270690 | L33: =+L19*L28 -> 0 | M33: =+M19*L28 -> 0 | N33: =+N19*N28 -> 0 | O33: =+O19*N28 -> 0 | P33: =+P19*P28 -> 0 | Q33: =+Q19*P28 -> 0 | R33: =+R19*R28 -> 0 | S33: =+S19*R28 -> 0 | T33: =+T19*T28 -> 0 | U33: =+U19*T28 -> 0 | V33: =+V19*V28 -> 0 | W33: =+W19*V28 -> 0
C34: Flete Puerto | D34: =+D21*D28 -> -5100 | E34: =+E21*D28 -> -7650000 | F34: =+F21*F28 -> 0 | G34: =+G21*F28 -> 0 | H34: =+H21*H28 -> 0 | I34: =+I21*H28 -> 0 | J34: =+J21*J28 -> -13033.333 | K34: =+K21*J28 -> -19550000 | L34: =+L21*L28 -> 0 | M34: =+M21*L28 -> 0 | N34: =+N21*N28 -> 0 | O34: =+O21*N28 -> 0 | P34: =+P21*P28 -> 0 | Q34: =+Q21*P28 -> 0 | R34: =+R21*R28 -> 0 | S34: =+S21*R28 -> 0 | T34: =+T21*T28 -> 0 | U34: =+U21*T28 -> 0 | V34: =+V21*V28 -> 0 | W34: =+W21*V28 -> 0
C35: Paritaria y Flete Corto | D35: =+D20*D28 -> -1800 | E35: =+E20*D28 -> -2700000 | G35: =+G20*F28 -> 0 | I35: =+I20 -> -145350 | K35: =+K20 -> -115000 | M35: =+M20 -> 0 | N35: =+N20*N28 -> 0 | O35: =+O20*N28 -> 0 | P35: =+P20*P28 -> 0 | Q35: =+Q20*P28 -> 0 | R35: =+R20*R28 -> 0 | S35: =+S20 -> 0 | T35: =+T20*T28 -> 0 | U35: =+U20 -> -2975 | W35: =+W20*V28 -> 0
C37: INVERSION TOTAL | D37: =SUM(D42:D44) -> 21115.121 | E37: =SUM(E42:E44) -> 31672682 | F37: =SUM(F42:F44) -> 0 | G37: =SUM(G42:G44) -> 0 | H37: =SUM(H42:H44) -> 0 | I37: =SUM(I42:I44) -> 0 | J37: =SUM(J42:J44) -> 41265.876 | K37: =SUM(K42:K44) -> 61898814 | ... Y37: =SUM(Y42:Y44) -> 93571496 | Z37: =+AA37/Y37-1 -> 0.1606316 | AA37: =SUM(AA42:AA44) -> 1.0860203e+08 | AB37: =+AA37/X48 -> 0.45446719
C38: Gasto x Rubro: | D38: u$s | E38: $ | F38: u$s | G38: $ | H38: u$s | I38: $ | J38: u$s | K38: $ | L38: u$s | M38: $ | N38: u$s | O38: $ | P38: u$s | Q38: $ | R38: u$s | S38: $ | T38: u$s | U38: $ | V38: u$s | W38: $ | X38: u$s | Y38: $ | Z38: IVA | AA38: FINAL
C39: =+C7 -> Agroquímicos | D39: =D$28*D7 -> 9564 | E39: =D$28*E7 -> 14346000 | F39: =F$28*F7 -> 0 | G39: =F$28*G7 -> 0 | H39: =H$28*H7 -> 0 | I39: =H$28*I7 -> 0 | J39: =J$28*J7 -> 6282.75 | K39: =J$28*K7 -> 9424125 | L39: =L$28*L7 -> 0 | M39: =L$28*M7 -> 0 | N39: =N$28*N7 -> 0 | O39: =N$28*O7 -> 0 | P39: =P$28*P7 -> 0 | Q39: =P$28*Q7 -> 0 | R39: =R$28*R7 -> 0 | S39: =R$28*S7 -> 0 | T39: =T$28*T7 -> 0 | U39: =T$28*U7 -> 0 | V39: =V$28*V7 -> 0 | W39: =V$28*W7 -> 0 | X39: =+D39+F39+H39+J39+L39+N39+P39+R39+T39+V39 -> 15846.75 | Y39: =+E39+G39+I39+K39+M39+O39+Q39+S39+U39+W39 -> 23770125 | Z39: 0.21 | AA39: =+Y39*(1+Z39) -> 28761851
C40: =+C8 -> Fertilizantes | D40: =D$28*D8 -> 1505 | E40: =D$28*E8 -> 2257500 | F40: =F$28*F8 -> 0 | G40: =F$28*G8 -> 0 | H40: =H$28*H8 -> 0 | I40: =H$28*I8 -> 0 | J40: =J$28*J8 -> 18175 | K40: =J$28*K8 -> 27262500 | L40: =L$28*L8 -> 0 | M40: =L$28*M8 -> 0 | N40: =N$28*N8 -> 0 | O40: =N$28*O8 -> 0 | P40: =P$28*P8 -> 0 | Q40: =P$28*Q8 -> 0 | R40: =R$28*R8 -> 0 | S40: =R$28*S8 -> 0 | T40: =T$28*T8 -> 0 | U40: =T$28*U8 -> 0 | V40: =V$28*V8 -> 0 | W40: =V$28*W8 -> 0 | X40: =+D40+F40+H40+J40+L40+N40+P40+R40+T40+V40 -> 19680 | Y40: =+E40+G40+I40+K40+M40+O40+Q40+S40+U40+W40 -> 29520000 | Z40: 0.105 | AA40: =+Y40*(1+Z40) -> 32619600
C41: =+C9 -> Semillas | D41: =D$28*D9 -> 3800 | E41: =D$28*E9 -> 5700000 | F41: =F$28*F9 -> 0 | G41: =F$28*G9 -> 0 | H41: =H$28*H9 -> 0 | I41: =H$28*I9 -> 0 | J41: =J$28*J9 -> 9500 | K41: =J$28*K9 -> 14250000 | L41: =L$28*L9 -> 0 | M41: =L$28*M9 -> 0 | N41: =N$28*N9 -> 0 | O41: =N$28*O9 -> 0 | P41: =P$28*P9 -> 0 | Q41: =P$28*Q9 -> 0 | R41: =R$28*R9 -> 0 | S41: =R$28*S9 -> 0 | T41: =T$28*T9 -> 0 | U41: =T$28*U9 -> 0 | V41: =V$28*V9 -> 0 | W41: =V$28*W9 -> 0 | X41: =+D41+F41+H41+J41+L41+N41+P41+R41+T41+V41 -> 13300 | Y41: =+E41+G41+I41+K41+M41+O41+Q41+S41+U41+W41 -> 19950000 | Z41: 0.21 | AA41: =+Y41*(1+Z41) -> 24139500
C42: TOTAL Insumos : | D42: =+D39+D40+D41 -> 14869 | E42: =+E39+E40+E41 -> 22303500 | F42: =+F39+F40+F41 -> 0 | G42: =+G39+G40+G41 -> 0 | H42: =+H39+H40+H41 -> 0 | I42: =+I39+I40+I41 -> 0 | J42: =+J39+J40+J41 -> 33957.75 | K42: =+K39+K40+K41 -> 50936625 | ... Y42: =+Y39+Y40+Y41 -> 73240125 | Z42: =+AA42/Y42-1 -> 0.16767894 | AA42: =SUM(AA39:AA41) -> 85520951 | AB42: =+AA42/X48 -> 0.35787972
C43: =+C10 -> Labores | D43: =D$28*D10 -> 4400 | E43: =D$28*E10 -> 6600000 | F43: =F$28*F10 -> 0 | G43: =F$28*G10 -> 0 | H43: =H$28*H10 -> 0 | I43: =H$28*I10 -> 0 | J43: =J$28*J10 -> 5250 | K43: =J$28*K10 -> 7875000 | L43: =L$28*L10 -> 0 | M43: =L$28*M10 -> 0 | N43: =N$28*N10 -> 0 | O43: =N$28*O10 -> 0 | P43: =P$28*P10 -> 0 | Q43: =P$28*Q10 -> 0 | R43: =R$28*R10 -> 0 | S43: =R$28*S10 -> 0 | T43: =T$28*T10 -> 0 | U43: =T$28*U10 -> 0 | V43: =V$28*V10 -> 0 | W43: =V$28*W10 -> 0 | X43: =+D43+F43+H43+J43+L43+N43+P43+R43+T43+V43 -> 9650 | Y43: =+E43+G43+I43+K43+M43+O43+Q43+S43+U43+W43 -> 14475000 | Z43: 0.105 | AA43: =+Y43*(1+Z43) -> 15994875
C44: =+C11 -> Seguro | D44: =D$28*D11 -> 1846.1212 | E44: =+E11*D28 -> 2769181.8 | F44: =F$28*F11 -> 0 | G44: =+G11*F28 -> 0 | H44: =H$28*H11 -> 0 | I44: =+I11*H28 -> 0 | J44: =J$28*J11 -> 2058.126 | K44: =+K11*J28 -> 3087189 | L44: =L$28*L11 -> 0 | M44: =+M11*L28 -> 0 | N44: =N$28*N11 -> 0 | O44: =+O11*N28 -> 0 | P44: =P$28*P11 -> 0 | Q44: =+Q11*P28 -> 0 | R44: =R$28*R11 -> 0 | S44: =+S11*R28 -> 0 | T44: =T$28*T11 -> 0 | U44: =+U11*T28 -> 0 | V44: =V$28*V11 -> 0 | W44: =+W11*V28 -> 0 | X44: =+D44+F44+H44+J44+L44+N44+P44+R44+T44+V44 -> 3904.2472 | Y44: =+E44+G44+I44+K44+M44+O44+Q44+S44+U44+W44 -> 5856370.8 | Z44: 0.21 | AA44: =+Y44*(1+Z44) -> 7086208.7
C46: ALQUILER TOTAL | D46: =+E46/RESUMEN!$Q$15 -> 0 | E46: =RESUMEN!F38*RESUMEN!Q38 -> 0 | F46: qq. Soja | G46: =+RESUMEN!F37 -> 0 | H46: qq. Trigo | I46: =+RESUMEN!H37 -> 0 | J46: qq. Maíz | K46: =+RESUMEN!I37 -> 0 | L46: qq. Maíz | M46: =+RESUMEN!K37 -> 0 | N46: qq | O46: =+RESUMEN!K37 -> 0 | P46: qq | Q46: =+RESUMEN!L37 -> 0 | R46: qq | S46: =+RESUMEN!M37 -> 0 | T46: qq | U46: =+RESUMEN!N37 -> 0 | V46: qq. Soja | W46: =+RESUMEN!U37 -> 0
D48: =+D28*RESUMEN!F8*RESUMEN!F5 -> 98082000 | F48: =+F28*(RESUMEN!G8*RESUMEN!G5+RESUMEN!G9*RESUMEN!F5) -> 0 | H48: =+H28*(RESUMEN!H8*RESUMEN!G5+RESUMEN!H9*RESUMEN!I5) -> 0 | J48: =+J28*RESUMEN!I8*RESUMEN!I5 -> 140883625 | L48: =+L28*RESUMEN!K8*RESUMEN!K5 -> 0 | N48: =+N28*RESUMEN!K8*RESUMEN!K5 -> 0 | P48: =+P28*RESUMEN!L8*RESUMEN!L5 -> 0 | R48: =+R28*RESUMEN!M8*RESUMEN!M5 -> 0 | T48: =+T28*RESUMEN!N8*RESUMEN!N5 -> 0 | V48: =+V28*(RESUMEN!O5*RESUMEN!O8+RESUMEN!F5*RESUMEN!O9) -> 0 | X48: =SUM(D48:W48) -> 238965625 | AA48: =+AA37+AA42 -> 1.9412299e+08 | AB48: =+AA48/X48 -> 0.81234691
C50: Alquiler | D50: =+D13*D28 -> 27200 | E50: =+E13*D28 -> 40800000 | G50: =+G13*F28 -> 0 | I50: =+I13 -> 29.739235 | K50: =+K13 -> 33.304083 | M50: =+M13 -> 33.304083 | O50: =+O13*N28 -> 0 | Q50: =+Q13*P28 -> 0 | S50: =+S13 -> 0 | U50: =+U13 -> 0 | W50: =+W13*V28 -> 0
C51: GANANCIA NETA | D51: =+D23*D28 -> 10695.719 | E51: =+E23*D28 -> 16043578 | G51: =+G23*F28 -> 0 | I51: =+I23 -> 54938.82 | K51: =+K23 -> 423282.42 | M51: =+M23 -> 28297.21 | O51: =+O23*N28 -> 0 | Q51: =+Q23*P28 -> 0 | S51: =+S23 -> 69331.4 | U51: =+U23 -> 966634.14 | W51: =+W23*V28 -> 0
C52: intereses financiación: | D52: =+D24*D28 -> 0 | E52: =+E24*D28 -> 0 | G52: =+G24*F28 -> 0 | I52: =+I24 -> 0 | K52: =+K24 -> 0 | M52: =+M24 -> 0 | O52: =+O24*N28 -> 0 | Q52: =+Q24*P28 -> 0 | S52: =+S24 -> 0 | U52: =+U24 -> 0 | W52: =+W24*V28 -> 0
C53: GANANCIA FINAL | D53: =+D25*D28 -> 10695.719 | E53: =+E25*D28 -> 16043578 | G53: =+G25*F28 -> 0 | I53: =+I25 -> 54938.82 | K53: =+K25 -> 423282.42 | M53: =+M25 -> 28297.21 | O53: =+O25*N28 -> 0 | Q53: =+Q25*P28 -> 0 | S53: =+S25 -> 69331.4 | U53: =+U25 -> 966634.14 | W53: =+W25*V28 -> 0

Sheet MAIZ 1º
B1: MAIZ - Margen Bruto
K3: mayo | L3: junio | M3: julio | N3: agosto | O3: septiembre | P3: octubre | Q3: noviembre | R3: diciembre | S3: enero | T3: febrero | U3: marzo | V3: abril
B5: Precio Bruto | D5: =+RESUMEN!I4 -> 28500 | E5: $/qq. | G5: T.C. :
G6: =+RESUMEN!Q15 -> 1500 | H6: $ = U$S
B7: GASTOS DE COMERCIALIZACIÓN
B8: Flete Largo | D8: =+RESUMEN!$Q$14 -> 3400 | E8: $/qq.
B9: Comisión | D9: 0.021 | E9: %
B10: Precio Neto | D10: =+D5*(1-D9)-D8 -> 24501.5 | E10: $/qq.
B13: GASTOS de IMPLANTACIÓN y PROTECCIÓN | E13: Pcio u$s | G13: Gto ($xha) | H13: qq./ha.
B14: Labor / Insumo | C14: Dosis / Nº | E14: Actual | F14: Unidad | G14: Actual | H14: Actual
B15: Coadyuvante- Meta Uno (aciete metilado) | C15: 1 | D15: =IFERROR(INDEX(Valores!E:E,MATCH(B15,Valores!C:C,0),1),"") -> Lts/Ha. | E15: =SUMIF(Valores!C:C,B15,Valores!F:F) -> 3.5 | F15: =IFERROR(INDEX(Valores!G:G,MATCH(B15,Valores!C:C,0),1),"") -> U$S/Lts. | G15: =+E15*C15*$G$6 -> 5250 | H15: =G15/$D$10 -> 0.2142726
B16: Coadyubante- Rizospray extremo | C16: 0.2 | D16: =IFERROR(INDEX(Valores!E:E,MATCH(B16,Valores!C:C,0),1),"") -> Lts/Ha. | E16: =SUMIF(Valores!C:C,B16,Valores!F:F) -> 18.5 | F16: =IFERROR(INDEX(Valores!G:G,MATCH(B16,Valores!C:C,0),1),"") -> U$S/Lts. | G16: =+E16*C16*$G$6 -> 5550 | H16: =G16/$D$10 -> 0.22651674
D17: =IFERROR(INDEX(Valores!E:E,MATCH(B17,Valores!C:C,0),1),"") | E17: =SUMIF(Valores!C:C,B17,Valores!F:F) -> 0 | F17: =IFERROR(INDEX(Valores!G:G,MATCH(B17,Valores!C:C,0),1),"") | G17: =+E17*C17*$G$6 -> 0 | H17: =G17/$D$10 -> 0
D18: =IFERROR(INDEX(Valores!E:E,MATCH(B18,Valores!C:C,0),1),"") | E18: =SUMIF(Valores!C:C,B18,Valores!F:F) -> 0 | F18: =IFERROR(INDEX(Valores!G:G,MATCH(B18,Valores!C:C,0),1),"") | G18: =+E18*C18*$G$6 -> 0 | H18: =G18/$D$10 -> 0
B19: Herbicida- Super Estrella GR (Glifosato 79,2%) | C19: 1.7 | D19: =IFERROR(INDEX(Valores!E:E,MATCH(B19,Valores!C:C,0),1),"") -> Kg/Ha. | E19: =SUMIF(Valores!C:C,B19,Valores!F:F) -> 6.1 | F19: =IFERROR(INDEX(Valores!G:G,MATCH(B19,Valores!C:C,0),1),"") -> U$S/Kg. | G19: =+E19*C19*$G$6 -> 15555 | H19: =G19/$D$10 -> 0.63485909
B20: Herbicida- Super Estrella II (Glifosato 65%) | C20: 4 | D20: =IFERROR(INDEX(Valores!E:E,MATCH(B20,Valores!C:C,0),1),"") -> Lts/Ha. | E20: =SUMIF(Valores!C:C,B20,Valores!F:F) -> 4.3 | F20: =IFERROR(INDEX(Valores!G:G,MATCH(B20,Valores!C:C,0),1),"") -> U$S/Lts. | G20: =+E20*C20*$G$6 -> 25800 | H20: =G20/$D$10 -> 1.0529968
B21: Herbicida- Adjeva (Saflufenacil 70%) | C21: 0.04 | D21: =IFERROR(INDEX(Valores!E:E,MATCH(B21,Valores!C:C,0),1),"") -> Kg/Ha. | E21: =SUMIF(Valores!C:C,B21,Valores!F:F) -> 305 | F21: =IFERROR(INDEX(Valores!G:G,MATCH(B21,Valores!C:C,0),1),"") -> U$S/Kg. | G21: =+E21*C21*$G$6 -> 18300 | H21: =G21/$D$10 -> 0.74689305
B22: Herbicida- 2,4 D Excel 89 (2,4 D: éster 2-etilhexílico 89%) | C22: 2.5 | D22: =IFERROR(INDEX(Valores!E:E,MATCH(B22,Valores!C:C,0),1),"") -> Lts/Ha. | E22: =SUMIF(Valores!C:C,B22,Valores!F:F) -> 4.65 | F22: =IFERROR(INDEX(Valores!G:G,MATCH(B22,Valores!C:C,0),1),"") -> U$S/Lts. | G22: =+E22*C22*$G$6 -> 17437.5 | H22: =G22/$D$10 -> 0.71169112
B23: Herbicida- Sivelor (Topramezone 33,6%) | C23: 0.1 | D23: =IFERROR(INDEX(Valores!E:E,MATCH(B23,Valores!C:C,0),1),"") -> Lts/Ha. | E23: =SUMIF(Valores!C:C,B23,Valores!F:F) -> 305 | F23: =IFERROR(INDEX(Valores!G:G,MATCH(B23,Valores!C:C,0),1),"") -> U$S/Lts. | G23: =+E23*C23*$G$6 -> 45750 | H23: =G23/$D$10 -> 1.8672326
D24: =IFERROR(INDEX(Valores!E:E,MATCH(B24,Valores!C:C,0),1),"") | E24: =SUMIF(Valores!C:C,B24,Valores!F:F) -> 0 | F24: =IFERROR(INDEX(Valores!G:G,MATCH(B24,Valores!C:C,0),1),"") | G24: =+E24*C24*$G$6 -> 0 | H24: =G24/$D$10 -> 0
B25: Herbicida- Percutor (Iodosufuron 6% + Thiencarbazone 45%) | C25: 0.04 | D25: =IFERROR(INDEX(Valores!E:E,MATCH(B25,Valores!C:C,0),1),"") -> Kg/Ha. | E25: =SUMIF(Valores!C:C,B25,Valores!F:F) -> 258 | F25: =IFERROR(INDEX(Valores!G:G,MATCH(B25,Valores!C:C,0),1),"") -> U$S/Kg. | G25: =+E25*C25*$G$6 -> 15480 | H25: =G25/$D$10 -> 0.63179805
B26: Herbicida- Yamato Top (Pyroxasulfone 48%) | C26: 0.18 | D26: =IFERROR(INDEX(Valores!E:E,MATCH(B26,Valores!C:C,0),1),"") -> Lts/Ha. | E26: =SUMIF(Valores!C:C,B26,Valores!F:F) -> 84 | F26: =IFERROR(INDEX(Valores!G:G,MATCH(B26,Valores!C:C,0),1),"") -> U$S/Lts. | G26: =+E26*C26*$G$6 -> 22680 | H26: =G26/$D$10 -> 0.92565761
B27: Herbicida- Atrazina 90% | C27: 1.6 | D27: =IFERROR(INDEX(Valores!E:E,MATCH(B27,Valores!C:C,0),1),"") -> Kg/Ha. | E27: =SUMIF(Valores!C:C,B27,Valores!F:F) -> 6.95 | F27: =IFERROR(INDEX(Valores!G:G,MATCH(B27,Valores!C:C,0),1),"") -> U$S/Kg. | G27: =+E27*C27*$G$6 -> 16680 | H27: =G27/$D$10 -> 0.68077465
D28: =IFERROR(INDEX(Valores!E:E,MATCH(B28,Valores!C:C,0),1),"") | E28: =SUMIF(Valores!C:C,B28,Valores!F:F) -> 0 | F28: =IFERROR(INDEX(Valores!G:G,MATCH(B28,Valores!C:C,0),1),"") | G28: =+E28*C28*$G$6 -> 0 | H28: =G28/$D$10 -> 0
D29: =IFERROR(INDEX(Valores!E:E,MATCH(B29,Valores!C:C,0),1),"") | E29: =SUMIF(Valores!C:C,B29,Valores!F:F) -> 0 | F29: =IFERROR(INDEX(Valores!G:G,MATCH(B29,Valores!C:C,0),1),"") | G29: =+E29*C29*$G$6 -> 0 | H29: =G29/$D$10 -> 0
D30: =IFERROR(INDEX(Valores!E:E,MATCH(B30,Valores!C:C,0),1),"") | E30: =SUMIF(Valores!C:C,B30,Valores!F:F) -> 0 | F30: =IFERROR(INDEX(Valores!G:G,MATCH(B30,Valores!C:C,0),1),"") | G30: =+E30*C30*$G$6 -> 0 | H30: =G30/$D$10 -> 0
D31: =IFERROR(INDEX(Valores!E:E,MATCH(B31,Valores!C:C,0),1),"") | E31: =SUMIF(Valores!C:C,B31,Valores!F:F) -> 0 | F31: =IFERROR(INDEX(Valores!G:G,MATCH(B31,Valores!C:C,0),1),"") | G31: =+E31*C31*$G$6 -> 0 | H31: =G31/$D$10 -> 0
D32: =IFERROR(INDEX(Valores!E:E,MATCH(B32,Valores!C:C,0),1),"") | E32: =SUMIF(Valores!C:C,B32,Valores!F:F) -> 0 | F32: =IFERROR(INDEX(Valores!G:G,MATCH(B32,Valores!C:C,0),1),"") | G32: =+E32*C32*$G$6 -> 0 | H32: =G32/$D$10 -> 0
D33: =IFERROR(INDEX(Valores!E:E,MATCH(B33,Valores!C:C,0),1),"") | E33: =SUMIF(Valores!C:C,B33,Valores!F:F) -> 0 | F33: =IFERROR(INDEX(Valores!G:G,MATCH(B33,Valores!C:C,0),1),"") | G33: =+E33*C33*$G$6 -> 0 | H33: =G33/$D$10 -> 0
B34: Sub-Total AGROQ. | E34: =+G34/$G$6 -> 125.655 | F34: U$S/ha. | G34: =SUM(G15:G33) -> 188482.5 | H34: =SUM(H15:H33) -> 7.6926923
B35: Fertilizante- MicroEssentials Sz | C35: 110 | D35: =IFERROR(INDEX(Valores!E:E,MATCH(B35,Valores!C:C,0),1),"") -> Kg/Ha. | E35: =SUMIF(Valores!C:C,B35,Valores!F:F) -> 1100 | F35: =IFERROR(INDEX(Valores!G:G,MATCH(B35,Valores!C:C,0),1),"") -> U$S/ton. | G35: =+E35*C35*$G$6/1000 -> 181500 | H35: =G35/$D$10 -> 7.4077097
B36: Fertilizante- Urea | C36: 250 | D36: =IFERROR(INDEX(Valores!E:E,MATCH(B36,Valores!C:C,0),1),"") -> Kg/Ha. | E36: =SUMIF(Valores!C:C,B36,Valores!F:F) -> 970 | F36: =IFERROR(INDEX(Valores!G:G,MATCH(B36,Valores!C:C,0),1),"") -> U$S/ton. | G36: =+E36*C36*$G$6/1000 -> 363750 | H36: =G36/$D$10 -> 14.84603
D37: =IFERROR(INDEX(Valores!E:E,MATCH(B37,Valores!C:C,0),1),"") | E37: =SUMIF(Valores!C:C,B37,Valores!F:F) -> 0 | F37: =IFERROR(INDEX(Valores!G:G,MATCH(B37,Valores!C:C,0),1),"") | G37: =+E37*C37*$G$6/1000 -> 0 | H37: =G37/$D$10 -> 0
D38: =IFERROR(INDEX(Valores!E:E,MATCH(B38,Valores!C:C,0),1),"") | E38: =SUMIF(Valores!C:C,B38,Valores!F:F) -> 0 | F38: =IFERROR(INDEX(Valores!G:G,MATCH(B38,Valores!C:C,0),1),"") | G38: =+E38*C38*$G$6/1000 -> 0 | H38: =G38/$D$10 -> 0
B39: Sub-Total FERTILIZ. | E39: =+G39/$G$6 -> 363.5 | F39: U$S/ha. | G39: =SUM(G35:G38) -> 545250 | H39: =SUM(H35:H38) -> 22.25374
C40: 0 | D40: =IFERROR(INDEX(Valores!E:E,MATCH(B40,Valores!C:C,0),1),"") | E40: =SUMIF(Valores!C:C,B40,Valores!F:F) -> 0 | F40: =IFERROR(INDEX(Valores!G:G,MATCH(B40,Valores!C:C,0),1),"") | G40: =+E40*C40*$G$6 -> 0 | H40: =G40/$D$10 -> 0
B41: Semilla Maíz | C41: 1 | D41: =IFERROR(INDEX(Valores!E:E,MATCH(B41,Valores!C:C,0),1),"") -> bls./Ha. | E41: =SUMIF(Valores!C:C,B41,Valores!F:F) -> 190 | F41: =IFERROR(INDEX(Valores!G:G,MATCH(B41,Valores!C:C,0),1),"") -> U$S/bls. | G41: =+E41*C41*$G$6 -> 285000 | H41: =G41/$D$10 -> 11.631941
D42: =IFERROR(INDEX(Valores!E:E,MATCH(B42,Valores!C:C,0),1),"") | E42: =SUMIF(Valores!C:C,B42,Valores!F:F) -> 0 | F42: =IFERROR(INDEX(Valores!G:G,MATCH(B42,Valores!C:C,0),1),"") | G42: =+E42*C42*$G$6 -> 0 | H42: =G42/$D$10 -> 0
B43: Sub-Total SEMILLAS | E43: =+G43/G6 -> 190 | G43: =SUM(G41:G42) -> 285000 | H43: =SUM(H41:H42) -> 11.631941
B44: Siembra Maíz (c/ fertilizac. doble) | C44: 1 | D44: =IFERROR(INDEX(Valores!E:E,MATCH(B44,Valores!C:C,0),1),"") -> Siembra | E44: =SUMIF(Valores!C:C,B44,Valores!F:F) -> 55 | F44: =IFERROR(INDEX(Valores!G:G,MATCH(B44,Valores!C:C,0),1),"") -> U$S/Ha. | G44: =C44*E44*$G$6 -> 82500 | H44: =G44/$D$10 -> 3.3671408
B45: Fertlización Incorporada | C45: 1 | D45: =IFERROR(INDEX(Valores!E:E,MATCH(B45,Valores!C:C,0),1),"") -> Aplicaciones | E45: =SUMIF(Valores!C:C,B45,Valores!F:F) -> 26 | F45: =IFERROR(INDEX(Valores!G:G,MATCH(B45,Valores!C:C,0),1),"") -> U$S/Ha. | G45: =C45*E45*$G$6 -> 39000 | H45: =G45/$D$10 -> 1.5917393
B46: Pulverización Terrestre | C46: 3 | D46: =IFERROR(INDEX(Valores!E:E,MATCH(B46,Valores!C:C,0),1),"") -> Aplicaciones | E46: =SUMIF(Valores!C:C,B46,Valores!F:F) -> 8 | F46: =IFERROR(INDEX(Valores!G:G,MATCH(B46,Valores!C:C,0),1),"") -> U$S/Ha. | G46: =C46*E46*$G$6 -> 36000 | H46: =G46/$D$10 -> 1.4692978
D47: =IFERROR(INDEX(Valores!E:E,MATCH(B47,Valores!C:C,0),1),"") | E47: =SUMIF(Valores!C:C,B47,Valores!F:F) -> 0 | F47: =IFERROR(INDEX(Valores!G:G,MATCH(B47,Valores!C:C,0),1),"") | G47: =C47*E47*$G$6 -> 0 | H47: =G47/$D$10 -> 0
B48: Sub-Total LABORES | E48: =+G48/$G$6 -> 105 | F48: U$S/ha. | G48: =SUM(G44:G47) -> 157500 | H48: =SUM(H44:H47) -> 6.4281779
B50: Seguro Contra Riesgo Climático | C50: 80 | D50: qq./ha | E50: 0.0315 | F50: % | G50: =C50*(E50)*$D$10 -> 61743.78 | H50: =G50/$D$10 -> 2.52
B52: Total G. I. y P. | E52: =+G52/G6 -> 825.31752 | G52: =+G34+G39+G41+G48+G50 -> 1237976.3 | H52: =+H34+H39+H41+H48+H50 -> 50.526551
B55: GASTOS de COSECHA
B56: =+H56*D10*C56/100 -> 225413.8 | C56: 8 | D56: % | G56: RINDE esperado : | H56: =+RESUMEN!I8 -> 115
G57: =+TRIGO!G53 -> Equilibrio 26-27 : | H57: =((G52+E64)/(D10-C59-C60))/(100-C56)*100 -> 94.997465
B58: GASTOS de ACONDICIONAMIENTO
B59: Flete Corto | C59: 500 | D59: $/qq.
B60: Paritaria | C60: 500 | D60: $/qq.
B63: ALQUILER
C64: =+RESUMEN!D10 -> 17 | D64: qq.x/ha. | E64: =+C64*Sj1º!D5 -> 816000 | F64: $ /ha. | G64: =+E64/D10 -> 33.304083 | H64: qq./ha.
D65: en dólares : | E65: =+E64/G6 -> 544
G67: en qq. Maíz
B68: GANANCIA ( rentabilidad ) : | D68: =+E69/(E65+E52) -> 0.20607951 | E68: =$H$56*D10*(100-$C$56)/100-G52-E64-($C$59+$C$60)*$H$56 -> 423282.42 | F68: $ /ha. | G68: =+E68/D10 -> 17.275776 | H68: qq./ha.
D69: en dólares : | E69: =+E68/G6 -> 282.18828

Sheet SOJA 1º
B1: SOJA 1° - Margen Bruto
B5: Precio Bruto | D5: =+RESUMEN!F4 -> 48000 | E5: $/qq. | G5: T.C. :
G6: =+RESUMEN!Q15 -> 1500 | H6: $ = U$S
B7: GASTOS DE COMERCIALIZACIÓN
B8: Flete Largo | D8: =+RESUMEN!Q14 -> 3400 | E8: $/qq.
B9: Comisión | D9: 0.021 | E9: %
B10: Precio Neto | D10: =+D5*(1-D9)-D8 -> 43592 | E10: $/qq.
B13: GASTOS DE IMPLANTACIÓN Y PROTECCIÓN | E13: Precio | G13: Gto ($xha) | H13: qq./ha.
B14: Labor / Insumo | C14: Dosis/Nº | E14: Actual | F14: Unidad | G14: Actual | H14: Actual
B15: Coadyuvante- Meta Uno (aciete metilado) | C15: 1 | D15: =IFERROR(INDEX(Valores!E:E,MATCH(B15,Valores!C:C,0),1),"") -> Lts/Ha. | E15: =SUMIF(Valores!C:C,B15,Valores!F:F) -> 3.5 | F15: =IFERROR(INDEX(Valores!G:G,MATCH(B15,Valores!C:C,0),1),"") -> U$S/Lts. | G15: =+E15*C15*$G$6 -> 5250 | H15: =G15/$D$10 -> 0.12043494
B16: Coadyubante- Rizospray extremo | C16: 0.2 | D16: =IFERROR(INDEX(Valores!E:E,MATCH(B16,Valores!C:C,0),1),"") -> Lts/Ha. | E16: =SUMIF(Valores!C:C,B16,Valores!F:F) -> 18.5 | F16: =IFERROR(INDEX(Valores!G:G,MATCH(B16,Valores!C:C,0),1),"") -> U$S/Lts. | G16: =+E16*C16*$G$6 -> 5550 | H16: =G16/$D$10 -> 0.12731694
B17: Fitoestimulante- Cubo | C17: 0.2 | D17: =IFERROR(INDEX(Valores!E:E,MATCH(B17,Valores!C:C,0),1),"") -> Lts/Ha. | E17: =SUMIF(Valores!C:C,B17,Valores!F:F) -> 42 | F17: =IFERROR(INDEX(Valores!G:G,MATCH(B17,Valores!C:C,0),1),"") -> U$S/Lts. | G17: =+E17*C17*$G$6 -> 12600 | H17: =G17/$D$10 -> 0.28904386
D18: =IFERROR(INDEX(Valores!E:E,MATCH(B18,Valores!C:C,0),1),"") | E18: =SUMIF(Valores!C:C,B18,Valores!F:F) -> 0 | F18: =IFERROR(INDEX(Valores!G:G,MATCH(B18,Valores!C:C,0),1),"") | G18: =+E18*C18*$G$6 -> 0 | H18: =G18/$D$10 -> 0
B19: Herbicida- Super Estrella GR (Glifosato 79,2%) | C19: 1.7 | D19: =IFERROR(INDEX(Valores!E:E,MATCH(B19,Valores!C:C,0),1),"") -> Kg/Ha. | E19: =SUMIF(Valores!C:C,B19,Valores!F:F) -> 6.1 | F19: =IFERROR(INDEX(Valores!G:G,MATCH(B19,Valores!C:C,0),1),"") -> U$S/Kg. | G19: =+E19*C19*$G$6 -> 15555 | H19: =G19/$D$10 -> 0.35683153
B20: Herbicida- Super Estrella II (Glifosato 65%) | C20: 4 | D20: =IFERROR(INDEX(Valores!E:E,MATCH(B20,Valores!C:C,0),1),"") -> Lts/Ha. | E20: =SUMIF(Valores!C:C,B20,Valores!F:F) -> 4.3 | F20: =IFERROR(INDEX(Valores!G:G,MATCH(B20,Valores!C:C,0),1),"") -> U$S/Lts. | G20: =+E20*C20*$G$6 -> 25800 | H20: =G20/$D$10 -> 0.59185172
B21: Herbicida- Adjeva (Saflufenacil 70%) | C21: 0.04 | D21: =IFERROR(INDEX(Valores!E:E,MATCH(B21,Valores!C:C,0),1),"") -> Kg/Ha. | E21: =SUMIF(Valores!C:C,B21,Valores!F:F) -> 305 | F21: =IFERROR(INDEX(Valores!G:G,MATCH(B21,Valores!C:C,0),1),"") -> U$S/Kg. | G21: =+E21*C21*$G$6 -> 18300 | H21: =G21/$D$10 -> 0.4198018
B22: Herbicida- 2,4 D Excel 89 (2,4 D: éster 2-etilhexílico 89%) | C22: 3 | D22: =IFERROR(INDEX(Valores!E:E,MATCH(B22,Valores!C:C,0),1),"") -> Lts/Ha. | E22: =SUMIF(Valores!C:C,B22,Valores!F:F) -> 4.65 | F22: =IFERROR(INDEX(Valores!G:G,MATCH(B22,Valores!C:C,0),1),"") -> U$S/Lts. | G22: =+E22*C22*$G$6 -> 20925 | H22: =G22/$D$10 -> 0.48001927
D23: =IFERROR(INDEX(Valores!E:E,MATCH(B23,Valores!C:C,0),1),"") | E23: =SUMIF(Valores!C:C,B23,Valores!F:F) -> 0 | F23: =IFERROR(INDEX(Valores!G:G,MATCH(B23,Valores!C:C,0),1),"") | G23: =+E23*C23*$G$6 -> 0 | H23: =G23/$D$10 -> 0
B24: Herbicida- Percutor (Iodosufuron 6% + Thiencarbazone 45%) | C24: 0.04 | D24: =IFERROR(INDEX(Valores!E:E,MATCH(B24,Valores!C:C,0),1),"") -> Kg/Ha. | E24: =SUMIF(Valores!C:C,B24,Valores!F:F) -> 258 | F24: =IFERROR(INDEX(Valores!G:G,MATCH(B24,Valores!C:C,0),1),"") -> U$S/Kg. | G24: =+E24*C24*$G$6 -> 15480 | H24: =G24/$D$10 -> 0.35511103
B25: Herbicida- Fierce (Flumioxazin 15% + Pyroxasulfone 34,5%) | C25: 0.5 | D25: =IFERROR(INDEX(Valores!E:E,MATCH(B25,Valores!C:C,0),1),"") -> Lts/Ha. | E25: =SUMIF(Valores!C:C,B25,Valores!F:F) -> 74.2 | F25: =IFERROR(INDEX(Valores!G:G,MATCH(B25,Valores!C:C,0),1),"") -> U$S/Lts. | G25: =+E25*C25*$G$6 -> 55650 | H25: =G25/$D$10 -> 1.2766104
D26: =IFERROR(INDEX(Valores!E:E,MATCH(B26,Valores!C:C,0),1),"") | E26: =SUMIF(Valores!C:C,B26,Valores!F:F) -> 0 | F26: =IFERROR(INDEX(Valores!G:G,MATCH(B26,Valores!C:C,0),1),"") | G26: =+E26*C26*$G$6 -> 0 | H26: =G26/$D$10 -> 0
B27: Herbicida- Resolutor (Cletodim 24%) | C27: 3 | D27: =IFERROR(INDEX(Valores!E:E,MATCH(B27,Valores!C:C,0),1),"") -> Lts/Ha. | E27: =SUMIF(Valores!C:C,B27,Valores!F:F) -> 7.8 | F27: =IFERROR(INDEX(Valores!G:G,MATCH(B27,Valores!C:C,0),1),"") -> U$S/Lts. | G27: =+E27*C27*$G$6 -> 35100 | H27: =G27/$D$10 -> 0.80519361
B28: Herbicida- Legado pro- (Haloxifop 54%) | C28: 0.2 | D28: =IFERROR(INDEX(Valores!E:E,MATCH(B28,Valores!C:C,0),1),"") -> Lts/Ha. | E28: =SUMIF(Valores!C:C,B28,Valores!F:F) -> 22 | F28: =IFERROR(INDEX(Valores!G:G,MATCH(B28,Valores!C:C,0),1),"") -> U$S/Lts. | G28: =+E28*C28*$G$6 -> 6600 | H28: =G28/$D$10 -> 0.15140393
D29: =IFERROR(INDEX(Valores!E:E,MATCH(B29,Valores!C:C,0),1),"") | E29: =SUMIF(Valores!C:C,B29,Valores!F:F) -> 0 | F29: =IFERROR(INDEX(Valores!G:G,MATCH(B29,Valores!C:C,0),1),"") | G29: =+E29*C29*$G$6 -> 0 | H29: =G29/$D$10 -> 0
B30: Herbicida- 2,4 D Enlist (2,4 D: sal colina 66,9%) | C30: 1.8 | D30: =IFERROR(INDEX(Valores!E:E,MATCH(B30,Valores!C:C,0),1),"") -> Lts/Ha. | E30: =SUMIF(Valores!C:C,B30,Valores!F:F) -> 5.3 | F30: =IFERROR(INDEX(Valores!G:G,MATCH(B30,Valores!C:C,0),1),"") -> U$S/Lts. | G30: =+E30*C30*$G$6 -> 14310 | H30: =G30/$D$10 -> 0.32827124
B31: Herbicida- Prominens (Glufosinato 20%) | C31: 2.5 | D31: =IFERROR(INDEX(Valores!E:E,MATCH(B31,Valores!C:C,0),1),"") -> Lts/Ha. | E31: =SUMIF(Valores!C:C,B31,Valores!F:F) -> 3.9 | F31: =IFERROR(INDEX(Valores!G:G,MATCH(B31,Valores!C:C,0),1),"") -> U$S/Lts. | G31: =+E31*C31*$G$6 -> 14625 | H31: =G31/$D$10 -> 0.33549734
D32: =IFERROR(INDEX(Valores!E:E,MATCH(B32,Valores!C:C,0),1),"") | E32: =SUMIF(Valores!C:C,B32,Valores!F:F) -> 0 | F32: =IFERROR(INDEX(Valores!G:G,MATCH(B32,Valores!C:C,0),1),"") | G32: =+E32*C32*$G$6 -> 0 | H32: =G32/$D$10 -> 0
B33: Insecticida- Arpegio (Tiametox14,1+Lamb10,6) | C33: 0.3 | D33: =IFERROR(INDEX(Valores!E:E,MATCH(B33,Valores!C:C,0),1),"") -> Lts/Ha. | E33: =SUMIF(Valores!C:C,B33,Valores!F:F) -> 30.5 | F33: =IFERROR(INDEX(Valores!G:G,MATCH(B33,Valores!C:C,0),1),"") -> U$S/Lts. | G33: =+E33*C33*$G$6 -> 13725 | H33: =G33/$D$10 -> 0.31485135
B34: Fungicida- Tempus Max (Protioconazole 17,5% + Azoxistrobina 16%) | C34: 0.6 | D34: =IFERROR(INDEX(Valores!E:E,MATCH(B34,Valores!C:C,0),1),"") -> Lts/Ha. | E34: =SUMIF(Valores!C:C,B34,Valores!F:F) -> 23 | F34: =IFERROR(INDEX(Valores!G:G,MATCH(B34,Valores!C:C,0),1),"") -> U$S/Lts. | G34: =+E34*C34*$G$6 -> 20700 | H34: =G34/$D$10 -> 0.47485777
D35: =IFERROR(INDEX(Valores!E:E,MATCH(B35,Valores!C:C,0),1),"") | E35: =SUMIF(Valores!C:C,B35,Valores!F:F) -> 0 | F35: =IFERROR(INDEX(Valores!G:G,MATCH(B35,Valores!C:C,0),1),"") | G35: =+E35*C35*$G$6 -> 0 | H35: =G35/$D$10 -> 0
B36: Curasemilla Rizo Pack 102 (soja) | C36: 1 | D36: =IFERROR(INDEX(Valores!E:E,MATCH(B36,Valores!C:C,0),1),"") -> Dosis/Ha. | E36: =SUMIF(Valores!C:C,B36,Valores!F:F) -> 4.5 | F36: =IFERROR(INDEX(Valores!G:G,MATCH(B36,Valores!C:C,0),1),"") -> U$S/Dosis | G36: =+E36*C36*$G$6 -> 6750 | H36: =G36/$D$10 -> 0.15484493
D37: =IFERROR(INDEX(Valores!E:E,MATCH(B37,Valores!C:C,0),1),"") | E37: =SUMIF(Valores!C:C,B37,Valores!F:F) -> 0 | F37: =IFERROR(INDEX(Valores!G:G,MATCH(B37,Valores!C:C,0),1),"") | G37: =+E37*C37*$G$6 -> 0 | H37: =G37/$D$10 -> 0
D38: =IFERROR(INDEX(Valores!E:E,MATCH(B38,Valores!C:C,0),1),"") | E38: =SUMIF(Valores!C:C,B38,Valores!F:F) -> 0 | F38: =IFERROR(INDEX(Valores!G:G,MATCH(B38,Valores!C:C,0),1),"") | G38: =+E38*C38*$G$6 -> 0 | H38: =G38/$D$10 -> 0
D39: =IFERROR(INDEX(Valores!E:E,MATCH(B39,Valores!C:C,0),1),"") | E39: =SUMIF(Valores!C:C,B39,Valores!F:F) -> 0 | F39: =IFERROR(INDEX(Valores!G:G,MATCH(B39,Valores!C:C,0),1),"") | G39: =+E39*C39*$G$6 -> 0 | H39: =G39/$D$10 -> 0
D40: =IFERROR(INDEX(Valores!E:E,MATCH(B40,Valores!C:C,0),1),"") | E40: =SUMIF(Valores!C:C,B40,Valores!F:F) -> 0 | F40: =IFERROR(INDEX(Valores!G:G,MATCH(B40,Valores!C:C,0),1),"") | G40: =+E40*C40*$G$6 -> 0 | H40: =G40/$D$10 -> 0
D41: =IFERROR(INDEX(Valores!E:E,MATCH(B41,Valores!C:C,0),1),"") | E41: =SUMIF(Valores!C:C,B41,Valores!F:F) -> 0 | F41: =IFERROR(INDEX(Valores!G:G,MATCH(B41,Valores!C:C,0),1),"") | G41: =+E41*C41*$G$6 -> 0 | H41: =G41/$D$10 -> 0
D42: =IFERROR(INDEX(Valores!E:E,MATCH(B42,Valores!C:C,0),1),"") | E42: =SUMIF(Valores!C:C,B42,Valores!F:F) -> 0 | F42: =IFERROR(INDEX(Valores!G:G,MATCH(B42,Valores!C:C,0),1),"") | G42: =+E42*C42*$G$6 -> 0 | H42: =G42/$D$10 -> 0
D43: =IFERROR(INDEX(Valores!E:E,MATCH(B43,Valores!C:C,0),1),"") | E43: =SUMIF(Valores!C:C,B43,Valores!F:F) -> 0 | F43: =IFERROR(INDEX(Valores!G:G,MATCH(B43,Valores!C:C,0),1),"") | G43: =+E43*C43*$G$6 -> 0 | H43: =G43/$D$10 -> 0
D44: =IFERROR(INDEX(Valores!E:E,MATCH(B44,Valores!C:C,0),1),"") | E44: =SUMIF(Valores!C:C,B44,Valores!F:F) -> 0 | F44: =IFERROR(INDEX(Valores!G:G,MATCH(B44,Valores!C:C,0),1),"") | G44: =+E44*C44*$G$6 -> 0 | H44: =G44/$D$10 -> 0
B45: Sub-Total AGROQ. | E45: =+G45/$G$6 -> 191.28 | F45: U$S/ha. | G45: =SUM(G15:G44) -> 286920 | H45: =SUM(H15:H44) -> 6.5819416
B47: Fertilizante- SPS | C47: 70 | D47: =IFERROR(INDEX(Valores!E:E,MATCH(B47,Valores!C:C,0),1),"") -> Kg/Ha. | E47: =SUMIF(Valores!C:C,B47,Valores!F:F) -> 430 | F47: =IFERROR(INDEX(Valores!G:G,MATCH(B47,Valores!C:C,0),1),"") -> U$S/ton. | G47: =+E47*C47*$G$6/1000 -> 45150 | H47: =G47/$D$10 -> 1.0357405
D48: =IFERROR(INDEX(Valores!E:E,MATCH(B48,Valores!C:C,0),1),"") | E48: =SUMIF(Valores!C:C,B48,Valores!F:F) -> 0 | F48: =IFERROR(INDEX(Valores!G:G,MATCH(B48,Valores!C:C,0),1),"") | G48: =+E48*C48*$G$6/1000 -> 0 | H48: =G48/$D$10 -> 0
D49: =IFERROR(INDEX(Valores!E:E,MATCH(B49,Valores!C:C,0),1),"") | E49: =SUMIF(Valores!C:C,B49,Valores!F:F) -> 0 | F49: =IFERROR(INDEX(Valores!G:G,MATCH(B49,Valores!C:C,0),1),"") | G49: =+E49*C49*$G$6/1000 -> 0 | H49: =G49/$D$10 -> 0
D50: =IFERROR(INDEX(Valores!E:E,MATCH(B50,Valores!C:C,0),1),"") | E50: =SUMIF(Valores!C:C,B50,Valores!F:F) -> 0 | F50: =IFERROR(INDEX(Valores!G:G,MATCH(B50,Valores!C:C,0),1),"")
B51: Sub-Total FERTILIZ. | E51: =+G51/$G$6 -> 30.1 | F51: U$S/ha. | G51: =SUM(G47:G50) -> 45150 | H51: =SUM(H47:H50) -> 1.0357405
B53: Semilla Soja | C53: 2 | D53: =IFERROR(INDEX(Valores!E:E,MATCH(B53,Valores!C:C,0),1),"") -> bls./Ha. | E53: =SUMIF(Valores!C:C,B53,Valores!F:F) -> 38 | F53: =IFERROR(INDEX(Valores!G:G,MATCH(B53,Valores!C:C,0),1),"") -> U$S/bls. | G53: =+E53*C53*$G$6 -> 114000 | H53: =G53/$D$10 -> 2.6151587
D54: =IFERROR(INDEX(Valores!E:E,MATCH(B54,Valores!C:C,0),1),"") | E54: =SUMIF(Valores!C:C,B54,Valores!F:F) -> 0 | F54: =IFERROR(INDEX(Valores!G:G,MATCH(B54,Valores!C:C,0),1),"") | G54: =+E54*C54*$G$6 -> 0 | H54: =G54/$D$10 -> 0
B55: Sub-Total SEMILLAS | E55: =+G55/$G$6 -> 76 | F55: U$S/ha. | G55: =SUM(G52:G54) -> 114000 | H55: =SUM(H52:H54) -> 2.6151587
B56: Siembra Soja (c/ fertilizac. simple) | C56: 1 | D56: =IFERROR(INDEX(Valores!E:E,MATCH(B56,Valores!C:C,0),1),"") -> Siembra | E56: =SUMIF(Valores!C:C,B56,Valores!F:F) -> 50 | F56: =IFERROR(INDEX(Valores!G:G,MATCH(B56,Valores!C:C,0),1),"") -> U$S/Ha. | G56: =+E56*C56*$G$6 -> 75000 | H56: =G56/$D$10 -> 1.7204992
B57: Pulverización Terrestre | C57: 3 | D57: =IFERROR(INDEX(Valores!E:E,MATCH(B57,Valores!C:C,0),1),"") -> Aplicaciones | E57: =SUMIF(Valores!C:C,B57,Valores!F:F) -> 8 | F57: =IFERROR(INDEX(Valores!G:G,MATCH(B57,Valores!C:C,0),1),"") -> U$S/Ha. | G57: =+E57*C57*$G$6 -> 36000 | H57: =G57/$D$10 -> 0.8258396
B58: Pulverización Aérea | C58: 1 | D58: =IFERROR(INDEX(Valores!E:E,MATCH(B58,Valores!C:C,0),1),"") -> Aplicaciones | E58: =SUMIF(Valores!C:C,B58,Valores!F:F) -> 14 | F58: =IFERROR(INDEX(Valores!G:G,MATCH(B58,Valores!C:C,0),1),"") -> U$S/Ha. | G58: =+E58*C58*$G$6 -> 21000 | H58: =G58/$D$10 -> 0.48173977
D59: =IFERROR(INDEX(Valores!E:E,MATCH(B59,Valores!C:C,0),1),"") | E59: =SUMIF(Valores!C:C,B59,Valores!F:F) -> 0 | F59: =IFERROR(INDEX(Valores!G:G,MATCH(B59,Valores!C:C,0),1),"") | G59: =+E59*C59*$G$6 -> 0 | H59: =G59/$D$10 -> 0
B60: Sub-Total LABORES | E60: =+G60/$G$6 -> 88 | F60: U$S/ha. | G60: =SUM(G56:G59) -> 132000 | H60: =SUM(H56:H59) -> 3.0280785
B62: Seguro Contra Riesgo Climático | C62: 35 | D62: qq./ha | E62: 0.0363 | F62: % | G62: =C62*(E62)*$D$10 -> 55383.636 | H62: =G62/$D$10 -> 1.2705
B65: Intereses Financiación | C65: 25 | D65: qq./ha | E65: 0 | F65: % | G65: =C65*(E65)*D13 -> 0 | H65: =G65/$D$10 -> 0
B67: Total G. I. y P. | E67: =+G67/$G$6 -> 422.30242 | G67: =+G45+G51+G60+G53+G62 -> 633453.64 | H67: =+H45+H51+H60+H53+H62 -> 14.531419
B70: COSECHA
B71: =+H71*$D$10*C71/100 -> 137314.8 | C71: 7 | D71: % | G71: RINDE esperado : | H71: =+RESUMEN!$F$8 -> 45
G72: Equilibrio 26-27 : | H72: =((G67+E79)/($D$10-C74-C75))/(100-C71)*100 -> 36.765246
B73: GASTOS DE ACONDICIONAMIENTO
B74: Flete Corto | C74: 700 | D74: $/qq. | E74: =+C74*H71 -> 31500
B75: Paritaria | C75: 500 | D75: $/qq. | E75: =+C75*H71 -> 22500
B78: ALQUILER | G78: en qq. Soja
C79: =+RESUMEN!$D$10 -> 17 | D79: qq.x/ha. | E79: =+C79*RESUMEN!$F$4 -> 816000 | F79: $ /ha. | G79: =+E79/$D$10 -> 18.719031
D80: en dólares : | E80: =+E79/$G$6 -> 544
B82: GANANCIA ( rentabilidad ) : | D82: =+E83/(E80+E67) -> 0.22137415 | E82: =+H71*$D$10*(100-C71)/100-G67-E79-(C74+C75)*H71 -> 320871.56 | F82: $ /ha. | G82: =+E82/$D$10 -> 7.3607901 | H82: qq./ha.
D83: en dólares : | E83: =+E82/$G$6 -> 213.91438

Sheet TRIGO
B1: TRIGO - Margen Bruto
B5: Precio Bruto | D5: =+RESUMEN!G4 -> 31500 | E5: $/qq. | G5: T.C. :
G6: =+RESUMEN!Q15 -> 1500 | H6: $ = U$S
B7: GASTOS DE COMERCIALIZACIÓN
B8: Flete Largo | D8: =+RESUMEN!Q14 -> 3400 | E8: $/qq.
B9: Comisión | D9: 0.021 | E9: %
B10: Precio Neto | D10: =+D5*(1-D9)-D8 -> 27438.5 | E10: $/qq.
B13: GASTOS DE IMPLANTACIÓN Y PROTECCIÓN | E13: Precio | G13: Gto ($xha) | H13: qq./ha.
B14: Labor / Insumo | C14: Dosis/Nº | E14: Actual | F14: Unidad | G14: Actual | H14: Actual
B15: Coadyuvante- Meta Uno (aciete metilado) | C15: 1 | D15: =IFERROR(INDEX(Valores!E:E,MATCH(B15,Valores!C:C,0),1),"") -> Lts/Ha. | E15: =SUMIF(Valores!C:C,B15,Valores!F:F) -> 3.5 | F15: =IFERROR(INDEX(Valores!G:G,MATCH(B15,Valores!C:C,0),1),"") -> U$S/Lts. | G15: =C15*E15*$G$6 -> 5250 | H15: =G15/$D$10 -> 0.19133699 | V15: =+Valores!#REF! -> #REF! | W15: =+E15/V15-1 -> #REF!
B16: Coadyubante- Silwet | C16: 0.05 | D16: =IFERROR(INDEX(Valores!E:E,MATCH(B16,Valores!C:C,0),1),"") -> Lts/Ha. | E16: =SUMIF(Valores!C:C,B16,Valores!F:F) -> 45 | F16: =IFERROR(INDEX(Valores!G:G,MATCH(B16,Valores!C:C,0),1),"") -> U$S/Lts. | G16: =C16*E16*$G$6 -> 3375 | H16: =G16/$D$10 -> 0.12300235
B17: Herbicida- Super Estrella II (Glifosato 65%) | C17: 2.2 | D17: =IFERROR(INDEX(Valores!E:E,MATCH(B17,Valores!C:C,0),1),"") -> Lts/Ha. | E17: =SUMIF(Valores!C:C,B17,Valores!F:F) -> 4.3 | F17: =IFERROR(INDEX(Valores!G:G,MATCH(B17,Valores!C:C,0),1),"") -> U$S/Lts. | G17: =C17*E17*$G$6 -> 14190 | H17: =G17/$D$10 -> 0.51715655
B18: Herbicida- Finesse (Clorsulfuron 62,5% + Metsulfuron 12,5%) | C18: 15 | D18: =IFERROR(INDEX(Valores!E:E,MATCH(B18,Valores!C:C,0),1),"") -> grs./Ha. | E18: =SUMIF(Valores!C:C,B18,Valores!F:F) -> 368 | F18: =IFERROR(INDEX(Valores!G:G,MATCH(B18,Valores!C:C,0),1),"") -> U$S/Kg. | G18: =C18*(E18/1000)*G6 -> 8280 | H18: =G18/$D$10 -> 0.30176577
B19: Herbicida- 2,4 D Excel 89 (2,4 D: éster 2-etilhexílico 89%) | C19: 1 | D19: =IFERROR(INDEX(Valores!E:E,MATCH(B19,Valores!C:C,0),1),"") -> Lts/Ha. | E19: =SUMIF(Valores!C:C,B19,Valores!F:F) -> 4.65 | F19: =IFERROR(INDEX(Valores!G:G,MATCH(B19,Valores!C:C,0),1),"") -> U$S/Lts. | G19: =C19*E19*$G$6 -> 6975 | H19: =G19/$D$10 -> 0.25420486
B20: Herbicida- Dicamax (Dicamba 58%) | C20: 0 | D20: =IFERROR(INDEX(Valores!E:E,MATCH(B20,Valores!C:C,0),1),"") -> Lts/Ha. | E20: =SUMIF(Valores!C:C,B20,Valores!F:F) -> 7.2 | F20: =IFERROR(INDEX(Valores!G:G,MATCH(B20,Valores!C:C,0),1),"") -> U$S/Lts. | G20: =C20*(E20)*$G$6 -> 0 | H20: =G20/$D$10 -> 0
B21: Insecticida- Solomon (Imida 21% + Betacyflutrina 9%) | C21: 0.3 | D21: =IFERROR(INDEX(Valores!E:E,MATCH(B21,Valores!C:C,0),1),"") -> Lts/Ha. | E21: =SUMIF(Valores!C:C,B21,Valores!F:F) -> 42 | F21: =IFERROR(INDEX(Valores!G:G,MATCH(B21,Valores!C:C,0),1),"") -> U$S/Lts. | G21: =C21*(E21)*G6 -> 18900 | H21: =G21/$D$10 -> 0.68881316
B22: Fungicida- Tempus Max (Protioconazole 17,5% + Azoxistrobina 16%) | C22: 0.6 | D22: =IFERROR(INDEX(Valores!E:E,MATCH(B22,Valores!C:C,0),1),"") -> Lts/Ha. | E22: =SUMIF(Valores!C:C,B22,Valores!F:F) -> 23 | F22: =IFERROR(INDEX(Valores!G:G,MATCH(B22,Valores!C:C,0),1),"") -> U$S/Lts. | G22: =C22*(E22)*G$6 -> 20700 | H22: =G22/$D$10 -> 0.75441442
B23: Fitoestimulante- Cubo | C23: 0 | D23: =IFERROR(INDEX(Valores!E:E,MATCH(B23,Valores!C:C,0),1),"") -> Lts/Ha. | E23: =SUMIF(Valores!C:C,B23,Valores!F:F) -> 42 | F23: =IFERROR(INDEX(Valores!G:G,MATCH(B23,Valores!C:C,0),1),"") -> U$S/Lts. | G23: =C23*(E23)*G$6 -> 0 | H23: =G23/$D$10 -> 0
B24: Curasemilla Compinche (trigo) | C24: 0.2 | D24: =IFERROR(INDEX(Valores!E:E,MATCH(B24,Valores!C:C,0),1),"") -> Dosis/Ha. | E24: =SUMIF(Valores!C:C,B24,Valores!F:F) -> 5.776 | F24: =IFERROR(INDEX(Valores!G:G,MATCH(B24,Valores!C:C,0),1),"") -> U$S/Dosis | G24: =C24*(E24)*G$6 -> 1732.8 | H24: =G24/$D$10 -> 0.06315214
D25: =IFERROR(INDEX(Valores!E:E,MATCH(B25,Valores!C:C,0),1),"") | E25: =SUMIF(Valores!C:C,B25,Valores!F:F) -> 0 | F25: =IFERROR(INDEX(Valores!G:G,MATCH(B25,Valores!C:C,0),1),"") | G25: =C25*(E25)*G$6 -> 0 | H25: =G25/$D$10 -> 0
D26: =IFERROR(INDEX(Valores!E:E,MATCH(B26,Valores!C:C,0),1),"") | E26: =SUMIF(Valores!C:C,B26,Valores!F:F) -> 0 | F26: =IFERROR(INDEX(Valores!G:G,MATCH(B26,Valores!C:C,0),1),"") | G26: =C26*(E26)*G$6 -> 0 | H26: =G26/$D$10 -> 0
D27: =IFERROR(INDEX(Valores!E:E,MATCH(B27,Valores!C:C,0),1),"") | E27: =SUMIF(Valores!C:C,B27,Valores!F:F) -> 0 | F27: =IFERROR(INDEX(Valores!G:G,MATCH(B27,Valores!C:C,0),1),"") | G27: =C27*(E27)*G$6 -> 0 | H27: =G27/$D$10 -> 0
B28: Sub-Total AGROQ. | E28: =+G28/$G$6 -> 52.9352 | F28: U$S/ha. | G28: =SUM(G15:G27) -> 79402.8 | H28: =SUM(H15:H27) -> 2.8938462
B30: Fertilizante- MicroEssentials S9 | C30: 100 | D30: =IFERROR(INDEX(Valores!E:E,MATCH(B30,Valores!C:C,0),1),"") -> Kg/Ha. | E30: =SUMIF(Valores!C:C,B30,Valores!F:F) -> 1080 | F30: =IFERROR(INDEX(Valores!G:G,MATCH(B30,Valores!C:C,0),1),"") -> U$S/ton. | G30: =C30*(E30/1000)*G6 -> 162000 | H30: =G30/$D$10 -> 5.9041128
B31: Fertilizante- Urea | C31: 200 | D31: =IFERROR(INDEX(Valores!E:E,MATCH(B31,Valores!C:C,0),1),"") -> Kg/Ha. | E31: =SUMIF(Valores!C:C,B31,Valores!F:F) -> 970 | F31: =IFERROR(INDEX(Valores!G:G,MATCH(B31,Valores!C:C,0),1),"") -> U$S/ton. | G31: =C31*(E31/1000)*G6 -> 291000 | H31: =G31/$D$10 -> 10.605536
D32: =IFERROR(INDEX(Valores!E:E,MATCH(B32,Valores!C:C,0),1),"") | E32: =SUMIF(Valores!C:C,B32,Valores!F:F) -> 0 | F32: =IFERROR(INDEX(Valores!G:G,MATCH(B32,Valores!C:C,0),1),"") | G32: =C32*(E32/1000)*G6 -> 0 | H32: =G32/$D$10 -> 0
C33: 0 | D33: =IFERROR(INDEX(Valores!E:E,MATCH(B33,Valores!C:C,0),1),"") | E33: =SUMIF(Valores!C:C,B33,Valores!F:F) -> 0 | F33: =IFERROR(INDEX(Valores!G:G,MATCH(B33,Valores!C:C,0),1),"") | G33: =C33*(E33/1000)*G6 -> 0 | H33: =G33/$D$10 -> 0
B34: Sub-Total FERTILIZ. | E34: =+G34/$G$6 -> 302 | F34: U$S/ha. | G34: =SUM(G30:G33) -> 453000 | H34: =SUM(H30:H33) -> 16.509649
B36: Semilla Trigo | C36: 3 | D36: =IFERROR(INDEX(Valores!E:E,MATCH(B36,Valores!C:C,0),1),"") -> bls./Ha. | E36: =SUMIF(Valores!C:C,B36,Valores!F:F) -> 17 | F36: =IFERROR(INDEX(Valores!G:G,MATCH(B36,Valores!C:C,0),1),"") -> U$S/bls. | G36: =E36*G6*C36 -> 76500 | H36: =G36/$D$10 -> 2.7880533
D37: =IFERROR(INDEX(Valores!E:E,MATCH(B37,Valores!C:C,0),1),"") | E37: =SUMIF(Valores!C:C,B37,Valores!F:F) -> 0 | F37: =IFERROR(INDEX(Valores!G:G,MATCH(B37,Valores!C:C,0),1),"") | G37: =E37*G7*C37 -> 0 | H37: =G37/$D$10 -> 0
B38: Sub-Total SEMILLAS | E38: =+G38/$G$6 -> 51 | F38: U$S/ha. | G38: =SUM(G35:G37) -> 76500 | H38: =SUM(H35:H37) -> 2.7880533
B39: Siembra Trigo (c/ fertilizac. simple) | C39: 1 | D39: =IFERROR(INDEX(Valores!E:E,MATCH(B39,Valores!C:C,0),1),"") -> Siembra | E39: =SUMIF(Valores!C:C,B39,Valores!F:F) -> 55 | F39: =IFERROR(INDEX(Valores!G:G,MATCH(B39,Valores!C:C,0),1),"") -> U$S/Ha. | G39: =C39*E39*$G$6 -> 82500 | H39: =G39/$D$10 -> 3.0067241
B40: Pulverización Aérea | C40: 0 | D40: =IFERROR(INDEX(Valores!E:E,MATCH(B40,Valores!C:C,0),1),"") -> Aplicaciones | E40: =SUMIF(Valores!C:C,B40,Valores!F:F) -> 14 | F40: =IFERROR(INDEX(Valores!G:G,MATCH(B40,Valores!C:C,0),1),"") -> U$S/Ha. | G40: =C40*E40*$G$6 -> 0 | H40: =G40/$D$10 -> 0
B41: Pulverización Terrestre | C41: 2 | D41: =IFERROR(INDEX(Valores!E:E,MATCH(B41,Valores!C:C,0),1),"") -> Aplicaciones | E41: =SUMIF(Valores!C:C,B41,Valores!F:F) -> 8 | F41: =IFERROR(INDEX(Valores!G:G,MATCH(B41,Valores!C:C,0),1),"") -> U$S/Ha. | G41: =C41*E41*$G$6 -> 24000 | H41: =G41/$D$10 -> 0.87468338
B42: Fertlización Incorporada | C42: 1 | D42: =IFERROR(INDEX(Valores!E:E,MATCH(B42,Valores!C:C,0),1),"") -> Aplicaciones | E42: =SUMIF(Valores!C:C,B42,Valores!F:F) -> 26 | F42: =IFERROR(INDEX(Valores!G:G,MATCH(B42,Valores!C:C,0),1),"") -> U$S/Ha. | G42: =C42*E42*$G$6 -> 39000 | H42: =G42/$D$10 -> 1.4213605
B43: Sub-Total LABORES | E43: =+G43/$G$6 -> 97 | F43: U$S/ha. | G43: =SUM(G39:G42) -> 145500 | H43: =SUM(H39:H42) -> 5.302768
B45: Seguro Contra Riesgo Climático | C45: 30 | D45: qq./ha | E45: 0.0461 | F45: % | G45: =C45*(E45)*D5 -> 43564.5 | H45: =G45/$D$10 -> 1.5877143
B47: Total G. I. y P. | E47: =+G47/G6 -> 531.9782 | G47: =+G28+G34+G43+G36+G45 -> 797967.3 | H47: =+H28+H34+H43+H36+H45 -> 29.082031
H48: =+G47/D10-H47 -> 0
B50: COSECHA
B51: =+H52*D10*C51/100 -> 98778.6 | C51: 8 | D51: %
G52: RINDE esperado : | H52: =+RESUMEN!G8 -> 45
B53: GASTOS DE ACONDICIONAMIENTO | G53: =+'SOJA 1º'!G72 -> Equilibrio 26-27 : | H53: =((G47)/(D10-C54-C55))/(100-C51)*100 -> 33.094445
B54: Flete Corto | C54: 730 | D54: $/qq.
B55: Paritaria | C55: 500 | D55: $/qq.
B58: GANANCIA ( rentabilidad s/ alquiler) | E58: =+H52*D10*(100-C51)/100-G47-(C54+C55)*H52 -> 282636.6 | F58: $ /ha. | G58: =+E58/D10 -> 10.300731 | H58: qq./ha.
D59: en dólares : | E59: =+E58/G6 -> 188.4244

Sheet Soja2º
B1: SOJA 2° - Margen Bruto | M1: MÁRGENES BRUTOS CON DIFERENTES NIVELES DE RENDIMIENTO
M2: Rendimiento
M3: Precio Bruto
B5: Precio Bruto | D5: =+RESUMEN!F4 -> 48000 | E5: $/qq. | G5: T.C. : | M5: Precio Neto
G6: =+RESUMEN!Q15 -> 1500 | H6: $ = U$S
B7: GASTOS DE COMERCIALIZACIÓN | M7: Total G. I. y P.
B8: Flete Largo | D8: =+RESUMEN!Q14 -> 3400 | E8: $/qq.
B9: Comisión | D9: 0.021 | E9: % | M9: Cosecha
B10: Precio Neto | D10: =+D5*(1-D9)-D8 -> 43592 | E10: $/qq. | M10: Flete Corto
M11: Paritaria
B13: GASTOS DE IMPLANTACIÓN Y PROTECCIÓN | E13: Precio | G13: Gto ($xha) | H13: qq./ha. | M13: Secada
B14: Labor / Insumo | C14: Dosis/Nº | E14: Actual | F14: Unidad | G14: Actual | H14: Actual | M14: Total G. A.
B15: Coadyuvante- Meta Uno (aciete metilado) | C15: 1 | D15: =IFERROR(INDEX(Valores!E:E,MATCH(B15,Valores!C:C,0),1),"") -> Lts/Ha. | E15: =SUMIF(Valores!C:C,B15,Valores!F:F) -> 3.5 | F15: =IFERROR(INDEX(Valores!G:G,MATCH(B15,Valores!C:C,0),1),"") -> U$S/Lts. | G15: =+E15*C15*$G$6 -> 5250 | H15: =+G15/$D$10 -> 0.12043494
B16: Coadyubante- Silwet | C16: 0.05 | D16: =IFERROR(INDEX(Valores!E:E,MATCH(B16,Valores!C:C,0),1),"") -> Lts/Ha. | E16: =SUMIF(Valores!C:C,B16,Valores!F:F) -> 45 | F16: =IFERROR(INDEX(Valores!G:G,MATCH(B16,Valores!C:C,0),1),"") -> U$S/Lts. | G16: =+E16*C16*$G$6 -> 3375 | H16: =+G16/$D$10 -> 0.077422463
B17: Herbicida- Super Estrella II (Glifosato 65%) | C17: 4.5 | D17: =IFERROR(INDEX(Valores!E:E,MATCH(B17,Valores!C:C,0),1),"") -> Lts/Ha. | E17: =SUMIF(Valores!C:C,B17,Valores!F:F) -> 4.3 | F17: =IFERROR(INDEX(Valores!G:G,MATCH(B17,Valores!C:C,0),1),"") -> U$S/Lts. | G17: =+E17*C17*$G$6 -> 29025 | H17: =+G17/$D$10 -> 0.66583318 | M17: Flete Largo
B18: Herbicida- 2,4 D Excel 89 (2,4 D: éster 2-etilhexílico 89%) | C18: 1 | D18: =IFERROR(INDEX(Valores!E:E,MATCH(B18,Valores!C:C,0),1),"") -> Lts/Ha. | E18: =SUMIF(Valores!C:C,B18,Valores!F:F) -> 4.65 | F18: =IFERROR(INDEX(Valores!G:G,MATCH(B18,Valores!C:C,0),1),"") -> U$S/Lts. | G18: =+E18*C18*$G$6 -> 6975 | H18: =+G18/$D$10 -> 0.16000642
B19: Herbicida- Adjeva (Saflufenacil 70%) | C19: 0.04 | D19: =IFERROR(INDEX(Valores!E:E,MATCH(B19,Valores!C:C,0),1),"") -> Kg/Ha. | E19: =SUMIF(Valores!C:C,B19,Valores!F:F) -> 305 | F19: =IFERROR(INDEX(Valores!G:G,MATCH(B19,Valores!C:C,0),1),"") -> U$S/Kg. | G19: =+E19*C19*$G$6 -> 18300 | H19: =+G19/$D$10 -> 0.4198018
B20: Herbicida- Saltum (Sulfentrazone 50%) | C20: 0.5 | D20: =IFERROR(INDEX(Valores!E:E,MATCH(B20,Valores!C:C,0),1),"") -> Lts/Ha. | E20: =SUMIF(Valores!C:C,B20,Valores!F:F) -> 19.3 | F20: =IFERROR(INDEX(Valores!G:G,MATCH(B20,Valores!C:C,0),1),"") -> U$S/Lts. | G20: =+E20*C20*$G$6 -> 14475 | H20: =+G20/$D$10 -> 0.33205634
B21: Herbicida- Yamato Top (Pyroxasulfone 48%) | C21: 0.2 | D21: =IFERROR(INDEX(Valores!E:E,MATCH(B21,Valores!C:C,0),1),"") -> Lts/Ha. | E21: =SUMIF(Valores!C:C,B21,Valores!F:F) -> 84 | F21: =IFERROR(INDEX(Valores!G:G,MATCH(B21,Valores!C:C,0),1),"") -> U$S/Lts. | G21: =+E21*C21*$G$6 -> 25200 | H21: =+G21/$D$10 -> 0.57808772
B22: Herbicida- Resolutor (Cletodim 24%) | C22: 1.1 | D22: =IFERROR(INDEX(Valores!E:E,MATCH(B22,Valores!C:C,0),1),"") -> Lts/Ha. | E22: =SUMIF(Valores!C:C,B22,Valores!F:F) -> 7.8 | F22: =IFERROR(INDEX(Valores!G:G,MATCH(B22,Valores!C:C,0),1),"") -> U$S/Lts. | G22: =+E22*C22*$G$6 -> 12870 | H22: =+G22/$D$10 -> 0.29523766
B23: Herbicida- Legado pro- (Haloxifop 54%) | C23: 0.2 | D23: =IFERROR(INDEX(Valores!E:E,MATCH(B23,Valores!C:C,0),1),"") -> Lts/Ha. | E23: =SUMIF(Valores!C:C,B23,Valores!F:F) -> 22 | F23: =IFERROR(INDEX(Valores!G:G,MATCH(B23,Valores!C:C,0),1),"") -> U$S/Lts. | G23: =+E23*C23*$G$6 -> 6600 | H23: =+G23/$D$10 -> 0.15140393
D24: =IFERROR(INDEX(Valores!E:E,MATCH(B24,Valores!C:C,0),1),"") | E24: =SUMIF(Valores!C:C,B24,Valores!F:F) -> 0 | F24: =IFERROR(INDEX(Valores!G:G,MATCH(B24,Valores!C:C,0),1),"") | G24: =+E24*C24*$G$6 -> 0 | H24: =+G24/$D$10 -> 0
B25: Insecticida- Arpegio (Tiametox14,1+Lamb10,6) | C25: 0.3 | D25: =IFERROR(INDEX(Valores!E:E,MATCH(B25,Valores!C:C,0),1),"") -> Lts/Ha. | E25: =SUMIF(Valores!C:C,B25,Valores!F:F) -> 30.5 | F25: =IFERROR(INDEX(Valores!G:G,MATCH(B25,Valores!C:C,0),1),"") -> U$S/Lts. | G25: =+E25*C25*$G$6 -> 13725 | H25: =+G25/$D$10 -> 0.31485135
B26: Fungicida- Tempus Max (Protioconazole 17,5% + Azoxistrobina 16%) | C26: 0.35 | D26: =IFERROR(INDEX(Valores!E:E,MATCH(B26,Valores!C:C,0),1),"") -> Lts/Ha. | E26: =SUMIF(Valores!C:C,B26,Valores!F:F) -> 23 | F26: =IFERROR(INDEX(Valores!G:G,MATCH(B26,Valores!C:C,0),1),"") -> U$S/Lts. | G26: =+E26*C26*$G$6 -> 12075 | H26: =+G26/$D$10 -> 0.27700037
D27: =IFERROR(INDEX(Valores!E:E,MATCH(B27,Valores!C:C,0),1),"") | E27: =SUMIF(Valores!C:C,B27,Valores!F:F) -> 0 | F27: =IFERROR(INDEX(Valores!G:G,MATCH(B27,Valores!C:C,0),1),"") | G27: =+E27*C27*$G$6 -> 0 | H27: =+G27/$D$10 -> 0
B28: Curasemilla Rizo Pack 102 (soja) | C28: 1 | D28: =IFERROR(INDEX(Valores!E:E,MATCH(B28,Valores!C:C,0),1),"") -> Dosis/Ha. | E28: =SUMIF(Valores!C:C,B28,Valores!F:F) -> 4.5 | F28: =IFERROR(INDEX(Valores!G:G,MATCH(B28,Valores!C:C,0),1),"") -> U$S/Dosis | G28: =+E28*C28*$G$6 -> 6750 | H28: =+G28/$D$10 -> 0.15484493
D29: =IFERROR(INDEX(Valores!E:E,MATCH(B29,Valores!C:C,0),1),"") | E29: =SUMIF(Valores!C:C,B29,Valores!F:F) -> 0 | F29: =IFERROR(INDEX(Valores!G:G,MATCH(B29,Valores!C:C,0),1),"") | G29: =+E29*C29*$G$6 -> 0 | H29: =+G29/$D$10 -> 0
D30: =IFERROR(INDEX(Valores!E:E,MATCH(B30,Valores!C:C,0),1),"") | E30: =SUMIF(Valores!C:C,B30,Valores!F:F) -> 0 | F30: =IFERROR(INDEX(Valores!G:G,MATCH(B30,Valores!C:C,0),1),"") | G30: =+E30*C30*$G$6 -> 0 | H30: =+G30/$D$10 -> 0
D31: =IFERROR(INDEX(Valores!E:E,MATCH(B31,Valores!C:C,0),1),"") | E31: =SUMIF(Valores!C:C,B31,Valores!F:F) -> 0 | F31: =IFERROR(INDEX(Valores!G:G,MATCH(B31,Valores!C:C,0),1),"") | G31: =+E31*C31*$G$6 -> 0 | H31: =+G31/$D$10 -> 0
D32: =IFERROR(INDEX(Valores!E:E,MATCH(B32,Valores!C:C,0),1),"") | E32: =SUMIF(Valores!C:C,B32,Valores!F:F) -> 0 | F32: =IFERROR(INDEX(Valores!G:G,MATCH(B32,Valores!C:C,0),1),"") | G32: =+E32*C32*$G$6 -> 0 | H32: =+G32/$D$10 -> 0
D33: =IFERROR(INDEX(Valores!E:E,MATCH(B33,Valores!C:C,0),1),"") | E33: =SUMIF(Valores!C:C,B33,Valores!F:F) -> 0 | F33: =IFERROR(INDEX(Valores!G:G,MATCH(B33,Valores!C:C,0),1),"") | G33: =+E33*C33*$G$6 -> 0 | H33: =+G33/$D$10 -> 0
D34: =IFERROR(INDEX(Valores!E:E,MATCH(B34,Valores!C:C,0),1),"") | E34: =SUMIF(Valores!C:C,B34,Valores!F:F) -> 0 | F34: =IFERROR(INDEX(Valores!G:G,MATCH(B34,Valores!C:C,0),1),"") | G34: =+E34*C34*$G$6 -> 0 | H34: =+G34/$D$10 -> 0 | M34: G. C. y D.
D35: =IFERROR(INDEX(Valores!E:E,MATCH(B35,Valores!C:C,0),1),"") | E35: =SUMIF(Valores!C:C,B35,Valores!F:F) -> 0 | F35: =IFERROR(INDEX(Valores!G:G,MATCH(B35,Valores!C:C,0),1),"") | G35: =+E35*C35*$G$6 -> 0 | H35: =+G35/$D$10 -> 0
D36: =IFERROR(INDEX(Valores!E:E,MATCH(B36,Valores!C:C,0),1),"") | E36: =SUMIF(Valores!C:C,B36,Valores!F:F) -> 0 | F36: =IFERROR(INDEX(Valores!G:G,MATCH(B36,Valores!C:C,0),1),"") | G36: =+E36*C36*$G$6 -> 0 | H36: =+G36/$D$10 -> 0
B37: Sub-Total AGROQ. | E37: =+G37/G6 -> 103.08 | F37: U$S/ha. | G37: =SUM(G15:G36) -> 154620 | H37: =SUM(H15:H36) -> 3.5469811
D38: =IFERROR(INDEX(Valores!E:E,MATCH(B38,Valores!C:C,0),1),"") | E38: =SUMIF(Valores!C:C,B38,Valores!F:F) -> 0 | F38: =IFERROR(INDEX(Valores!G:G,MATCH(B38,Valores!C:C,0),1),"") | G38: =+E38*C38*$G$6/1000 -> 0 | H38: =+G38/$D$10 -> 0
D39: =IFERROR(INDEX(Valores!E:E,MATCH(B39,Valores!C:C,0),1),"") | E39: =SUMIF(Valores!C:C,B39,Valores!F:F) -> 0 | F39: =IFERROR(INDEX(Valores!G:G,MATCH(B39,Valores!C:C,0),1),"") | G39: =+E39*C39*$G$6/1000 -> 0 | H39: =+G39/$D$10 -> 0
D40: =IFERROR(INDEX(Valores!E:E,MATCH(B40,Valores!C:C,0),1),"") | E40: =SUMIF(Valores!C:C,B40,Valores!F:F) -> 0 | F40: =IFERROR(INDEX(Valores!G:G,MATCH(B40,Valores!C:C,0),1),"") | G40: =+E40*C40*$G$6/1000 -> 0 | H40: =+G40/$D$10 -> 0
D41: =IFERROR(INDEX(Valores!E:E,MATCH(B41,Valores!C:C,0),1),"") | E41: =SUMIF(Valores!C:C,B41,Valores!F:F) -> 0 | F41: =IFERROR(INDEX(Valores!G:G,MATCH(B41,Valores!C:C,0),1),"") | G41: =+E41*C41*$G$6/1000 -> 0 | H41: =+G41/$D$10 -> 0
D42: =IFERROR(INDEX(Valores!E:E,MATCH(B42,Valores!C:C,0),1),"") | E42: =SUMIF(Valores!C:C,B42,Valores!F:F) -> 0 | F42: =IFERROR(INDEX(Valores!G:G,MATCH(B42,Valores!C:C,0),1),"") | G42: =+E42*C42*$G$6/1000 -> 0 | H42: =+G42/$D$10 -> 0
B43: Sub-Total FERTILIZ. | E43: =+G43/G6 -> 0 | F43: U$S/ha. | G43: =SUM(G38:G42) -> 0 | H43: =SUM(H38:H42) -> 0
B45: Semilla Soja | C45: 3 | D45: =IFERROR(INDEX(Valores!E:E,MATCH(B45,Valores!C:C,0),1),"") -> bls./Ha. | E45: =SUMIF(Valores!C:C,B45,Valores!F:F) -> 38 | F45: =IFERROR(INDEX(Valores!G:G,MATCH(B45,Valores!C:C,0),1),"") -> U$S/bls. | G45: =+C45*E45*G6 -> 171000 | H45: =G45/$D$10 -> 3.9227381
B46: Sub-Total SEMILLA | E46: =G46/G6 -> 114 | F46: U$S/ha. | G46: =SUM(G45) -> 171000 | H46: =G46/D10 -> 3.9227381
B48: Siembra Soja 2º (sin fertilización) | C48: 1 | D48: =IFERROR(INDEX(Valores!E:E,MATCH(B48,Valores!C:C,0),1),"") -> Siembra | E48: =SUMIF(Valores!C:C,B48,Valores!F:F) -> 50 | F48: =IFERROR(INDEX(Valores!G:G,MATCH(B48,Valores!C:C,0),1),"") -> U$S/Ha. | G48: =+E48*C48*$G$6 -> 75000 | H48: =G48/$D$10 -> 1.7204992 | M48: Total G.C.
B49: Pulverización Terrestre | C49: 2 | D49: =IFERROR(INDEX(Valores!E:E,MATCH(B49,Valores!C:C,0),1),"") -> Aplicaciones | E49: =SUMIF(Valores!C:C,B49,Valores!F:F) -> 8 | F49: =IFERROR(INDEX(Valores!G:G,MATCH(B49,Valores!C:C,0),1),"") -> U$S/Ha. | G49: =+E49*C49*$G$6 -> 24000 | H49: =G49/$D$10 -> 0.55055974
B50: Pulverización Aérea | C50: 1 | D50: =IFERROR(INDEX(Valores!E:E,MATCH(B50,Valores!C:C,0),1),"") -> Aplicaciones | E50: =SUMIF(Valores!C:C,B50,Valores!F:F) -> 14 | F50: =IFERROR(INDEX(Valores!G:G,MATCH(B50,Valores!C:C,0),1),"") -> U$S/Ha. | G50: =+E50*C50*$G$6 -> 21000 | H50: =G50/$D$10 -> 0.48173977 | M50: Alquiler
B51: Sub-Total LABORES | E51: =+G51/G6 -> 80 | F51: U$S/ha. | G51: =SUM(G48:G50) -> 120000 | H51: =SUM(H48:H50) -> 2.7527987
B53: Seguro Contra Riesgo Climático | C53: 30 | D53: qq./ha | E53: 0.0363 | F53: % | G53: =+E53*C53*D5 -> 52272 | H53: =G53/$D$10 -> 1.1991191 | M53: Total Gastos
B55: Total G. I. y P. | E55: =+G55/G6 -> 331.928 | G55: =+G53+G45+G51+G37+G43 -> 497892 | H55: =+H53+H45+H51+H43+H37 -> 11.421637
M56: MÁRGENES BRUTOS CON DIFERENTES NIVELES DE PRECIO
B57: COSECHA | M57: Rendimiento
B58: =+H59*D10*C58/100 -> 122057.6 | C58: 8 | D58: % | M58: Precio Bruto
G59: RINDE esperado : | H59: =+RESUMEN!G9 -> 35 | M59: Precio Neto
B60: GASTOS DE ACONDICIONAMIENTO | G60: =+'Maíz 2º'!G49 -> Equilibrio 26-27 : | H60: =((G55)/(D10-C61-C62))/(100-C58)*100 -> 12.766252
B61: Flete Corto | C61: 700 | D61: $/qq. | M61: Total G. I. y P.
B62: Paritaria | C62: 500 | D62: $/qq.
M64: Total G. A.
B65: GANANCIA ( Soja 2º sin alquiler ) | E65: =+$H$59*D10*(100-$C$58)/100-G55-($C$61+$C$62)*$H$59 -> 863770.4 | F65: $ /ha. | G65: =+E65/D10 -> 19.814883 | H65: qq./ha.
D66: en dólares : | E66: =+E65/G6 -> 575.84693 | M66: Flete Largo
B69: GANANCIA ( Trigo sin alquiler) | E69: =+TRIGO!E58 -> 282636.6 | F69: $ /ha. | G69: =+TRIGO!G58 -> 10.300731 | H69: qq./ha.
D70: en dólares : | E70: =+E69/G6 -> 188.4244
B73: ALQUILER
C74: =+RESUMEN!D10 -> 17 | D74: qq.x/ha. | E74: =+C74*D5 -> 816000 | F74: $ /ha. | G74: =+E74/D10 -> 18.719031 | H74: qq./ha.
D75: en dólares : | E75: =+E74/G6 -> 544
B78: GANANCIA (rentabilidad Trigo-Soja) : | D78: =+E78/(E74+G55+TRIGO!G47) -> 0.15645313 | E78: =+E65+E69-E74 -> 330407 | F78: $ /ha. | G78: =+E78/D10 -> 7.5795329 | H78: qq./ha.
D79: en dólares : | E79: =+E66+E70-E75 -> 220.27133

Sheet Maíz 2º
B1: MAIZ 2º - Margen Bruto
B5: Precio Bruto | D5: =+RESUMEN!I4 -> 28500 | E5: $/qq. | G5: T.C. :
G6: =+TRIGO!G6 -> 1500 | H6: $ = U$S
B7: GASTOS DE COMERCIALIZACIÓN
B8: Flete Largo | D8: =+RESUMEN!Q14 -> 3400 | E8: $/qq.
B9: Comisión | D9: 0.021 | E9: %
B10: Precio Neto | D10: =+D5*(1-D9)-D8 -> 24501.5 | E10: $/qq.
B13: GASTOS de IMPLANTACIÓN y PROTECCIÓN | E13: Pcio u$s | G13: Gto ($xha) | H13: qq./ha.
B14: Labor / Insumo | C14: Dosis / Nº | E14: Actual | F14: Unidad | G14: Actual | H14: Actual
B15: Coadyuvante- Meta Uno (aciete metilado) | C15: 1 | D15: =IFERROR(INDEX(Valores!E:E,MATCH(B15,Valores!C:C,0),1),"") -> Lts/Ha. | E15: =SUMIF(Valores!C:C,B15,Valores!F:F) -> 3.5 | F15: =IFERROR(INDEX(Valores!G:G,MATCH(B15,Valores!C:C,0),1),"") -> U$S/Lts. | G15: =+E15*C15*$G$6 -> 5250 | H15: =G15/$D$10 -> 0.2142726
D16: =IFERROR(INDEX(Valores!E:E,MATCH(B16,Valores!C:C,0),1),"") | E16: =SUMIF(Valores!C:C,B16,Valores!F:F) -> 0 | F16: =IFERROR(INDEX(Valores!G:G,MATCH(B16,Valores!C:C,0),1),"") | G16: =+E16*C16*$G$6 -> 0 | H16: =G16/$D$10 -> 0
D17: =IFERROR(INDEX(Valores!E:E,MATCH(B17,Valores!C:C,0),1),"") | E17: =SUMIF(Valores!C:C,B17,Valores!F:F) -> 0 | F17: =IFERROR(INDEX(Valores!G:G,MATCH(B17,Valores!C:C,0),1),"") | G17: =+E17*C17*$G$6 -> 0 | H17: =G17/$D$10 -> 0
D18: =IFERROR(INDEX(Valores!E:E,MATCH(B18,Valores!C:C,0),1),"") | E18: =SUMIF(Valores!C:C,B18,Valores!F:F) -> 0 | F18: =IFERROR(INDEX(Valores!G:G,MATCH(B18,Valores!C:C,0),1),"") | G18: =+E18*C18*$G$6 -> 0 | H18: =G18/$D$10 -> 0
B19: Herbicida- Super Estrella GR (Glifosato 79,2%) | C19: 1.7 | D19: =IFERROR(INDEX(Valores!E:E,MATCH(B19,Valores!C:C,0),1),"") -> Kg/Ha. | E19: =SUMIF(Valores!C:C,B19,Valores!F:F) -> 6.1 | F19: =IFERROR(INDEX(Valores!G:G,MATCH(B19,Valores!C:C,0),1),"") -> U$S/Kg. | G19: =+E19*C19*$G$6 -> 15555 | H19: =G19/$D$10 -> 0.63485909
B20: Herbicida- Super Estrella II (Glifosato 65%) | C20: 2.5 | D20: =IFERROR(INDEX(Valores!E:E,MATCH(B20,Valores!C:C,0),1),"") -> Lts/Ha. | E20: =SUMIF(Valores!C:C,B20,Valores!F:F) -> 4.3 | F20: =IFERROR(INDEX(Valores!G:G,MATCH(B20,Valores!C:C,0),1),"") -> U$S/Lts. | G20: =+E20*C20*$G$6 -> 16125 | H20: =G20/$D$10 -> 0.65812297
B21: Herbicida- Adjeva (Saflufenacil 70%) | C21: 0.04 | D21: =IFERROR(INDEX(Valores!E:E,MATCH(B21,Valores!C:C,0),1),"") -> Kg/Ha. | E21: =SUMIF(Valores!C:C,B21,Valores!F:F) -> 305 | F21: =IFERROR(INDEX(Valores!G:G,MATCH(B21,Valores!C:C,0),1),"") -> U$S/Kg. | G21: =+E21*C21*$G$6 -> 18300 | H21: =G21/$D$10 -> 0.74689305
B22: Herbicida- 2,4 D Excel 89 (2,4 D: éster 2-etilhexílico 89%) | C22: 2.5 | D22: =IFERROR(INDEX(Valores!E:E,MATCH(B22,Valores!C:C,0),1),"") -> Lts/Ha. | E22: =SUMIF(Valores!C:C,B22,Valores!F:F) -> 4.65 | F22: =IFERROR(INDEX(Valores!G:G,MATCH(B22,Valores!C:C,0),1),"") -> U$S/Lts. | G22: =+E22*C22*$G$6 -> 17437.5 | H22: =G22/$D$10 -> 0.71169112
B23: Herbicida- Sivelor (Topramezone 33,6%) | C23: 0.1 | D23: =IFERROR(INDEX(Valores!E:E,MATCH(B23,Valores!C:C,0),1),"") -> Lts/Ha. | E23: =SUMIF(Valores!C:C,B23,Valores!F:F) -> 305 | F23: =IFERROR(INDEX(Valores!G:G,MATCH(B23,Valores!C:C,0),1),"") -> U$S/Lts. | G23: =+E23*C23*$G$6 -> 45750 | H23: =G23/$D$10 -> 1.8672326
D24: =IFERROR(INDEX(Valores!E:E,MATCH(B24,Valores!C:C,0),1),"") | E24: =SUMIF(Valores!C:C,B24,Valores!F:F) -> 0 | F24: =IFERROR(INDEX(Valores!G:G,MATCH(B24,Valores!C:C,0),1),"") | G24: =+E24*C24*$G$6 -> 0 | H24: =G24/$D$10 -> 0
D25: =IFERROR(INDEX(Valores!E:E,MATCH(B25,Valores!C:C,0),1),"") | E25: =SUMIF(Valores!C:C,B25,Valores!F:F) -> 0 | F25: =IFERROR(INDEX(Valores!G:G,MATCH(B25,Valores!C:C,0),1),"") | G25: =+E25*C25*$G$6 -> 0 | H25: =G25/$D$10 -> 0
B26: Herbicida- Yamato Top (Pyroxasulfone 48%) | C26: 0.18 | D26: =IFERROR(INDEX(Valores!E:E,MATCH(B26,Valores!C:C,0),1),"") -> Lts/Ha. | E26: =SUMIF(Valores!C:C,B26,Valores!F:F) -> 84 | F26: =IFERROR(INDEX(Valores!G:G,MATCH(B26,Valores!C:C,0),1),"") -> U$S/Lts. | G26: =+E26*C26*$G$6 -> 22680 | H26: =G26/$D$10 -> 0.92565761
B27: Herbicida- Atrazina 90% | C27: 1.6 | D27: =IFERROR(INDEX(Valores!E:E,MATCH(B27,Valores!C:C,0),1),"") -> Kg/Ha. | E27: =SUMIF(Valores!C:C,B27,Valores!F:F) -> 6.95 | F27: =IFERROR(INDEX(Valores!G:G,MATCH(B27,Valores!C:C,0),1),"") -> U$S/Kg. | G27: =+E27*C27*$G$6 -> 16680 | H27: =G27/$D$10 -> 0.68077465
D28: =IFERROR(INDEX(Valores!E:E,MATCH(B28,Valores!C:C,0),1),"") | E28: =SUMIF(Valores!C:C,B28,Valores!F:F) -> 0 | F28: =IFERROR(INDEX(Valores!G:G,MATCH(B28,Valores!C:C,0),1),"") | G28: =+E28*C28*$G$6 -> 0 | H28: =G28/$D$10 -> 0
D29: =IFERROR(INDEX(Valores!E:E,MATCH(B29,Valores!C:C,0),1),"") | E29: =SUMIF(Valores!C:C,B29,Valores!F:F) -> 0 | F29: =IFERROR(INDEX(Valores!G:G,MATCH(B29,Valores!C:C,0),1),"") | G29: =+E29*C29*$G$6 -> 0 | H29: =G29/$D$10 -> 0
D30: =IFERROR(INDEX(Valores!E:E,MATCH(B30,Valores!C:C,0),1),"") | E30: =SUMIF(Valores!C:C,B30,Valores!F:F) -> 0 | F30: =IFERROR(INDEX(Valores!G:G,MATCH(B30,Valores!C:C,0),1),"") | G30: =+E30*C30*$G$6 -> 0 | H30: =G30/$D$10 -> 0
B31: Sub-Total FERTILIZ. | E31: =+G31/$G$6 -> 105.185 | F31: U$S/ha. | G31: =SUM(G15:G30) -> 157777.5 | H31: =SUM(H15:H30) -> 6.4395037
B33: Semilla Maíz | C33: 1 | D33: =IFERROR(INDEX(Valores!E:E,MATCH(B33,Valores!C:C,0),1),"") -> bls./Ha. | E33: =SUMIF(Valores!C:C,B33,Valores!F:F) -> 190 | F33: =IFERROR(INDEX(Valores!G:G,MATCH(B33,Valores!C:C,0),1),"") -> U$S/bls. | G33: =+E33*C33*$G$6 -> 285000 | H33: =G33/$D$10 -> 11.631941
D34: =IFERROR(INDEX(Valores!E:E,MATCH(B34,Valores!C:C,0),1),"") | E34: =SUMIF(Valores!C:C,B34,Valores!F:F) -> 0 | F34: =IFERROR(INDEX(Valores!G:G,MATCH(B34,Valores!C:C,0),1),"") | G34: =+E34*C34*$G$6 -> 0 | H34: =G34/$D$10 -> 0
B35: Sub-Total SEMILLAS | E35: =G35/G6 -> 190 | G35: =SUM(G33:G34) -> 285000 | H35: =SUM(H33:H34) -> 11.631941
B36: Fertilizante- MicroEssentials Sz | C36: 100 | D36: =IFERROR(INDEX(Valores!E:E,MATCH(B36,Valores!C:C,0),1),"") -> Kg/Ha. | E36: =SUMIF(Valores!C:C,B36,Valores!F:F) -> 1100 | F36: =IFERROR(INDEX(Valores!G:G,MATCH(B36,Valores!C:C,0),1),"") -> U$S/ton. | G36: =+E36*C36*$G$6/1000 -> 165000 | H36: =G36/$D$10 -> 6.7342816
B37: Fertilizante- Urea | C37: 220 | D37: =IFERROR(INDEX(Valores!E:E,MATCH(B37,Valores!C:C,0),1),"") -> Kg/Ha. | E37: =SUMIF(Valores!C:C,B37,Valores!F:F) -> 970 | F37: =IFERROR(INDEX(Valores!G:G,MATCH(B37,Valores!C:C,0),1),"") -> U$S/ton. | G37: =+E37*C37*$G$6/1000 -> 320100 | H37: =G37/$D$10 -> 13.064506
D38: =IFERROR(INDEX(Valores!E:E,MATCH(B38,Valores!C:C,0),1),"") | E38: =SUMIF(Valores!C:C,B38,Valores!F:F) -> 0 | F38: =IFERROR(INDEX(Valores!G:G,MATCH(B38,Valores!C:C,0),1),"") | G38: =+E38*C38*$G$6/1000 -> 0 | H38: =G38/$D$10 -> 0
D39: =IFERROR(INDEX(Valores!E:E,MATCH(B39,Valores!C:C,0),1),"") | E39: =SUMIF(Valores!C:C,B39,Valores!F:F) -> 0 | F39: =IFERROR(INDEX(Valores!G:G,MATCH(B39,Valores!C:C,0),1),"") | G39: =+E39*C39*$G$6/1000 -> 0 | H39: =G39/$D$10 -> 0
B40: Sub-Total LABORES | E40: =+G40/$G$6 -> 323.4 | F40: U$S/ha. | G40: =SUM(G36:G39) -> 485100 | H40: =SUM(H36:H39) -> 19.798788
B42: Seguro Contra Riesgo Climático | C42: 80 | D42: qq./ha | E42: 0.0315 | F42: % | G42: =+E42*C42*D10 -> 61743.78 | H42: =G42/$D$10 -> 2.52
B44: Total G. I. y P. | E44: =+G44/G6 -> 674.86752 | G44: =+G26+G31+G33+G40+G42 -> 1012301.3 | H44: =+H31+H33+H40+H42 -> 40.390232
B47: GASTOS de COSECHA
B48: =+H48*D10*C48/100 -> 147009 | C48: 8 | D48: % | G48: RINDE esperado : | H48: =+RESUMEN!H9 -> 75
G49: =+TRIGO!G53 -> Equilibrio 26-27 : | H49: =((G44)/(D10-C51-C52))/(100-C48)*100 -> 47.221315
B50: GASTOS de ACONDICIONAMIENTO
B51: Flete Corto | C51: 700 | D51: $/qq.
B52: Paritaria | C52: 500 | D52: $/qq.
B55: GANANCIA ( Maíz 2º sin alquiler ) | E55: =+$H$48*D10*(100-$C$48)/100-G44-($C$51+$C$52)*$H$48 -> 588302.22 | F55: $ /ha. | G55: =+E55/D10 -> 24.010865 | H55: qq./ha.
D56: en dólares : | E56: =+E55/G6 -> 392.20148
B59: GANANCIA ( Trigo sin alquiler) | E59: =+TRIGO!E58 -> 282636.6 | F59: $ /ha. | G59: =+TRIGO!G59 -> 0 | H59: qq./ha.
D60: en dólares : | E60: =+E59/G6 -> 188.4244
B63: ALQUILER
C64: =+RESUMEN!D10 -> 17 | D64: qq.x/ha. | E64: =+C64*Sj1º!D5 -> 816000 | F64: $ /ha. | G64: =+E64/D10 -> 33.304083 | H64: qq./ha.
D65: en dólares : | E65: =+E64/G6 -> 544
B68: GANANCIA (rentabilidad Trigo-Maíz) : | D68: =+E68/(E64+G44+TRIGO!G48) -> 0.030049107 | E68: =+E55+E59-E64 -> 54938.82 | F68: $ /ha. | G68: =+E68/D10 -> 2.2422635 | H68: qq./ha.
D69: en dólares : | E69: =+E56+E60-E65 -> 36.62588

Sheet Maíz2º
B1: MAIZ 2º - Margen Bruto
B5: Precio Bruto | D5: =+RESUMEN!I4 -> 28500 | F5: $/qq. | I5: T.C. :
I6: =+RESUMEN!Q15 -> 1500 | L6: $ = U$S
B7: GASTOS DE COMERCIALIZACIÓN
B8: Flete Largo | D8: =+RESUMEN!Q14 -> 3400 | F8: $/qq.
B9: Comisión | D9: 0.03 | F9: %
B10: Precio Neto | D10: =+D5*(1-D9)-D8 -> 24245 | F10: $/qq.
B13: GASTOS de IMPLANTACIÓN y PROTECCIÓN | E13: Pcio u$s | F13: Pcio u$s | H13: Gto ($xha) | I13: Gto ($xha) | K13: qq./ha. | L13: qq./ha.
B14: Labor / Insumo | C14: Dosis / Nº | E14: 06-07 | F14: Actual | G14: Unidad | H14: 07-08 | I14: Actual | J14: % | K14: 07-08 | L14: Actual | M14: %
B15: Agroq. Adherente | C15: =+'Maíz 2º'!#REF! -> #REF! | D15: lts./ha. | E15: =+Valores!#REF! -> #REF! | F15: =+Valores!F17 -> 45 | G15: u$s | H15: =+E15*C15*$N$7 -> #REF! | I15: =+F15*C15*$I$6 -> #REF! | J15: =+I15/H15-1 -> #REF! | K15: =H15/$C$10 -> #REF! | L15: =I15/$D$10 -> #REF! | M15: =+L15/K15-1 -> #REF!
B16: Agroq. Herbicida Glifosato | C16: =+'Maíz 2º'!C17 -> 0 | D16: lts./ha. | E16: =+Valores!#REF! -> #REF! | F16: =+Valores!F65 -> 4.3 | G16: u$s | H16: =+E16*C16*$N$7 -> #REF! | I16: =+F16*C16*$I$6 -> 0 | J16: =+I16/H16-1 -> #REF! | K16: =H16/$C$10 -> #REF! | L16: =I16/$D$10 -> 0 | M16: =+L16/K16-1 -> #REF!
B17: Agroq. Herbicida Metsulfurón Metil | C17: =+'Maíz 2º'!C18 -> 0 | D17: kgs./ha. | E17: =+Valores!#REF! -> #REF! | F17: =+Valores!F56 -> 36.6 | G17: u$s | H17: =+E17*C17*$N$7 -> #REF! | I17: =+F17*C17*$I$6 -> 0 | J17: =+I17/H17-1 -> #REF! | K17: =H17/$C$10 -> #REF! | L17: =I17/$D$10 -> 0 | M17: =+L17/K17-1 -> #REF!
B18: Agroq. Herbicida Atrazina | C18: =+'Maíz 2º'!C20 -> 2.5 | D18: Kg./ha. | E18: =+Valores!#REF! -> #REF! | F18: =+Valores!F44 -> 6.95 | G18: u$s | H18: =+E18*C18*$N$7 -> #REF! | I18: =+F18*C18*$I$6 -> 26062.5 | J18: =+I18/H18-1 -> #REF! | K18: =H18/$C$10 -> #REF! | L18: =I18/$D$10 -> 1.0749639 | M18: =+L18/K18-1 -> #REF!
B19: Agroq. Herbicida Dual Gold | C19: =+'Maíz 2º'!C23 -> 0.1 | D19: lts./ha. | E19: =+Valores!#REF! -> #REF! | F19: =+Valores!#REF! -> #REF! | G19: u$s | H19: =+E19*C19*$N$7 -> #REF! | I19: =+F19*C19*$I$6 -> #REF! | J19: =+I19/H19-1 -> #REF! | K19: =H19/$C$10 -> #REF! | L19: =I19/$D$10 -> #REF! | M19: =+L19/K19-1 -> #REF!
B20: Sub-Total AGROQUIMICOS | E20: =+H20/$N$7 -> #REF! | F20: =+I20/$I$6 -> #REF! | G20: U$S/ha. | H20: =SUM(H15:H19) -> #REF! | I20: =SUM(I15:I19) -> #REF! | J20: $/ha. | K20: =SUM(K15:K19) -> #REF! | L20: =SUM(L15:L19) -> #REF! | M20: =+L20/K20-1 -> #REF!
B22: MAP-S | C22: =+'Maíz 2º'!C28 -> 0 | D22: kg./ha. | E22: =+Valores!#REF! -> #REF! | F22: =+Valores!F12 -> 1040 | G22: u$s | H22: =+E22*C22*$N$7/1000 -> #REF! | I22: =+F22*C22*$I$6/1000 -> 0 | J22: =+I22/H22-1 -> #REF! | K22: =H22/$C$10 -> #REF! | L22: =I22/$D$10 -> 0 | M22: =+L22/K22-1 -> #REF!
B23: Urea | C23: =+'Maíz 2º'!C29 -> 0 | D23: kg./ha. | E23: =+Valores!#REF! -> #REF! | F23: =+Valores!F11 -> 970 | G23: u$s | H23: =+E23*C23*$N$7/1000 -> #REF! | I23: =+F23*C23*$I$6/1000 -> 0 | J23: =+I23/H23-1 -> #REF! | K23: =H23/$C$10 -> #REF! | L23: =I23/$D$10 -> 0 | M23: =+L23/K23-1 -> #REF!
B24: Sub-Total FERTILIZANTES | E24: =+H24/$N$7 -> #REF! | F24: =+I24/$I$6 -> 0 | G24: U$S/ha. | H24: =SUM(H22:H23) -> #REF! | I24: =SUM(I22:I23) -> 0 | J24: $/ha. | K24: =SUM(K22:K23) -> #REF! | L24: =SUM(L22:L23) -> 0 | M24: =+L24/K24-1 -> #REF!
B26: Semilla (Híbrido Simple) | C26: =+'Maíz 2º'!C33 -> 1 | D26: bolsa/ha. | E26: =+Valores!#REF! -> #REF! | F26: =+Valores!F89 -> 190 | G26: u$s/bls. | H26: =+E26*C26*$N$7 -> #REF! | I26: =+F26*C26*$I$6 -> 285000 | J26: =+I26/H26-1 -> #REF! | K26: =H26/$C$10 -> #REF! | L26: =I26/$D$10 -> 11.755001 | M26: =+L26/K26-1 -> #REF!
B28: Siembra c/Fertilización Doble | C28: =+'Maíz 2º'!C36 -> 100 | D28: siembra | E28: =+Valores!#REF! -> #REF! | F28: =+Valores!F110 -> 55 | G28: $/ha. | H28: =C28*E28 -> #REF! | I28: =C28*F28 -> 5500 | J28: =+I28/H28-1 -> #REF! | K28: =H28/$C$10 -> #REF! | L28: =I28/$D$10 -> 0.2268509 | M28: =+L28/K28-1 -> #REF!
B29: Fertilización al Voleo | C29: =+'Maíz 2º'!C38 -> 0 | D29: Aplicación | E29: =+Valores!#REF! -> #REF! | F29: =+Valores!F99 -> 14 | G29: $/ha. | H29: =C29*E29 -> #REF! | I29: =C29*F29 -> 0 | J29: =+I29/H29-1 -> #REF! | K29: =H29/$C$10 -> #REF! | L29: =I29/$D$10 -> 0 | M29: =+L29/K29-1 -> #REF!
B30: Pulverización Terrestre | C30: =+'Maíz 2º'!C39 -> 0 | D30: aplicaciones | E30: =+Valores!#REF! -> #REF! | F30: =+Valores!F101 -> 8 | G30: $/ha. | H30: =C30*E30 -> #REF! | I30: =C30*F30 -> 0 | J30: =+I30/H30-1 -> #REF! | K30: =H30/$C$10 -> #REF! | L30: =I30/$D$10 -> 0 | M30: =+L30/K30-1 -> #REF!
B31: Sub-Total LABORES | E31: =+H31/$N$7 -> #REF! | F31: =+I31/$I$6 -> 3.6666667 | G31: U$S/ha. | H31: =SUM(H28:H30) -> #REF! | I31: =SUM(I28:I30) -> 5500 | J31: $/ha. | K31: =SUM(K28:K30) -> #REF! | L31: =SUM(L28:L30) -> 0.2268509 | M31: =+L31/K31-1 -> #REF!
B33: Seguro Contra Riesgo Climático | C33: =+'Maíz 2º'!C42 -> 80 | D33: qq./ha | E33: =+Valores!#REF! -> #REF! | F33: 0.0315 | G33: % | H33: =+E33*C33*C10 -> #REF! | I33: =+F33*C33*D10 -> 61097.4 | J33: =+I33/H33-1 -> #REF! | K33: =H33/$C$10 -> #REF! | L33: =I33/$D$10 -> 2.52 | M33: =+L33/K33-1 -> #REF!
B35: Total G. I. y P. | E35: =+H35/N7 -> #REF! | F35: =+I35/I6 -> #REF! | H35: =+H20+H24+H26+H31+H33 -> #REF! | I35: =+I20+I24+I26+I31+I33 -> #REF! | J35: =+I35/H35-1 -> #REF! | K35: =+K20+K24+K26+K31+K33 -> #REF! | L35: =+L20+L24+L26+L31+L33 -> #REF! | M35: =+L35/K35-1 -> #REF!
B38: GASTOS de COSECHA
B39: =+L39*D10*C39/100 -> 145470 | C39: =+'Maíz 2º'!C48 -> 8 | D39: % | I39: RINDE ESPERADO : | L39: =+RESUMEN!H9 -> 75
I40: EQUILIBRIO 09-10 : | L40: =((I35+F47)/(D10-C42-C43))/(100-C39)*100 -> #REF!
B41: GASTOS de ACONDICIONAMIENTO
B42: Flete Corto | C42: =+'Maíz 2º'!C51 -> 700 | D42: $/qq.
B43: Paritaria | C43: =+'Maíz 2º'!C52 -> 500 | D43: $/qq.
B46: ALQUILER | H46: en qq. Maíz
C47: =+RESUMEN!D10 -> 17 | D47: qq.x/ha. | E47: 18 | F47: =+C47*Sj1º!D5 -> 816000 | G47: $ /ha. | H47: =+E47*Sj1º!C5 -> #REF! | I47: =+F47/D10 -> 33.656424 | L47: qq./ha.
D48: en dólares : | F48: =+F47/I6 -> 544 | H48: =+H47/N7 -> #REF!
I50: en qq. Maíz
B51: GANANCIA ( rentabilidad ) : | D51: =+F52/(F48+F35) -> #REF! | F51: =$L$39*D10*(100-$C$39)/100-I35-F47-($C$42+$C$43)*$L$39 -> #REF! | G51: $ /ha. | H51: =$L$39*C10*(100-$C$39)/100-H35-H47-($C$42+$C$43)*$L$39 -> #REF! | I51: =+F51/D10 -> #REF! | L51: qq./ha.
D52: en dólares : | F52: =+F51/I6 -> #REF! | H52: =+H51/N7 -> #REF!

Sheet Alquiler fciado
B1: Ejemplo costo alquiler "real":
B4: Se alquilan | C4: 100 | D4: has. | G4: =IF(F9=0,(C4*D6*D8),(C4*D8*(D6*(1-D12)-D14))) -> 456000
C6: Pcio Soja Disponible ($) : | D6: 240 | P6: =+D6 -> 240 | Q6: =+P6 -> 240
P7: =-D12*P6 -> -6.72 | Q7: =-D13*Q6 -> -33.6
C8: Precio del alquiler x ha.: | D8: =+D9+C9 -> 19 | E8: qq. | F8: x | G8: Llenos | H8: =IF(W12=1,"bien","MAL!!!! Lleno o c/ dctos.?!?!!?") -> bien | P8: =-D14 -> -23 | Q8: =+P8 -> -23 | W8: =COUNTA(F8) -> 1
C9: 15 | D9: 4 | G9: con descuentos | P9: =SUM(P6:P8) -> 210.28 | Q9: =SUM(Q6:Q8) -> 183.4 | W9: =COUNTA(F9) -> 0
C10: recibo | D10: sin recibo | P10: =(P9*C9+Q9*D9)/D8 -> 204.62105
C12: Comisión : | D12: 0.028 | P12: =(C9*D12+D9*D13)/D8 -> 0.051578947 | W12: =SUM(W8:W9) -> 1
C13: Comisión * : | D13: 0.14
C14: Flete a puerto (x qq.) : | D14: 23
C16: Incremento Alquiler : | D16: =IF(F9=0,((D14+D12*D6)*C9+(D14+D13*D6)*D9)/(P10),0) -> 3.285097 | E16: qq. | F16: =+D17/D8-1 -> 0.17289984 | G16: (incremento) | H16: Precio lleno
C17: Alquiler REAL : | D17: =+D16+D8 -> 22.285097 | E17: qq.
C18: Interés Anual : | D18: 0.12
C19: Incremento Alquiler : | D19: =+D18*D17 -> 2.6742116 | E19: qq. | F19: =+D20/D17-1 -> 0.12 | G19: (incremento) | H19: Interés
C20: Alquiler REAL : | D20: =+D19+D17 -> 24.959309 | E20: qq.
C21: Precio Soja Futuro (u$s) : | D21: 280
C22: tipo de cambio : | D22: 8.55 | H22: Spread de Precios
C23: precio efectivo: | D23: =+D21*D22 -> 2394 | F23: =+D6/(D23/10)-1 -> 0.0025062657 | G23: (incremento)
A24: =+D6*10/'Alquiler fciado'!D22 -> 280.70175
C27: Alquiler "pactado" : | D27: =+D8 -> 19 | E27: qq. por hectárea
C28: Alquiler REAL final : | D28: =(G4/(D23/10*(1-P12)-D14)*(1+D18))/C4 -> 25.028914 | E28: qq. por hectárea
C29: incremento : | D29: =+D28/D27-1 -> 0.31731127
B33: * el incremento final del alquiler es superior a la suma de los 3 porcentajes de incrementos individuales
B34: porque se vende al precio futuro (inferior) para pagar la comisión sobre el precio lleno disponible

Sheet Alq.
C1: Alquiler | D1: Costo | E1: variable | F1: punto | G1: Ingreso | H1: Ingreso | I1: Ingreso | J1: Ingreso
B2: Rinde | C2: Fijo | D2: Producc. | E2: p/ dueño | F2: indifer. | G2: Dueño | H2: Dueño* | I2: Productor | J2: Productor*
B3: 20 | C3: 12 | D3: 12 | E3: 0.5 | F3: =+D3+C3 -> 24 | G3: 18 | H3: =IF(B3>F3,((B3-F3)*E3+C3),C3) -> 12 | I3: =+B3-D3-G3 -> -10 | J3: =+B3-D3-H3 -> -4
B4: =+B3+1 -> 21 | C4: =+C3 -> 12 | D4: =+D3 -> 12 | E4: =+E3 -> 0.5 | F4: =+D4+C4 -> 24 | G4: 18 | H4: =IF(B4>F4,((B4-F4)*E4+C4),C4) -> 12 | I4: =+B4-D4-G4 -> -9 | J4: =+B4-D4-H4 -> -3
B5: =+B4+1 -> 22 | C5: =+C4 -> 12 | D5: =+D4 -> 12 | E5: =+E4 -> 0.5 | F5: =+D5+C5 -> 24 | G5: 18 | H5: =IF(B5>F5,((B5-F5)*E5+C5),C5) -> 12 | I5: =+B5-D5-G5 -> -8 | J5: =+B5-D5-H5 -> -2
B6: =+B5+1 -> 23 | C6: =+C5 -> 12 | D6: =+D5 -> 12 | E6: =+E5 -> 0.5 | F6: =+D6+C6 -> 24 | G6: 18 | H6: =IF(B6>F6,((B6-F6)*E6+C6),C6) -> 12 | I6: =+B6-D6-G6 -> -7 | J6: =+B6-D6-H6 -> -1
B7: =+B6+1 -> 24 | C7: =+C6 -> 12 | D7: =+D6 -> 12 | E7: =+E6 -> 0.5 | F7: =+D7+C7 -> 24 | G7: 18 | H7: =IF(B7>F7,((B7-F7)*E7+C7),C7) -> 12 | I7: =+B7-D7-G7 -> -6 | J7: =+B7-D7-H7 -> 0
B8: =+B7+1 -> 25 | C8: =+C7 -> 12 | D8: =+D7 -> 12 | E8: =+E7 -> 0.5 | F8: =+D8+C8 -> 24 | G8: 18 | H8: =IF(B8>F8,((B8-F8)*E8+C8),C8) -> 12.5 | I8: =+B8-D8-G8 -> -5 | J8: =+B8-D8-H8 -> 0.5
B9: =+B8+1 -> 26 | C9: =+C8 -> 12 | D9: =+D8 -> 12 | E9: =+E8 -> 0.5 | F9: =+D9+C9 -> 24 | G9: 18 | H9: =IF(B9>F9,((B9-F9)*E9+C9),C9) -> 13 | I9: =+B9-D9-G9 -> -4 | J9: =+B9-D9-H9 -> 1
B10: =+B9+1 -> 27 | C10: =+C9 -> 12 | D10: =+D9 -> 12 | E10: =+E9 -> 0.5 | F10: =+D10+C10 -> 24 | G10: 18 | H10: =IF(B10>F10,((B10-F10)*E10+C10),C10) -> 13.5 | I10: =+B10-D10-G10 -> -3 | J10: =+B10-D10-H10 -> 1.5
B11: =+B10+1 -> 28 | C11: =+C10 -> 12 | D11: =+D10 -> 12 | E11: =+E10 -> 0.5 | F11: =+D11+C11 -> 24 | G11: 18 | H11: =IF(B11>F11,((B11-F11)*E11+C11),C11) -> 14 | I11: =+B11-D11-G11 -> -2 | J11: =+B11-D11-H11 -> 2
B12: =+B11+1 -> 29 | C12: =+C11 -> 12 | D12: =+D11 -> 12 | E12: =+E11 -> 0.5 | F12: =+D12+C12 -> 24 | G12: 18 | H12: =IF(B12>F12,((B12-F12)*E12+C12),C12) -> 14.5 | I12: =+B12-D12-G12 -> -1 | J12: =+B12-D12-H12 -> 2.5
B13: =+B12+1 -> 30 | C13: =+C12 -> 12 | D13: =+D12 -> 12 | E13: =+E12 -> 0.5 | F13: =+D13+C13 -> 24 | G13: 18 | H13: =IF(B13>F13,((B13-F13)*E13+C13),C13) -> 15 | I13: =+B13-D13-G13 -> 0 | J13: =+B13-D13-H13 -> 3
B14: =+B13+1 -> 31 | C14: =+C13 -> 12 | D14: =+D13 -> 12 | E14: =+E13 -> 0.5 | F14: =+D14+C14 -> 24 | G14: 18 | H14: =IF(B14>F14,((B14-F14)*E14+C14),C14) -> 15.5 | I14: =+B14-D14-G14 -> 1 | J14: =+B14-D14-H14 -> 3.5
B15: =+B14+1 -> 32 | C15: =+C14 -> 12 | D15: =+D14 -> 12 | E15: =+E14 -> 0.5 | F15: =+D15+C15 -> 24 | G15: 18 | H15: =IF(B15>F15,((B15-F15)*E15+C15),C15) -> 16 | I15: =+B15-D15-G15 -> 2 | J15: =+B15-D15-H15 -> 4
... B33: =+B32+1 -> 50 | C33: =+C32 -> 12 | D33: =+D32 -> 12 | E33: =+E32 -> 0.5 | F33: =+D33+C33 -> 24 | G33: 18 | H33: =IF(B33>F33,((B33-F33)*E33+C33),C33) -> 25 | I33: =+B33-D33-G33 -> 20 | J33: =+B33-D33-H33 -> 13

Sheet INFO ANALISIS
B1: PLANILLA de SOLICITUD de FINANCIACION | AC1: PLANILLA ANALISIS CREDITICIO
S2: Fecha: | U2: =TODAY() -> 46134 | AF2: =+U2 -> 46134
B4: Quien suscribe | O4: Titular de la Cta. Cte. Nº | AD4: =+F4 -> 0
B5: solicita a la Coop. Agrop. UNION de Justiniano Posse Ltda. la siguiente asistencia
B6: financiera :
AE7: Segmento (Plan de Marketing) | AF7: A
B8: 1- | C8: La financiación de los Insumos para el plan de siembra abajo detallado:
K10: Sí (casi la totalidad) | AI10: Costos Implantación (en u$s) | AN10: =IF(I10=0,0,1) -> 0
K11: No | AD11: Financiación Insumos : | AF11: =(AI12*C28+C29*AL12+AJ12*C30)*AE12*AN13 -> 42107173 | AI11: Soja 1º | AJ11: Trigo | AK11: Soja 2º | AL11: Maíz | AN11: 0
I12: x | K12: Parcialmente, un | P12: 45 | R12: % | V12: =IF(AO12=1,"bien","ERROR GIL!!!") -> bien | AD12: Tipo Cambio: | AE12: =+RESUMEN!Q15 -> 1500 | AI12: =+RESUMEN!F13 -> 422.30242 | AJ12: =+RESUMEN!G13 -> 863.9062 | AK12: 0 | AL12: =+RESUMEN!I13 -> 825.31752 | AN12: =IF(I12=0,0,P12)/100 -> 0.45 | AO12: =COUNTA(I10:J12) -> 1
AN13: =SUM(AN10:AN12) -> 0.45
B14: 2 - | C14: El valor de | I14: qq. de Soja para el pago de Alquileres | AD14: Financiación Alquileres : | AF14: =+F14*RESUMEN!F4 -> 0
B16: 3 - | C16: Necesito financiar parte de mis gastos particulares, por un monto de:
C17: $ | G17: mensuales; o la suma de | N17: 0 | Q17: pesos para todo el ciclo | AC17: =IF((D17*N17)=0,"bien","MAL") -> bien | AD17: Gastos Particulares : | AF17: =+D17*12+N17 -> 0
B19: 4 - | C19: La cantidad de | J19: litros de gasoil para la actividad de | AC19: Pcio Gasoil | AD19: Financiación Gasoil : | AF19: =+AC20*G19 -> 0
AC20: 12.5
B21: 5- | C21: Y el importe de $ | H21: 0 | M21: o el valor de | T21: qq. de Soja | AD21: Otra Financiación : | AF21: =+H21+Q21*RESUMEN!F4 -> 0 | AN21: =IF((H21*Q21)=0,"bien","ERROR GIL!!!") -> bien
C22: cuyo destino será:
AD23: Vctos. Bancarios : | AF23: =SUM(D41:G44) -> 0
V24: =+AN21 -> bien
B26: * | C26: Mi plan de siembra para la próxima campaña (20.…...-……..) es el siguiente: | AE26: TOTAL FINANCIACION SOLICITADA : | AF26: =SUM(AF9:AF24) -> 42107173
C27: Has. | F27: Utilización
C28: =+RESUMEN!F78 -> 50 | F28: Siembra de SOJA de 1º | O28: De ese total de hectáreas: | AE28: TOTAL DEUDA EN COOP. A LA FECHA : | AF28: 0
C29: =+RESUMEN!I78 -> 50 | F29: Siembra de MAIZ | O29: =+RESUMEN!E83 -> 0 | R29: has. son propias
C30: =+RESUMEN!G78 -> 0 | F30: Siembra de TRIGO | O30: =+RESUMEN!G83 -> 100 | R30: has. son alquiladas | AE30: TOTAL PRODUCCION 15-16 (neta de trilla) : | AF30: =(RESUMEN!F8*RESUMEN!F5*RESUMEN!F78+RESUMEN!G78*RESUMEN!G9*RESUMEN!F5+RESUMEN!G5*RESUMEN!G8*RESUMEN!G78+RESUMEN!I78*RESUMEN!I8*RESUMEN!I5)*0.9 -> 2.1506906e+08
C31: =+C30 -> 0 | F31: Siembra de SOJA de 2º
F32: Otra actividad: | N32: Valor promedio de los alquileres pagados: | AE32: TOTAL GANANCIA PROYECTADA : | AF32: =+RESUMEN!P80 -> 37207699
C33: =SUM(C28:E32) -> 100 | F33: Total Hectáreas | N33: 19 | P33: qq. x hectárea | U33: x | V33: pcio lleno
V34: pcio c/ dctos. | AC34: dif. has.:
AC35: =IF((C33-O29-O30)=0,"bien",(C33-O29-O30)) -> bien
B36: Las garantías que ofrezco son las siguientes:
AD37: Total Entrega | AE37: Has. Semb. | AF37: Rinde
AD38: Año Anterior | AE38: Año Anter. | AF38: Entregado
B39: * | C39: Mis deudas financieras, con vencimiento antes del 30 de abril siguiente son: | AC39: Trigo | AD39: 1500 | AE39: 0 | AF39: =IFERROR((AD39/AE39),0) -> 0
D40: Monto | H40: Banco / Institución | Q40: Fecha | AC40: Maíz | AD40: 500 | AF40: =IFERROR((AD40/AE40),0) -> 0
D41: 0 | H41: 0 | AC41: Soja | AD41: 4500 | AE41: 180 | AF41: =IFERROR((AD41/AE41),0) -> 25
D42: 0 | H42: 0 | AD42: =+AD39*RESUMEN!G5+RESUMEN!F5*'INFO ANALISIS'!AD41+'INFO ANALISIS'!AD40*RESUMEN!I5 -> 249572500
D43: 0 | H43: 0
D44: 0 | H44: 0
AE45: =IF(AF45=0,0,"Solicitado + Adeudado / Entregado:") -> Solicitado + Adeudado / Entregado: | AF45: =IFERROR((AF26+AF28)/(AD42*0.9),0) -> 0.18746355
Q46: Firma: | AE46: Solicitado + Adeudado / Producción: | AF46: =IFERROR((AF28+AF26)/AF30,0) -> 0.19578443
P48: Aclaración: | AC48: Opinión Coordinador :

Sheet Imprime Formulario
B1: PLANILLA de SOLICITUD de FINANCIACION
S2: Fecha: | U2: 40680
B4: Quien suscribe | O4: Titular de la Cta. Cte. Nº
B5: solicita a la Coop. Agrop. UNION de Justiniano Posse Ltda. la siguiente asistencia
B6: financiera :
B8: 1- | C8: La financiación de los Insumos para el plan de siembra abajo detallado:
K10: Sí (casi la totalidad)
K11: No
K12: Parcialmente, un | R12: %
B14: 2 - | C14: El valor de | I14: qq. de Soja para el pago de Alquileres
B16: 3 - | C16: Necesito financiar parte de mis gastos particulares, por un monto de:
C17: $ | G17: mensuales; o la suma de | Q17: pesos para todo el ciclo
B19: 4 - | C19: La cantidad de | J19: litros de gasoil para la actividad de
B21: 5- | C21: Y el importe de $ | M21: o el valor de | T21: qq. de Soja
C22: cuyo destino será:
B26: * | C26: Mi plan de siembra para la próxima campaña (20.…...-……..) es el siguiente:
C27: Has. | F27: Utilización
F28: Siembra de SOJA de 1º | O28: De ese total de hectáreas:
F29: Siembra de MAIZ | R29: has. son propias
F30: Siembra de TRIGO | R30: has. son alquiladas
F31: Siembra de SOJA de 2º
F32: Otra actividad: | N32: Valor promedio de los alquileres pagados:
C33: 0 | F33: Total Hectáreas | P33: qq. x hectárea | V33: pcio lleno
V34: pcio c/ dctos.
B36: Las garantías que ofrezco son las siguientes:
B39: * | C39: Mis deudas financieras, con vencimiento antes del 30 de abril siguiente son:
D40: Monto | H40: Banco / Institución | Q40: Fecha
D41: 0 | H41: 0
D42: 0 | H42: 0
D43: 0 | H43: 0
D44: 0 | H44: 0
Q46: Firma:
P48: Aclaración:

Sheet SORGO
B1: SORGO - Margen Bruto
K3: mayo | L3: junio | M3: julio | N3: agosto | O3: septiembre | P3: octubre | Q3: noviembre | R3: diciembre | S3: enero | T3: febrero | U3: marzo | V3: abril
B5: Precio Bruto | D5: =RESUMEN!J4 -> 28500 | E5: $/qq. | G5: T.C. :
G6: =+RESUMEN!Q15 -> 1500 | H6: $ = U$S
B7: GASTOS DE COMERCIALIZACIÓN
B8: Flete Largo | D8: =+RESUMEN!$Q$14 -> 3400 | E8: $/qq.
B9: Comisión | D9: 0.021 | E9: %
B10: Precio Neto | D10: =+D5*(1-D9)-D8 -> 24501.5 | E10: $/qq.
B13: GASTOS de IMPLANTACIÓN y PROTECCIÓN | E13: Pcio u$s | G13: Gto ($xha) | H13: qq./ha.
B14: Labor / Insumo | C14: Dosis / Nº | E14: Actual | F14: Unidad | G14: Actual | H14: Actual
B15: Coadyuvante- Meta Uno (aciete metilado) | C15: 1.2 | D15: =IFERROR(INDEX(Valores!E:E,MATCH(B15,Valores!C:C,0),1),"") -> Lts/Ha. | E15: =SUMIF(Valores!C:C,B15,Valores!F:F) -> 3.5 | F15: =IFERROR(INDEX(Valores!G:G,MATCH(B15,Valores!C:C,0),1),"") -> U$S/Lts. | G15: =+E15*C15*$G$6 -> 6300 | H15: =G15/$D$10 -> 0.25712711
D16: =IFERROR(INDEX(Valores!E:E,MATCH(B16,Valores!C:C,0),1),"") | E16: =SUMIF(Valores!C:C,B16,Valores!F:F) -> 0 | F16: =IFERROR(INDEX(Valores!G:G,MATCH(B16,Valores!C:C,0),1),"") | G16: =+E16*C16*$G$6 -> 0 | H16: =G16/$D$10 -> 0
D17: =IFERROR(INDEX(Valores!E:E,MATCH(B17,Valores!C:C,0),1),"") | E17: =SUMIF(Valores!C:C,B17,Valores!F:F) -> 0 | F17: =IFERROR(INDEX(Valores!G:G,MATCH(B17,Valores!C:C,0),1),"") | G17: =+E17*C17*$G$6 -> 0 | H17: =G17/$D$10 -> 0
D18: =IFERROR(INDEX(Valores!E:E,MATCH(B18,Valores!C:C,0),1),"") | E18: =SUMIF(Valores!C:C,B18,Valores!F:F) -> 0 | F18: =IFERROR(INDEX(Valores!G:G,MATCH(B18,Valores!C:C,0),1),"") | G18: =+E18*C18*$G$6 -> 0 | H18: =G18/$D$10 -> 0
D19: =IFERROR(INDEX(Valores!E:E,MATCH(B19,Valores!C:C,0),1),"") | E19: =SUMIF(Valores!C:C,B19,Valores!F:F) -> 0 | F19: =IFERROR(INDEX(Valores!G:G,MATCH(B19,Valores!C:C,0),1),"") | G19: =+E19*C19*$G$6 -> 0 | H19: =G19/$D$10 -> 0
B20: Herbicida- Super Estrella II (Glifosato 65%) | C20: 4.5 | D20: =IFERROR(INDEX(Valores!E:E,MATCH(B20,Valores!C:C,0),1),"") -> Lts/Ha. | E20: =SUMIF(Valores!C:C,B20,Valores!F:F) -> 4.3 | F20: =IFERROR(INDEX(Valores!G:G,MATCH(B20,Valores!C:C,0),1),"") -> U$S/Lts. | G20: =+E20*C20*$G$6 -> 29025 | H20: =G20/$D$10 -> 1.1846213
B21: Herbicida- Atrazina 90% | C21: 1.5 | D21: =IFERROR(INDEX(Valores!E:E,MATCH(B21,Valores!C:C,0),1),"") -> Kg/Ha. | E21: =SUMIF(Valores!C:C,B21,Valores!F:F) -> 6.95 | F21: =IFERROR(INDEX(Valores!G:G,MATCH(B21,Valores!C:C,0),1),"") -> U$S/Kg. | G21: =+E21*C21*$G$6 -> 15637.5 | H21: =G21/$D$10 -> 0.63822623
B22: Herbicida- 2,4 D Excel 89 (2,4 D: éster 2-etilhexílico 89%) | C22: 2 | D22: =IFERROR(INDEX(Valores!E:E,MATCH(B22,Valores!C:C,0),1),"") -> Lts/Ha. | E22: =SUMIF(Valores!C:C,B22,Valores!F:F) -> 4.65 | F22: =IFERROR(INDEX(Valores!G:G,MATCH(B22,Valores!C:C,0),1),"") -> U$S/Lts. | G22: =+E22*C22*$G$6 -> 13950 | H22: =G22/$D$10 -> 0.5693529
B23: Herbicida- Dicamax (Dicamba 58%) | C23: 0.2 | D23: =IFERROR(INDEX(Valores!E:E,MATCH(B23,Valores!C:C,0),1),"") -> Lts/Ha. | E23: =SUMIF(Valores!C:C,B23,Valores!F:F) -> 7.2 | F23: =IFERROR(INDEX(Valores!G:G,MATCH(B23,Valores!C:C,0),1),"") -> U$S/Lts. | G23: =+E23*C23*$G$6 -> 2160 | H23: =G23/$D$10 -> 0.088157868
B24: Herbicida- Adjeva (Saflufenacil 70%) | C24: 0.04 | D24: =IFERROR(INDEX(Valores!E:E,MATCH(B24,Valores!C:C,0),1),"") -> Kg/Ha. | E24: =SUMIF(Valores!C:C,B24,Valores!F:F) -> 305 | F24: =IFERROR(INDEX(Valores!G:G,MATCH(B24,Valores!C:C,0),1),"") -> U$S/Kg. | G24: =+E24*C24*$G$6 -> 18300 | H24: =G24/$D$10 -> 0.74689305
B25: Herbicida- Imizet (Imazetapyr 10%) | C25: 1 | D25: =IFERROR(INDEX(Valores!E:E,MATCH(B25,Valores!C:C,0),1),"") -> Lts/Ha. | E25: =SUMIF(Valores!C:C,B25,Valores!F:F) -> 5.3 | F25: =IFERROR(INDEX(Valores!G:G,MATCH(B25,Valores!C:C,0),1),"") -> U$S/Lts. | G25: =+E25*C25*$G$6 -> 7950 | H25: =G25/$D$10 -> 0.32446993
D26: =IFERROR(INDEX(Valores!E:E,MATCH(B26,Valores!C:C,0),1),"") | E26: =SUMIF(Valores!C:C,B26,Valores!F:F) -> 0 | F26: =IFERROR(INDEX(Valores!G:G,MATCH(B26,Valores!C:C,0),1),"") | G26: =+E26*C26*$G$6 -> 0 | H26: =G26/$D$10 -> 0
B27: Insecticida- Arpegio (Tiametox14,1+Lamb10,6) | C27: 0.6 | D27: =IFERROR(INDEX(Valores!E:E,MATCH(B27,Valores!C:C,0),1),"") -> Lts/Ha. | E27: =SUMIF(Valores!C:C,B27,Valores!F:F) -> 30.5 | F27: =IFERROR(INDEX(Valores!G:G,MATCH(B27,Valores!C:C,0),1),"") -> U$S/Lts. | G27: =+E27*C27*$G$6 -> 27450 | H27: =G27/$D$10 -> 1.1203396
B28: Insecticida- Esfinge (Bifentrin 20%) | C28: 0.26 | D28: =IFERROR(INDEX(Valores!E:E,MATCH(B28,Valores!C:C,0),1),"") -> Lts/Ha. | E28: =SUMIF(Valores!C:C,B28,Valores!F:F) -> 19.5 | F28: =IFERROR(INDEX(Valores!G:G,MATCH(B28,Valores!C:C,0),1),"") -> U$S/Lts. | G28: =+E28*C28*$G$6 -> 7605 | H28: =G28/$D$10 -> 0.31038916
D29: =IFERROR(INDEX(Valores!E:E,MATCH(B29,Valores!C:C,0),1),"") | E29: =SUMIF(Valores!C:C,B29,Valores!F:F) -> 0 | F29: =IFERROR(INDEX(Valores!G:G,MATCH(B29,Valores!C:C,0),1),"") | G29: =+E29*C29*$G$6 -> 0 | H29: =G29/$D$10 -> 0
D30: =IFERROR(INDEX(Valores!E:E,MATCH(B30,Valores!C:C,0),1),"") | E30: =SUMIF(Valores!C:C,B30,Valores!F:F) -> 0 | F30: =IFERROR(INDEX(Valores!G:G,MATCH(B30,Valores!C:C,0),1),"") | G30: =+E30*C30*$G$6 -> 0 | H30: =G30/$D$10 -> 0
D31: =IFERROR(INDEX(Valores!E:E,MATCH(B31,Valores!C:C,0),1),"") | E31: =SUMIF(Valores!C:C,B31,Valores!F:F) -> 0 | F31: =IFERROR(INDEX(Valores!G:G,MATCH(B31,Valores!C:C,0),1),"") | G31: =+E31*C31*$G$6 -> 0 | H31: =G31/$D$10 -> 0
D32: =IFERROR(INDEX(Valores!E:E,MATCH(B32,Valores!C:C,0),1),"") | E32: =SUMIF(Valores!C:C,B32,Valores!F:F) -> 0 | F32: =IFERROR(INDEX(Valores!G:G,MATCH(B32,Valores!C:C,0),1),"") | G32: =+E32*C32*$G$6 -> 0 | H32: =G32/$D$10 -> 0
D33: =IFERROR(INDEX(Valores!E:E,MATCH(B33,Valores!C:C,0),1),"") | E33: =SUMIF(Valores!C:C,B33,Valores!F:F) -> 0 | F33: =IFERROR(INDEX(Valores!G:G,MATCH(B33,Valores!C:C,0),1),"") | G33: =+E33*C33*$G$6 -> 0 | H33: =G33/$D$10 -> 0
B34: Sub-Total AGROQ. | E34: =+G34/$G$6 -> 85.585 | F34: U$S/ha. | G34: =SUM(G15:G33) -> 128377.5 | H34: =SUM(H15:H33) -> 5.2395772
B35: Fertilizante- MicroEssentials Sz | C35: 90 | D35: =IFERROR(INDEX(Valores!E:E,MATCH(B35,Valores!C:C,0),1),"") -> Kg/Ha. | E35: =SUMIF(Valores!C:C,B35,Valores!F:F) -> 1100 | F35: =IFERROR(INDEX(Valores!G:G,MATCH(B35,Valores!C:C,0),1),"") -> U$S/ton. | G35: =+E35*C35*$G$6/1000 -> 148500 | H35: =G35/$D$10 -> 6.0608534
B36: Fertilizante- Urea | C36: 150 | D36: =IFERROR(INDEX(Valores!E:E,MATCH(B36,Valores!C:C,0),1),"") -> Kg/Ha. | E36: =SUMIF(Valores!C:C,B36,Valores!F:F) -> 970 | F36: =IFERROR(INDEX(Valores!G:G,MATCH(B36,Valores!C:C,0),1),"") -> U$S/ton. | G36: =+E36*C36*$G$6/1000 -> 218250 | H36: =G36/$D$10 -> 8.9076179
D37: =IFERROR(INDEX(Valores!E:E,MATCH(B37,Valores!C:C,0),1),"") | E37: =SUMIF(Valores!C:C,B37,Valores!F:F) -> 0 | F37: =IFERROR(INDEX(Valores!G:G,MATCH(B37,Valores!C:C,0),1),"") | G37: =+E37*C37*$G$6/1000 -> 0 | H37: =G37/$D$10 -> 0
D38: =IFERROR(INDEX(Valores!E:E,MATCH(B38,Valores!C:C,0),1),"") | E38: =SUMIF(Valores!C:C,B38,Valores!F:F) -> 0 | F38: =IFERROR(INDEX(Valores!G:G,MATCH(B38,Valores!C:C,0),1),"") | G38: =+E38*C38*$G$6/1000 -> 0 | H38: =G38/$D$10 -> 0
B39: Sub-Total FERTILIZ. | E39: =+G39/$G$6 -> 244.5 | F39: U$S/ha. | G39: =SUM(G35:G38) -> 366750 | H39: =SUM(H35:H38) -> 14.968471
B41: Semilla Sorgo | C41: 0.33 | D41: =IFERROR(INDEX(Valores!E:E,MATCH(B41,Valores!C:C,0),1),"") -> bls./Ha. | E41: =SUMIF(Valores!C:C,B41,Valores!F:F) -> 180 | F41: =IFERROR(INDEX(Valores!G:G,MATCH(B41,Valores!C:C,0),1),"") -> U$S/bls. | G41: =+E41*C41*$G$6 -> 89100 | H41: =G41/$D$10 -> 3.6365121
D42: =IFERROR(INDEX(Valores!E:E,MATCH(B42,Valores!C:C,0),1),"") | E42: =SUMIF(Valores!C:C,B42,Valores!F:F) -> 0 | F42: =IFERROR(INDEX(Valores!G:G,MATCH(B42,Valores!C:C,0),1),"") | G42: =+E42*C42*$G$6 -> 0 | H42: =G42/$D$10 -> 0
B43: Sub-Total SEMILLAS | E43: =G43/G6 -> 59.4 | G43: =SUM(G41:G42) -> 89100 | H43: =SUM(H41:H42) -> 3.6365121
B44: Siembra Sorgo (c/ fertilizac. simple) | C44: 1 | D44: =IFERROR(INDEX(Valores!E:E,MATCH(B44,Valores!C:C,0),1),"") -> Siembra | E44: =SUMIF(Valores!C:C,B44,Valores!F:F) -> 55 | F44: =IFERROR(INDEX(Valores!G:G,MATCH(B44,Valores!C:C,0),1),"") -> U$S/Ha. | G44: =C44*E44*$G$6 -> 82500 | H44: =G44/$D$10 -> 3.3671408
B45: Fertlización Incorporada | C45: 0 | D45: =IFERROR(INDEX(Valores!E:E,MATCH(B45,Valores!C:C,0),1),"") -> Aplicaciones | E45: =SUMIF(Valores!C:C,B45,Valores!F:F) -> 26 | F45: =IFERROR(INDEX(Valores!G:G,MATCH(B45,Valores!C:C,0),1),"") -> U$S/Ha. | G45: =C45*E45*$G$6 -> 0 | H45: =G45/$D$10 -> 0
B46: Pulverización Terrestre | C46: 3 | D46: =IFERROR(INDEX(Valores!E:E,MATCH(B46,Valores!C:C,0),1),"") -> Aplicaciones | E46: =SUMIF(Valores!C:C,B46,Valores!F:F) -> 8 | F46: =IFERROR(INDEX(Valores!G:G,MATCH(B46,Valores!C:C,0),1),"") -> U$S/Ha. | G46: =C46*E46*$G$6 -> 36000 | H46: =G46/$D$10 -> 1.4692978
D47: =IFERROR(INDEX(Valores!E:E,MATCH(B47,Valores!C:C,0),1),"") | E47: =SUMIF(Valores!C:C,B47,Valores!F:F) -> 0 | F47: =IFERROR(INDEX(Valores!G:G,MATCH(B47,Valores!C:C,0),1),"") | G47: =C47*E47*$G$6 -> 0 | H47: =G47/$D$10 -> 0
B48: Sub-Total LABORES | E48: =E43+G48/$G$6 -> 138.4 | F48: U$S/ha. | G48: =SUM(G44:G47) -> 118500 | H48: =SUM(H44:H47) -> 4.8364386
B50: Seguro Contra Riesgo Climático | C50: 40 | D50: qq./ha | E50: 0.0315 | F50: % | G50: =C50*(E50)*$D$10 -> 30871.89 | H50: =G50/$D$10 -> 1.26
B52: Total G. I. y P. | E52: =+G52/G6 -> 489.06626 | G52: =+G34+G39+G41+G48+G50 -> 733599.39 | H52: =+H34+H39+H41+H48+H50 -> 29.940999
B55: GASTOS de COSECHA
B56: =+H56*D10*C56/100 -> 137208.4 | C56: 8 | D56: % | G56: RINDE esperado : | H56: =RESUMEN!J8 -> 70
G57: =+TRIGO!G53 -> Equilibrio 26-27 : | H57: =((G52+E64)/(D10-C59-C60))/(100-C56)*100 -> 68.744655
B58: GASTOS de ACONDICIONAMIENTO
B59: Flete Corto | C59: 0 | D59: $/qq.
B60: Paritaria | C60: 0 | D60: $/qq.
B63: ALQUILER
C64: =+RESUMEN!D10 -> 17 | D64: qq.x/ha. | E64: =+C64*Sj1º!D5 -> 816000 | F64: $ /ha. | G64: =+E64/D10 -> 33.304083 | H64: qq./ha.
D65: en dólares : | E65: =+E64/G6 -> 544
G67: en qq. Maíz
B68: GANANCIA ( rentabilidad ) : | D68: =+E69/(E65+E52) -> 0.018260984 | E68: =$H$56*D10*(100-$C$56)/100-G52-E64-($C$59+$C$60)*$H$56 -> 28297.21 | F68: $ /ha. | G68: =+E68/D10 -> 1.1549175 | H68: qq./ha.
D69: en dólares : | E69: =+E68/G6 -> 18.864807

Sheet GIRASOL
B1: GIRASOL - Margen Bruto
K3: mayo | L3: junio | M3: julio | N3: agosto | O3: septiembre | P3: octubre | Q3: noviembre | R3: diciembre | S3: enero | T3: febrero | U3: marzo | V3: abril
B5: Precio Bruto | D5: =+RESUMEN!M4 -> 60000 | E5: $/qq. | G5: T.C. :
G6: =+RESUMEN!Q13 -> 1500 | H6: $ = U$S
B7: GASTOS DE COMERCIALIZACIÓN
B8: Flete Largo | D8: =+RESUMEN!$Q$14 -> 3400 | E8: $/qq.
B9: Comisión | D9: 0.021 | E9: %
B10: Precio Neto | D10: =+D5*(1-D9)-D8 -> 55340 | E10: $/qq.
B13: GASTOS de IMPLANTACIÓN y PROTECCIÓN | E13: Pcio u$s | G13: Gto ($xha) | H13: qq./ha.
B14: Labor / Insumo | C14: Dosis / Nº | E14: Actual | F14: Unidad | G14: Actual | H14: Actual
B15: Coadyuvante- Meta Uno (aciete metilado) | C15: 1 | D15: =IFERROR(INDEX(Valores!E:E,MATCH(B15,Valores!C:C,0),1),"") -> Lts/Ha. | E15: =SUMIF(Valores!C:C,B15,Valores!F:F) -> 3.5 | F15: =IFERROR(INDEX(Valores!G:G,MATCH(B15,Valores!C:C,0),1),"") -> U$S/Lts. | G15: =+E15*C15*$G$6 -> 5250 | H15: =G15/$D$10 -> 0.094868088
B16: Coadyubante- Rizospray extremo | C16: 0.2 | D16: =IFERROR(INDEX(Valores!E:E,MATCH(B16,Valores!C:C,0),1),"") -> Lts/Ha. | E16: =SUMIF(Valores!C:C,B16,Valores!F:F) -> 18.5 | F16: =IFERROR(INDEX(Valores!G:G,MATCH(B16,Valores!C:C,0),1),"") -> U$S/Lts. | G16: =+E16*C16*$G$6 -> 5550 | H16: =G16/$D$10 -> 0.10028912
D17: =IFERROR(INDEX(Valores!E:E,MATCH(B17,Valores!C:C,0),1),"") | E17: =SUMIF(Valores!C:C,B17,Valores!F:F) -> 0 | F17: =IFERROR(INDEX(Valores!G:G,MATCH(B17,Valores!C:C,0),1),"") | G17: =+E17*C17*$G$6 -> 0 | H17: =G17/$D$10 -> 0
B18: Herbicida- Super Estrella II (Glifosato 65%) | C18: 4 | D18: =IFERROR(INDEX(Valores!E:E,MATCH(B18,Valores!C:C,0),1),"") -> Lts/Ha. | E18: =SUMIF(Valores!C:C,B18,Valores!F:F) -> 4.3 | F18: =IFERROR(INDEX(Valores!G:G,MATCH(B18,Valores!C:C,0),1),"") -> U$S/Lts. | G18: =+E18*C18*$G$6 -> 25800 | H18: =G18/$D$10 -> 0.46620889
B19: Herbicida- 2,4 D Excel 89 (2,4 D: éster 2-etilhexílico 89%) | C19: 2 | D19: =IFERROR(INDEX(Valores!E:E,MATCH(B19,Valores!C:C,0),1),"") -> Lts/Ha. | E19: =SUMIF(Valores!C:C,B19,Valores!F:F) -> 4.65 | F19: =IFERROR(INDEX(Valores!G:G,MATCH(B19,Valores!C:C,0),1),"") -> U$S/Lts. | G19: =+E19*C19*$G$6 -> 13950 | H19: =G19/$D$10 -> 0.25207806
B20: Herbicida- Affinity (Carfentrazone 40%) | C20: 0.08 | D20: =IFERROR(INDEX(Valores!E:E,MATCH(B20,Valores!C:C,0),1),"") -> Lts/Ha. | E20: =SUMIF(Valores!C:C,B20,Valores!F:F) -> 99 | F20: =IFERROR(INDEX(Valores!G:G,MATCH(B20,Valores!C:C,0),1),"") -> U$S/Lts. | G20: =+E20*C20*$G$6 -> 11880 | H20: =G20/$D$10 -> 0.21467293
B21: Herbicida- Resolutor (Cletodim 24%) | C21: 1 | D21: =IFERROR(INDEX(Valores!E:E,MATCH(B21,Valores!C:C,0),1),"") -> Lts/Ha. | E21: =SUMIF(Valores!C:C,B21,Valores!F:F) -> 7.8 | F21: =IFERROR(INDEX(Valores!G:G,MATCH(B21,Valores!C:C,0),1),"") -> U$S/Lts. | G21: =+E21*C21*$G$6 -> 11700 | H21: =G21/$D$10 -> 0.21142031
B22: Herbicida- Saltum (Sulfentrazone 50%) | C22: 0.3 | D22: =IFERROR(INDEX(Valores!E:E,MATCH(B22,Valores!C:C,0),1),"") -> Lts/Ha. | E22: =SUMIF(Valores!C:C,B22,Valores!F:F) -> 19.3 | F22: =IFERROR(INDEX(Valores!G:G,MATCH(B22,Valores!C:C,0),1),"") -> U$S/Lts. | G22: =+E22*C22*$G$6 -> 8685 | H22: =G22/$D$10 -> 0.15693892
B23: Herbicida- Margen pro (S-Metolacloro 96%) | C23: 1 | D23: =IFERROR(INDEX(Valores!E:E,MATCH(B23,Valores!C:C,0),1),"") -> Lts/Ha. | E23: =SUMIF(Valores!C:C,B23,Valores!F:F) -> 6.4 | F23: =IFERROR(INDEX(Valores!G:G,MATCH(B23,Valores!C:C,0),1),"") -> U$S/Lts. | G23: =+E23*C23*$G$6 -> 9600 | H23: =G23/$D$10 -> 0.17347308
D24: =IFERROR(INDEX(Valores!E:E,MATCH(B24,Valores!C:C,0),1),"") | E24: =SUMIF(Valores!C:C,B24,Valores!F:F) -> 0 | F24: =IFERROR(INDEX(Valores!G:G,MATCH(B24,Valores!C:C,0),1),"") | G24: =+E24*C24*$G$6 -> 0 | H24: =G24/$D$10 -> 0
D25: =IFERROR(INDEX(Valores!E:E,MATCH(B25,Valores!C:C,0),1),"") | E25: =SUMIF(Valores!C:C,B25,Valores!F:F) -> 0 | F25: =IFERROR(INDEX(Valores!G:G,MATCH(B25,Valores!C:C,0),1),"") | G25: =+E25*C25*$G$6 -> 0 | H25: =G25/$D$10 -> 0
D26: =IFERROR(INDEX(Valores!E:E,MATCH(B26,Valores!C:C,0),1),"") | E26: =SUMIF(Valores!C:C,B26,Valores!F:F) -> 0 | F26: =IFERROR(INDEX(Valores!G:G,MATCH(B26,Valores!C:C,0),1),"") | G26: =+E26*C26*$G$6 -> 0 | H26: =G26/$D$10 -> 0
B27: Herbicida- Dogo (Paraquat 27,6%) | C27: 3 | D27: =IFERROR(INDEX(Valores!E:E,MATCH(B27,Valores!C:C,0),1),"") -> Lts/Ha. | E27: =SUMIF(Valores!C:C,B27,Valores!F:F) -> 3.1 | F27: =IFERROR(INDEX(Valores!G:G,MATCH(B27,Valores!C:C,0),1),"") -> U$S/Lts. | G27: =+E27*C27*$G$6 -> 13950 | H27: =G27/$D$10 -> 0.25207806
D28: =IFERROR(INDEX(Valores!E:E,MATCH(B28,Valores!C:C,0),1),"") | E28: =SUMIF(Valores!C:C,B28,Valores!F:F) -> 0 | F28: =IFERROR(INDEX(Valores!G:G,MATCH(B28,Valores!C:C,0),1),"") | G28: =+E28*C28*$G$6 -> 0 | H28: =G28/$D$10 -> 0
D29: =IFERROR(INDEX(Valores!E:E,MATCH(B29,Valores!C:C,0),1),"") | E29: =SUMIF(Valores!C:C,B29,Valores!F:F) -> 0 | F29: =IFERROR(INDEX(Valores!G:G,MATCH(B29,Valores!C:C,0),1),"") | G29: =+E29*C29*$G$6 -> 0 | H29: =G29/$D$10 -> 0
D30: =IFERROR(INDEX(Valores!E:E,MATCH(B30,Valores!C:C,0),1),"") | E30: =SUMIF(Valores!C:C,B30,Valores!F:F) -> 0 | F30: =IFERROR(INDEX(Valores!G:G,MATCH(B30,Valores!C:C,0),1),"") | G30: =+E30*C30*$G$6 -> 0 | H30: =G30/$D$10 -> 0
D31: =IFERROR(INDEX(Valores!E:E,MATCH(B31,Valores!C:C,0),1),"") | E31: =SUMIF(Valores!C:C,B31,Valores!F:F) -> 0 | F31: =IFERROR(INDEX(Valores!G:G,MATCH(B31,Valores!C:C,0),1),"") | G31: =+E31*C31*$G$6 -> 0 | H31: =G31/$D$10 -> 0
D32: =IFERROR(INDEX(Valores!E:E,MATCH(B32,Valores!C:C,0),1),"") | E32: =SUMIF(Valores!C:C,B32,Valores!F:F) -> 0 | F32: =IFERROR(INDEX(Valores!G:G,MATCH(B32,Valores!C:C,0),1),"") | G32: =+E32*C32*$G$6 -> 0 | H32: =G32/$D$10 -> 0
D33: =IFERROR(INDEX(Valores!E:E,MATCH(B33,Valores!C:C,0),1),"") | E33: =SUMIF(Valores!C:C,B33,Valores!F:F) -> 0 | F33: =IFERROR(INDEX(Valores!G:G,MATCH(B33,Valores!C:C,0),1),"") | G33: =+E33*C33*$G$6 -> 0 | H33: =G33/$D$10 -> 0
D34: =IFERROR(INDEX(Valores!E:E,MATCH(B34,Valores!C:C,0),1),"") | E34: =SUMIF(Valores!C:C,B34,Valores!F:F) -> 0 | F34: =IFERROR(INDEX(Valores!G:G,MATCH(B34,Valores!C:C,0),1),"") | G34: =+E34*C34*$G$6 -> 0 | H34: =G34/$D$10 -> 0
D35: =IFERROR(INDEX(Valores!E:E,MATCH(B35,Valores!C:C,0),1),"") | E35: =SUMIF(Valores!C:C,B35,Valores!F:F) -> 0 | F35: =IFERROR(INDEX(Valores!G:G,MATCH(B35,Valores!C:C,0),1),"") | G35: =+E35*C35*$G$6 -> 0 | H35: =G35/$D$10 -> 0
D36: =IFERROR(INDEX(Valores!E:E,MATCH(B36,Valores!C:C,0),1),"") | E36: =SUMIF(Valores!C:C,B36,Valores!F:F) -> 0 | F36: =IFERROR(INDEX(Valores!G:G,MATCH(B36,Valores!C:C,0),1),"") | G36: =+E36*C36*$G$6 -> 0 | H36: =G36/$D$10 -> 0
D37: =IFERROR(INDEX(Valores!E:E,MATCH(B37,Valores!C:C,0),1),"") | E37: =SUMIF(Valores!C:C,B37,Valores!F:F) -> 0 | F37: =IFERROR(INDEX(Valores!G:G,MATCH(B37,Valores!C:C,0),1),"") | G37: =+E37*C37*$G$6 -> 0 | H37: =G37/$D$10 -> 0
B38: Sub-Total AGROQ. | E38: =+G38/$G$6 -> 70.91 | F38: U$S/ha. | G38: =+SUM(G15:G37) -> 106365 | H38: =+SUM(H15:H37) -> 1.9220275
B40: Fertilizante- MicroEssentials Sz | C40: 50 | D40: =IFERROR(INDEX(Valores!E:E,MATCH(B40,Valores!C:C,0),1),"") -> Kg/Ha. | E40: =SUMIF(Valores!C:C,B40,Valores!F:F) -> 1100 | F40: =IFERROR(INDEX(Valores!G:G,MATCH(B40,Valores!C:C,0),1),"") -> U$S/ton. | G40: =+E40*C40*$G$6/1000 -> 82500 | H40: =G40/$D$10 -> 1.4907842
B41: Fertilizante- Urea | C41: 90 | D41: =IFERROR(INDEX(Valores!E:E,MATCH(B41,Valores!C:C,0),1),"") -> Kg/Ha. | E41: =SUMIF(Valores!C:C,B41,Valores!F:F) -> 970 | F41: =IFERROR(INDEX(Valores!G:G,MATCH(B41,Valores!C:C,0),1),"") -> U$S/ton. | G41: =+E41*C41*$G$6/1000 -> 130950 | H41: =G41/$D$10 -> 2.3662812
D42: =IFERROR(INDEX(Valores!E:E,MATCH(B42,Valores!C:C,0),1),"") | E42: =SUMIF(Valores!C:C,B42,Valores!F:F) -> 0 | F42: =IFERROR(INDEX(Valores!G:G,MATCH(B42,Valores!C:C,0),1),"") | G42: =+E42*C42*$G$6/1000 -> 0 | H42: =G42/$D$10 -> 0
B43: Sub-Total FERTILIZ. | E43: =+G43/$G$6 -> 142.3 | F43: U$S/ha. | G43: =+SUM(G40:G42) -> 213450 | H43: =+SUM(H40:H42) -> 3.8570654
B45: Semilla Girasol | C45: 0.33 | D45: =IFERROR(INDEX(Valores!E:E,MATCH(B45,Valores!C:C,0),1),"") -> bls./Ha. | E45: =SUMIF(Valores!C:C,B45,Valores!F:F) -> 250 | F45: =IFERROR(INDEX(Valores!G:G,MATCH(B45,Valores!C:C,0),1),"") -> U$S/bls. | G45: =+E45*C45*$G$6 -> 123750 | H45: =G45/$D$10 -> 2.2361764 | I45: Hibrido
D46: =IFERROR(INDEX(Valores!E:E,MATCH(B46,Valores!C:C,0),1),"") | E46: =SUMIF(Valores!C:C,B46,Valores!F:F) -> 0 | F46: =IFERROR(INDEX(Valores!G:G,MATCH(B46,Valores!C:C,0),1),"") | G46: =+E46*C46*$G$6 -> 0 | H46: =G46/$D$10 -> 0
B47: Sub-Total SEMILLAS | E47: =+G47/$G$6 -> 82.5 | F47: U$S/ha. | G47: =+SUM(G44:G46) -> 123750 | H47: =+SUM(H44:H46) -> 2.2361764
B48: Siembra Girasol | C48: 1 | D48: =IFERROR(INDEX(Valores!E:E,MATCH(B48,Valores!C:C,0),1),"") -> Siembra | E48: =SUMIF(Valores!C:C,B48,Valores!F:F) -> 50 | F48: =IFERROR(INDEX(Valores!G:G,MATCH(B48,Valores!C:C,0),1),"") -> U$S/Ha. | G48: =+E48*C48*$G$6 -> 75000 | H48: =G48/$D$10 -> 1.3552584
B49: Fertlización Incorporada | C49: 1 | D49: =IFERROR(INDEX(Valores!E:E,MATCH(B49,Valores!C:C,0),1),"") -> Aplicaciones | E49: =SUMIF(Valores!C:C,B49,Valores!F:F) -> 26 | F49: =IFERROR(INDEX(Valores!G:G,MATCH(B49,Valores!C:C,0),1),"") -> U$S/Ha. | G49: =+E49*C49*$G$6 -> 39000 | H49: =G49/$D$10 -> 0.70473437
B50: Pulverización Terrestre | C50: 3 | D50: =IFERROR(INDEX(Valores!E:E,MATCH(B50,Valores!C:C,0),1),"") -> Aplicaciones | E50: =SUMIF(Valores!C:C,B50,Valores!F:F) -> 8 | F50: =IFERROR(INDEX(Valores!G:G,MATCH(B50,Valores!C:C,0),1),"") -> U$S/Ha. | G50: =+E50*C50*$G$6 -> 36000 | H50: =G50/$D$10 -> 0.65052403
D51: =IFERROR(INDEX(Valores!E:E,MATCH(B51,Valores!C:C,0),1),"") | E51: =SUMIF(Valores!C:C,B51,Valores!F:F) -> 0 | F51: =IFERROR(INDEX(Valores!G:G,MATCH(B51,Valores!C:C,0),1),"") | G51: =+E51*C51*$G$6 -> 0 | H51: =G51/$D$10 -> 0
D52: =IFERROR(INDEX(Valores!E:E,MATCH(B52,Valores!C:C,0),1),"") | E52: =SUMIF(Valores!C:C,B52,Valores!F:F) -> 0 | F52: =IFERROR(INDEX(Valores!G:G,MATCH(B52,Valores!C:C,0),1),"") | G52: =+E52*C52*$G$6 -> 0
B53: Sub-Total LABORES | E53: =+G53/$G$6 -> 182.5 | F53: U$S/ha. | G53: =+SUM(G47:G52) -> 273750 | H53: =+SUM(H47:H52) -> 4.9466932
B55: Seguro Contra Riesgo Climático | C55: 15 | D55: qq./ha | E55: 0.032 | F55: % | G55: =C55*(E55)*$D$10 -> 26563.2 | H55: =G55/$D$10 -> 0.48
B57: Total G. I. y P. | E57: =+G57/$G$6 -> 495.9188 | G57: =+G55+G45+G43+G38+G53 -> 743878.2 | H57: =+H55+H45+H43+H38+H53 -> 13.441962
B60: COSECHA
B61: =+H61*$D$10*C61/100 -> 141670.4 | C61: 8 | D61: % | G61: RINDE esperado : | H61: =+RESUMEN!M8 -> 32
G62: Equilibrio 20-21 : | H62: =((G57+E69)/($D$10-C64-C65))/(100-C61)*100 -> 30.638232
B63: GASTOS DE ACONDICIONAMIENTO
B64: Flete Corto | D64: $/qq. | E64: =+C64*H61 -> 0
B65: Paritaria | D65: $/qq. | E65: =+C65*H61 -> 0
B68: ALQUILER | G68: en qq. Soja
C69: =+RESUMEN!$D$10 -> 17 | D69: qq.x/ha. | E69: =+C69*RESUMEN!$F$4 -> 816000 | F69: $ /ha. | G69: =+E69/$D$10 -> 14.745211
D70: en dólares : | E70: =+E69/$G$6 -> 544
B72: GANANCIA ( rentabilidad ) : | D72: =+E73/(E70+E57) -> 0.044446675 | E72: =+H61*$D$10*(100-C61)/100-G57-E69-(C64+C65)*H61 -> 69331.4 | F72: $ /ha. | G72: =+E72/$D$10 -> 1.2528262 | H72: qq./ha.
D73: en dólares : | E73: =+E72/$G$6 -> 46.220933

Sheet Camelina
B1: CAMELINA - Margen Bruto | M1: MÁRGENES BRUTOS CON DIFERENTES NIVELES DE RENDIMIENTO
M2: Rendimiento
M3: Precio Bruto
B5: Precio Bruto | D5: =RESUMEN!O4 -> 76500 | E5: $/qq. | G5: T.C. : | M5: Precio Neto
G6: =+RESUMEN!Q15 -> 1500 | H6: $ = U$S
B7: GASTOS DE COMERCIALIZACIÓN | M7: Total G. I. y P.
B8: Flete Largo | D8: =+RESUMEN!Q14 -> 3400 | E8: $/qq.
B9: Comisión | D9: 0.021 | E9: % | M9: Cosecha
B10: Precio Neto | D10: =+D5*(1-D9)-D8 -> 71493.5 | E10: $/qq. | M10: Flete Corto
M11: Paritaria
B13: GASTOS DE IMPLANTACIÓN Y PROTECCIÓN | E13: Precio | G13: Gto ($xha) | H13: qq./ha. | M13: Secada
B14: Labor / Insumo | C14: Dosis/Nº | E14: Actual | F14: Unidad | G14: Actual | H14: Actual | M14: Total G. A.
B15: Coadyuvante- Meta Uno (aciete metilado) | C15: 0.5 | D15: =IFERROR(INDEX(Valores!E:E,MATCH(B15,Valores!C:C,0),1),"") -> Lts/Ha. | E15: =SUMIF(Valores!C:C,B15,Valores!F:F) -> 3.5 | F15: =IFERROR(INDEX(Valores!G:G,MATCH(B15,Valores!C:C,0),1),"") -> U$S/Lts. | G15: =+E15*C15*$G$6 -> 2625 | H15: =+G15/$D$10 -> 0.036716625
B16: Herbicida- Super Estrella II (Glifosato 65%) | C16: 2 | D16: =IFERROR(INDEX(Valores!E:E,MATCH(B16,Valores!C:C,0),1),"") -> Lts/Ha. | E16: =SUMIF(Valores!C:C,B16,Valores!F:F) -> 4.3 | F16: =IFERROR(INDEX(Valores!G:G,MATCH(B16,Valores!C:C,0),1),"") -> U$S/Lts. | G16: =+E16*C16*$G$6 -> 12900 | H16: =+G16/$D$10 -> 0.18043598
B17: Herbicida- 2,4 D Excel 89 (2,4 D: éster 2-etilhexílico 89%) | C17: 0.8 | D17: =IFERROR(INDEX(Valores!E:E,MATCH(B17,Valores!C:C,0),1),"") -> Lts/Ha. | E17: =SUMIF(Valores!C:C,B17,Valores!F:F) -> 4.65 | F17: =IFERROR(INDEX(Valores!G:G,MATCH(B17,Valores!C:C,0),1),"") -> U$S/Lts. | G17: =+E17*C17*$G$6 -> 5580 | H17: =+G17/$D$10 -> 0.078049053 | M17: Flete Largo
B18: Herbicida- Trifluralina 60%. | C18: 1.5 | D18: =IFERROR(INDEX(Valores!E:E,MATCH(B18,Valores!C:C,0),1),"") -> Lts/Ha. | E18: =SUMIF(Valores!C:C,B18,Valores!F:F) -> 16.85 | F18: =IFERROR(INDEX(Valores!G:G,MATCH(B18,Valores!C:C,0),1),"") -> U$S/Lts. | G18: =+E18*C18*$G$6 -> 37912.5 | H18: =+G18/$D$10 -> 0.53029296
B19: Insecticida- Spector (Lambdacialotrina 25%) | C19: 0.1 | D19: =IFERROR(INDEX(Valores!E:E,MATCH(B19,Valores!C:C,0),1),"") -> Lts/Ha. | E19: =SUMIF(Valores!C:C,B19,Valores!F:F) -> 21 | F19: =IFERROR(INDEX(Valores!G:G,MATCH(B19,Valores!C:C,0),1),"") -> U$S/Lts. | G19: =+E19*C19*$G$6 -> 3150 | H19: =+G19/$D$10 -> 0.04405995
B20: Fitoestimulante- Cubo | C20: 0.2 | D20: =IFERROR(INDEX(Valores!E:E,MATCH(B20,Valores!C:C,0),1),"") -> Lts/Ha. | E20: =SUMIF(Valores!C:C,B20,Valores!F:F) -> 42 | F20: =IFERROR(INDEX(Valores!G:G,MATCH(B20,Valores!C:C,0),1),"") -> U$S/Lts. | G20: =+E20*C20*$G$6 -> 12600 | H20: =+G20/$D$10 -> 0.1762398
D21: =IFERROR(INDEX(Valores!E:E,MATCH(B21,Valores!C:C,0),1),"") | E21: =SUMIF(Valores!C:C,B21,Valores!F:F) -> 0 | F21: =IFERROR(INDEX(Valores!G:G,MATCH(B21,Valores!C:C,0),1),"") | G21: =+E21*C21*$G$6 -> 0 | H21: =+G21/$D$10 -> 0
B22: Herbicida- (Diquat 20%) | C22: 2 | D22: =IFERROR(INDEX(Valores!E:E,MATCH(B22,Valores!C:C,0),1),"") -> Lts/Ha. | E22: =SUMIF(Valores!C:C,B22,Valores!F:F) -> 6.5 | F22: =IFERROR(INDEX(Valores!G:G,MATCH(B22,Valores!C:C,0),1),"") -> U$S/Lts. | G22: =+E22*C22*$G$6 -> 19500 | H22: =+G22/$D$10 -> 0.27275207
D23: =IFERROR(INDEX(Valores!E:E,MATCH(B23,Valores!C:C,0),1),"") | E23: =SUMIF(Valores!C:C,B23,Valores!F:F) -> 0 | F23: =IFERROR(INDEX(Valores!G:G,MATCH(B23,Valores!C:C,0),1),"") | G23: =+E23*C23*$G$6 -> 0 | H23: =+G23/$D$10 -> 0
D24: =IFERROR(INDEX(Valores!E:E,MATCH(B24,Valores!C:C,0),1),"") | E24: =SUMIF(Valores!C:C,B24,Valores!F:F) -> 0 | F24: =IFERROR(INDEX(Valores!G:G,MATCH(B24,Valores!C:C,0),1),"") | G24: =+E24*C24*$G$6 -> 0 | H24: =+G24/$D$10 -> 0
D25: =IFERROR(INDEX(Valores!E:E,MATCH(B25,Valores!C:C,0),1),"") | E25: =SUMIF(Valores!C:C,B25,Valores!F:F) -> 0 | F25: =IFERROR(INDEX(Valores!G:G,MATCH(B25,Valores!C:C,0),1),"") | G25: =+E25*C25*$G$6 -> 0 | H25: =+G25/$D$10 -> 0
D26: =IFERROR(INDEX(Valores!E:E,MATCH(B26,Valores!C:C,0),1),"") | E26: =SUMIF(Valores!C:C,B26,Valores!F:F) -> 0 | F26: =IFERROR(INDEX(Valores!G:G,MATCH(B26,Valores!C:C,0),1),"") | G26: =+E26*C26*$G$6 -> 0 | H26: =+G26/$D$10 -> 0
D27: =IFERROR(INDEX(Valores!E:E,MATCH(B27,Valores!C:C,0),1),"") | E27: =SUMIF(Valores!C:C,B27,Valores!F:F) -> 0 | F27: =IFERROR(INDEX(Valores!G:G,MATCH(B27,Valores!C:C,0),1),"") | G27: =+E27*C27*$G$6 -> 0 | H27: =+G27/$D$10 -> 0 | M27: G. C. y D.
D28: =IFERROR(INDEX(Valores!E:E,MATCH(B28,Valores!C:C,0),1),"") | E28: =SUMIF(Valores!C:C,B28,Valores!F:F) -> 0 | F28: =IFERROR(INDEX(Valores!G:G,MATCH(B28,Valores!C:C,0),1),"") | G28: =+E28*C28*$G$6 -> 0 | H28: =+G28/$D$10 -> 0
D29: =IFERROR(INDEX(Valores!E:E,MATCH(B29,Valores!C:C,0),1),"") | E29: =SUMIF(Valores!C:C,B29,Valores!F:F) -> 0 | F29: =IFERROR(INDEX(Valores!G:G,MATCH(B29,Valores!C:C,0),1),"") | G29: =+E29*C29*$G$6 -> 0 | H29: =+G29/$D$10 -> 0
B30: Sub-Total AGROQ. | E30: =+G30/G6 -> 62.845 | F30: U$S/ha. | G30: =SUM(G15:G29) -> 94267.5 | H30: =SUM(H15:H29) -> 1.3185464
D31: =IFERROR(INDEX(Valores!E:E,MATCH(B31,Valores!C:C,0),1),"") | E31: =SUMIF(Valores!C:C,B31,Valores!F:F) -> 0 | F31: =IFERROR(INDEX(Valores!G:G,MATCH(B31,Valores!C:C,0),1),"") | G31: =+E31*C31*$G$6/1000 -> 0 | H31: =+G31/$D$10 -> 0
B32: Fertilizante- MicroEssentials S9 | C32: 50 | D32: =IFERROR(INDEX(Valores!E:E,MATCH(B32,Valores!C:C,0),1),"") -> Kg/Ha. | E32: =SUMIF(Valores!C:C,B32,Valores!F:F) -> 1080 | F32: =IFERROR(INDEX(Valores!G:G,MATCH(B32,Valores!C:C,0),1),"") -> U$S/ton. | G32: =+E32*C32*$G$6/1000 -> 81000 | H32: =+G32/$D$10 -> 1.1329701
B33: Fertilizante- Urea | C33: 100 | D33: =IFERROR(INDEX(Valores!E:E,MATCH(B33,Valores!C:C,0),1),"") -> Kg/Ha. | E33: =SUMIF(Valores!C:C,B33,Valores!F:F) -> 970 | F33: =IFERROR(INDEX(Valores!G:G,MATCH(B33,Valores!C:C,0),1),"") -> U$S/ton. | G33: =+E33*C33*$G$6/1000 -> 145500 | H33: =+G33/$D$10 -> 2.03515
D34: =IFERROR(INDEX(Valores!E:E,MATCH(B34,Valores!C:C,0),1),"") | E34: =SUMIF(Valores!C:C,B34,Valores!F:F) -> 0 | F34: =IFERROR(INDEX(Valores!G:G,MATCH(B34,Valores!C:C,0),1),"") | G34: =+E34*C34*$G$6/1000 -> 0 | H34: =+G34/$D$10 -> 0
D35: =IFERROR(INDEX(Valores!E:E,MATCH(B35,Valores!C:C,0),1),"") | E35: =SUMIF(Valores!C:C,B35,Valores!F:F) -> 0 | F35: =IFERROR(INDEX(Valores!G:G,MATCH(B35,Valores!C:C,0),1),"") | G35: =+E35*C35*$G$6/1000 -> 0 | H35: =+G35/$D$10 -> 0
B36: Sub-Total FERTILIZ. | E36: =+G36/G6 -> 151 | F36: U$S/ha. | G36: =SUM(G31:G35) -> 226500 | H36: =SUM(H31:H35) -> 3.1681202
B38: Semilla Camelina | C38: 11 | D38: =IFERROR(INDEX(Valores!E:E,MATCH(B38,Valores!C:C,0),1),"") -> Kg/Ha. | E38: =SUMIF(Valores!C:C,B38,Valores!F:F) -> 0.9 | F38: =IFERROR(INDEX(Valores!G:G,MATCH(B38,Valores!C:C,0),1),"") -> U$S/Kg. | G38: =+C38*E38*G6 -> 14850 | H38: =G38/$D$10 -> 0.20771119
B40: Sub-Total SEMILLA | E40: =+G40/G6 -> 9.9 | F40: U$S/ha. | G40: =SUM(G38:G39) -> 14850 | H40: =G40/$D$10 -> 0.20771119
B42: Siembra Cultivos de Servicio | C42: 1 | D42: =IFERROR(INDEX(Valores!E:E,MATCH(B42,Valores!C:C,0),1),"") -> Siembra | E42: =SUMIF(Valores!C:C,B42,Valores!F:F) -> 48 | F42: =IFERROR(INDEX(Valores!G:G,MATCH(B42,Valores!C:C,0),1),"") -> U$S/Ha. | G42: =+E42*C42*$G$6 -> 72000 | H42: =G42/$D$10 -> 1.0070846 | M42: Total G.C.
B43: Pulverización Terrestre | C43: 1 | D43: =IFERROR(INDEX(Valores!E:E,MATCH(B43,Valores!C:C,0),1),"") -> Aplicaciones | E43: =SUMIF(Valores!C:C,B43,Valores!F:F) -> 8 | F43: =IFERROR(INDEX(Valores!G:G,MATCH(B43,Valores!C:C,0),1),"") -> U$S/Ha. | G43: =+E43*C43*$G$6 -> 12000 | H43: =G43/$D$10 -> 0.16784743
B44: Pulverización Aérea | C44: 1 | D44: =IFERROR(INDEX(Valores!E:E,MATCH(B44,Valores!C:C,0),1),"") -> Aplicaciones | E44: =SUMIF(Valores!C:C,B44,Valores!F:F) -> 14 | F44: =IFERROR(INDEX(Valores!G:G,MATCH(B44,Valores!C:C,0),1),"") -> U$S/Ha. | G44: =+E44*C44*$G$6 -> 21000 | H44: =G44/$D$10 -> 0.293733 | M44: Alquiler
B45: Sub-Total LABORES | E45: =+G45/G6 -> 70 | F45: U$S/ha. | G45: =SUM(G42:G44) -> 105000 | H45: =SUM(H42:H44) -> 1.468665
B47: Seguro Contra Riesgo Climático | C47: 10 | D47: qq./ha | E47: 0.0363 | F47: % | G47: =+E47*C47*D5 -> 27769.5 | H47: =G47/$D$10 -> 0.38841993 | M47: Total Gastos
B49: Total G. I. y P. | E49: =+G49/G6 -> 312.258 | G49: =+G47+G38+G45+G30+G36 -> 468387 | H49: =+H47+H38+H45+H36+H30 -> 6.5514627
M50: MÁRGENES BRUTOS CON DIFERENTES NIVELES DE PRECIO
B51: COSECHA | M51: Rendimiento
B52: =+H53*D10*C52/100 -> 94371.42 | C52: 12 | D52: % | M52: Precio Bruto
G53: RINDE esperado : | H53: =RESUMEN!O8 -> 11 | M53: Precio Neto
B54: GASTOS DE ACONDICIONAMIENTO | G54: =+'Maíz 2º'!G49 -> Equilibrio 26-27 : | H54: =((G49)/(D10-C55-C56))/(100-C52)*100 -> 7.444844
B55: Flete Corto | D55: $/qq. | M55: Total G. I. y P.
B56: Paritaria | D56: $/qq.
M58: Total G. A.
B60: ALQUILER
C61: 0 | D61: qq.x/ha. | E61: =+C61*RESUMEN!F4 -> 0 | F61: $ /ha. | G61: =+E61/D10 -> 0 | H61: qq./ha.
D62: en dólares : | E62: =+E61/G6 -> 0
G64: en qq. Camelina
B65: GANANCIA ( rentabilidad ) : | D65: =+E66/(E62+E49) -> 0.47753264 | E65: =(H53*D10)-G49-E61-B52 -> 223670.08 | F65: $ /ha. | G65: =+E65/D10 -> 3.1285373 | H65: qq./ha.
D66: en dólares : | E66: =+E65/G6 -> 149.11339

Sheet SOJAsobreCS
B1: SOJA sobre CS - Margen Bruto
B5: Precio Bruto | D5: =+RESUMEN!K4 -> 48000 | E5: $/qq. | G5: T.C. :
G6: =RESUMEN!Q15 -> 1500 | H6: $ = U$S
B7: GASTOS DE COMERCIALIZACIÓN
B8: Flete Largo | D8: =+RESUMEN!$Q$14 -> 3400 | E8: $/qq.
B9: Comisión | D9: 0.021 | E9: %
B10: Precio Neto | D10: =+D5*(1-D9)-D8 -> 43592 | E10: $/qq.
B13: GASTOS DE IMPLANTACIÓN Y PROTECCIÓN | E13: Precio | G13: Gto ($xha) | H13: qq./ha.
B14: Labor / Insumo | C14: Dosis/Nº | E14: Actual | F14: Unidad | G14: Actual | H14: Actual
B15: Coadyuvante- Meta Uno (aciete metilado) | C15: 1 | D15: =IFERROR(INDEX(Valores!E:E,MATCH(B15,Valores!C:C,0),1),"") -> Lts/Ha. | E15: =SUMIF(Valores!C:C,B15,Valores!F:F) -> 3.5 | F15: =IFERROR(INDEX(Valores!G:G,MATCH(B15,Valores!C:C,0),1),"") -> U$S/Lts. | G15: =+E15*C15*$G$6 -> 5250 | H15: =G15/$D$10 -> 0.12043494
B16: Coadyubante- Rizospray extremo | C16: 0.2 | D16: =IFERROR(INDEX(Valores!E:E,MATCH(B16,Valores!C:C,0),1),"") -> Lts/Ha. | E16: =SUMIF(Valores!C:C,B16,Valores!F:F) -> 18.5 | F16: =IFERROR(INDEX(Valores!G:G,MATCH(B16,Valores!C:C,0),1),"") -> U$S/Lts. | G16: =+E16*C16*$G$6 -> 5550 | H16: =G16/$D$10 -> 0.12731694
B17: Fitoestimulante- Cubo | C17: 0.2 | D17: =IFERROR(INDEX(Valores!E:E,MATCH(B17,Valores!C:C,0),1),"") -> Lts/Ha. | E17: =SUMIF(Valores!C:C,B17,Valores!F:F) -> 42 | F17: =IFERROR(INDEX(Valores!G:G,MATCH(B17,Valores!C:C,0),1),"") -> U$S/Lts. | G17: =+E17*C17*$G$6 -> 12600 | H17: =G17/$D$10 -> 0.28904386
D18: =IFERROR(INDEX(Valores!E:E,MATCH(B18,Valores!C:C,0),1),"") | E18: =SUMIF(Valores!C:C,B18,Valores!F:F) -> 0 | F18: =IFERROR(INDEX(Valores!G:G,MATCH(B18,Valores!C:C,0),1),"") | G18: =+E18*C18*$G$6 -> 0 | H18: =G18/$D$10 -> 0
B19: Herbicida- Super Estrella GR (Glifosato 79,2%) | C19: 1.7 | D19: =IFERROR(INDEX(Valores!E:E,MATCH(B19,Valores!C:C,0),1),"") -> Kg/Ha. | E19: =SUMIF(Valores!C:C,B19,Valores!F:F) -> 6.1 | F19: =IFERROR(INDEX(Valores!G:G,MATCH(B19,Valores!C:C,0),1),"") -> U$S/Kg. | G19: =+E19*C19*$G$6 -> 15555 | H19: =G19/$D$10 -> 0.35683153
B20: Herbicida- Super Estrella II (Glifosato 65%) | C20: 4.5 | D20: =IFERROR(INDEX(Valores!E:E,MATCH(B20,Valores!C:C,0),1),"") -> Lts/Ha. | E20: =SUMIF(Valores!C:C,B20,Valores!F:F) -> 4.3 | F20: =IFERROR(INDEX(Valores!G:G,MATCH(B20,Valores!C:C,0),1),"") -> U$S/Lts. | G20: =+E20*C20*$G$6 -> 29025 | H20: =G20/$D$10 -> 0.66583318
D21: =IFERROR(INDEX(Valores!E:E,MATCH(B21,Valores!C:C,0),1),"") | E21: =SUMIF(Valores!C:C,B21,Valores!F:F) -> 0 | F21: =IFERROR(INDEX(Valores!G:G,MATCH(B21,Valores!C:C,0),1),"") | G21: =+E21*C21*$G$6 -> 0 | H21: =G21/$D$10 -> 0
B22: Herbicida- 2,4 D Excel 89 (2,4 D: éster 2-etilhexílico 89%) | C22: 3 | D22: =IFERROR(INDEX(Valores!E:E,MATCH(B22,Valores!C:C,0),1),"") -> Lts/Ha. | E22: =SUMIF(Valores!C:C,B22,Valores!F:F) -> 4.65 | F22: =IFERROR(INDEX(Valores!G:G,MATCH(B22,Valores!C:C,0),1),"") -> U$S/Lts. | G22: =+E22*C22*$G$6 -> 20925 | H22: =G22/$D$10 -> 0.48001927
B23: Herbicida- Terbyne (Terbutilazina 50%) | C23: 1.6 | D23: =IFERROR(INDEX(Valores!E:E,MATCH(B23,Valores!C:C,0),1),"") -> Lts/Ha. | E23: =SUMIF(Valores!C:C,B23,Valores!F:F) -> 7.5 | F23: =IFERROR(INDEX(Valores!G:G,MATCH(B23,Valores!C:C,0),1),"") -> U$S/Lts. | G23: =+E23*C23*$G$6 -> 18000 | H23: =G23/$D$10 -> 0.4129198
B24: Herbicida- Saltum (Sulfentrazone 50%) | C24: 0.5 | D24: =IFERROR(INDEX(Valores!E:E,MATCH(B24,Valores!C:C,0),1),"") -> Lts/Ha. | E24: =SUMIF(Valores!C:C,B24,Valores!F:F) -> 19.3 | F24: =IFERROR(INDEX(Valores!G:G,MATCH(B24,Valores!C:C,0),1),"") -> U$S/Lts. | G24: =+E24*C24*$G$6 -> 14475 | H24: =G24/$D$10 -> 0.33205634
B25: Herbicida- Vortice (Metribuzin 48%) | C25: 0.6 | D25: =IFERROR(INDEX(Valores!E:E,MATCH(B25,Valores!C:C,0),1),"") -> Lts/Ha. | E25: =SUMIF(Valores!C:C,B25,Valores!F:F) -> 15 | F25: =IFERROR(INDEX(Valores!G:G,MATCH(B25,Valores!C:C,0),1),"") -> U$S/Lts. | G25: =+E25*C25*$G$6 -> 13500 | H25: =G25/$D$10 -> 0.30968985
D26: =IFERROR(INDEX(Valores!E:E,MATCH(B26,Valores!C:C,0),1),"") | E26: =SUMIF(Valores!C:C,B26,Valores!F:F) -> 0 | F26: =IFERROR(INDEX(Valores!G:G,MATCH(B26,Valores!C:C,0),1),"") | G26: =+E26*C26*$G$6 -> 0 | H26: =G26/$D$10 -> 0
B27: Herbicida- Resolutor (Cletodim 24%) | C27: 1.1 | D27: =IFERROR(INDEX(Valores!E:E,MATCH(B27,Valores!C:C,0),1),"") -> Lts/Ha. | E27: =SUMIF(Valores!C:C,B27,Valores!F:F) -> 7.8 | F27: =IFERROR(INDEX(Valores!G:G,MATCH(B27,Valores!C:C,0),1),"") -> U$S/Lts. | G27: =+E27*C27*$G$6 -> 12870 | H27: =G27/$D$10 -> 0.29523766
B28: Herbicida- Legado pro- (Haloxifop 54%) | C28: 0.2 | D28: =IFERROR(INDEX(Valores!E:E,MATCH(B28,Valores!C:C,0),1),"") -> Lts/Ha. | E28: =SUMIF(Valores!C:C,B28,Valores!F:F) -> 22 | F28: =IFERROR(INDEX(Valores!G:G,MATCH(B28,Valores!C:C,0),1),"") -> U$S/Lts. | G28: =+E28*C28*$G$6 -> 6600 | H28: =G28/$D$10 -> 0.15140393
D29: =IFERROR(INDEX(Valores!E:E,MATCH(B29,Valores!C:C,0),1),"") | E29: =SUMIF(Valores!C:C,B29,Valores!F:F) -> 0 | F29: =IFERROR(INDEX(Valores!G:G,MATCH(B29,Valores!C:C,0),1),"") | G29: =+E29*C29*$G$6 -> 0 | H29: =G29/$D$10 -> 0
B30: Herbicida- 2,4 D Enlist (2,4 D: sal colina 66,9%) | C30: 1.8 | D30: =IFERROR(INDEX(Valores!E:E,MATCH(B30,Valores!C:C,0),1),"") -> Lts/Ha. | E30: =SUMIF(Valores!C:C,B30,Valores!F:F) -> 5.3 | F30: =IFERROR(INDEX(Valores!G:G,MATCH(B30,Valores!C:C,0),1),"") -> U$S/Lts. | G30: =+E30*C30*$G$6 -> 14310 | H30: =G30/$D$10 -> 0.32827124
B31: Herbicida- Prominens (Glufosinato 20%) | C31: 2.5 | D31: =IFERROR(INDEX(Valores!E:E,MATCH(B31,Valores!C:C,0),1),"") -> Lts/Ha. | E31: =SUMIF(Valores!C:C,B31,Valores!F:F) -> 3.9 | F31: =IFERROR(INDEX(Valores!G:G,MATCH(B31,Valores!C:C,0),1),"") -> U$S/Lts. | G31: =+E31*C31*$G$6 -> 14625 | H31: =G31/$D$10 -> 0.33549734
D32: =IFERROR(INDEX(Valores!E:E,MATCH(B32,Valores!C:C,0),1),"") | E32: =SUMIF(Valores!C:C,B32,Valores!F:F) -> 0 | F32: =IFERROR(INDEX(Valores!G:G,MATCH(B32,Valores!C:C,0),1),"") | G32: =+E32*C32*$G$6 -> 0 | H32: =G32/$D$10 -> 0
B33: Insecticida- Arpegio (Tiametox14,1+Lamb10,6) | C33: 0.3 | D33: =IFERROR(INDEX(Valores!E:E,MATCH(B33,Valores!C:C,0),1),"") -> Lts/Ha. | E33: =SUMIF(Valores!C:C,B33,Valores!F:F) -> 30.5 | F33: =IFERROR(INDEX(Valores!G:G,MATCH(B33,Valores!C:C,0),1),"") -> U$S/Lts. | G33: =+E33*C33*$G$6 -> 13725 | H33: =G33/$D$10 -> 0.31485135
B34: Fungicida- Tempus Max (Protioconazole 17,5% + Azoxistrobina 16%) | C34: 0.6 | D34: =IFERROR(INDEX(Valores!E:E,MATCH(B34,Valores!C:C,0),1),"") -> Lts/Ha. | E34: =SUMIF(Valores!C:C,B34,Valores!F:F) -> 23 | F34: =IFERROR(INDEX(Valores!G:G,MATCH(B34,Valores!C:C,0),1),"") -> U$S/Lts. | G34: =+E34*C34*$G$6 -> 20700 | H34: =G34/$D$10 -> 0.47485777
D35: =IFERROR(INDEX(Valores!E:E,MATCH(B35,Valores!C:C,0),1),"") | E35: =SUMIF(Valores!C:C,B35,Valores!F:F) -> 0 | F35: =IFERROR(INDEX(Valores!G:G,MATCH(B35,Valores!C:C,0),1),"") | G35: =+E35*C35*$G$6 -> 0 | H35: =G35/$D$10 -> 0
B36: Curasemilla Rizo Pack 102 (soja) | C36: 1 | D36: =IFERROR(INDEX(Valores!E:E,MATCH(B36,Valores!C:C,0),1),"") -> Dosis/Ha. | E36: =SUMIF(Valores!C:C,B36,Valores!F:F) -> 4.5 | F36: =IFERROR(INDEX(Valores!G:G,MATCH(B36,Valores!C:C,0),1),"") -> U$S/Dosis | G36: =+E36*C36*$G$6 -> 6750 | H36: =G36/$D$10 -> 0.15484493
D37: =IFERROR(INDEX(Valores!E:E,MATCH(B37,Valores!C:C,0),1),"") | E37: =SUMIF(Valores!C:C,B37,Valores!F:F) -> 0 | F37: =IFERROR(INDEX(Valores!G:G,MATCH(B37,Valores!C:C,0),1),"") | G37: =+E37*C37*$G$6 -> 0 | H37: =G37/$D$10 -> 0
D38: =IFERROR(INDEX(Valores!E:E,MATCH(B38,Valores!C:C,0),1),"") | E38: =SUMIF(Valores!C:C,B38,Valores!F:F) -> 0 | F38: =IFERROR(INDEX(Valores!G:G,MATCH(B38,Valores!C:C,0),1),"") | G38: =+E38*C38*$G$6 -> 0 | H38: =G38/$D$10 -> 0
D39: =IFERROR(INDEX(Valores!E:E,MATCH(B39,Valores!C:C,0),1),"") | E39: =SUMIF(Valores!C:C,B39,Valores!F:F) -> 0 | F39: =IFERROR(INDEX(Valores!G:G,MATCH(B39,Valores!C:C,0),1),"") | G39: =+E39*C39*$G$6 -> 0 | H39: =G39/$D$10 -> 0
D40: =IFERROR(INDEX(Valores!E:E,MATCH(B40,Valores!C:C,0),1),"") | E40: =SUMIF(Valores!C:C,B40,Valores!F:F) -> 0 | F40: =IFERROR(INDEX(Valores!G:G,MATCH(B40,Valores!C:C,0),1),"") | G40: =+E40*C40*$G$6 -> 0 | H40: =G40/$D$10 -> 0
B41: Sub-Total AGROQ. | E41: =+G41/$G$6 -> 149.64 | F41: U$S/ha. | G41: =SUM(G15:G40) -> 224460 | H41: =SUM(H15:H40) -> 5.1491099
B43: Fertilizante- MicroEssentials Sz | C43: 80 | D43: =IFERROR(INDEX(Valores!E:E,MATCH(B43,Valores!C:C,0),1),"") -> Kg/Ha. | E43: =SUMIF(Valores!C:C,B43,Valores!F:F) -> 1100 | F43: =IFERROR(INDEX(Valores!G:G,MATCH(B43,Valores!C:C,0),1),"") -> U$S/ton. | G43: =+E43*C43*$G$6/1000 -> 132000 | H43: =G43/$D$10 -> 3.0280785
D44: =IFERROR(INDEX(Valores!E:E,MATCH(B44,Valores!C:C,0),1),"") | E44: =SUMIF(Valores!C:C,B44,Valores!F:F) -> 0 | F44: =IFERROR(INDEX(Valores!G:G,MATCH(B44,Valores!C:C,0),1),"") | G44: =+E44*C44*$G$6/1000 -> 0 | H44: =G44/$D$10 -> 0
D45: =IFERROR(INDEX(Valores!E:E,MATCH(B45,Valores!C:C,0),1),"") | E45: =SUMIF(Valores!C:C,B45,Valores!F:F) -> 0 | F45: =IFERROR(INDEX(Valores!G:G,MATCH(B45,Valores!C:C,0),1),"") | G45: =+E45*C45*$G$6/1000 -> 0 | H45: =G45/$D$10 -> 0
D46: =IFERROR(INDEX(Valores!E:E,MATCH(B46,Valores!C:C,0),1),"") | E46: =SUMIF(Valores!C:C,B46,Valores!F:F) -> 0 | F46: =IFERROR(INDEX(Valores!G:G,MATCH(B46,Valores!C:C,0),1),"") | G46: =+E46*C46*$G$6/1000 -> 0 | H46: =G46/$D$10 -> 0
B47: Sub-Total FERTILIZ. | E47: =+G47/$G$6 -> 88 | F47: U$S/ha. | G47: =SUM(G43:G46) -> 132000 | H47: =SUM(H43:H46) -> 3.0280785
B49: Semilla Vicia Villosa | C49: 18 | D49: =IFERROR(INDEX(Valores!E:E,MATCH(B49,Valores!C:C,0),1),"") -> Kg/Ha. | E49: =SUMIF(Valores!C:C,B49,Valores!F:F) -> 1.8 | F49: =IFERROR(INDEX(Valores!G:G,MATCH(B49,Valores!C:C,0),1),"") -> U$S/Kg. | G49: =+E49*C49*$G$6 -> 48600 | H49: =G49/$D$10 -> 1.1148835
B50: Semilla Centeno | C50: 18 | D50: =IFERROR(INDEX(Valores!E:E,MATCH(B50,Valores!C:C,0),1),"") -> Kg/Ha. | E50: =SUMIF(Valores!C:C,B50,Valores!F:F) -> 0.8 | F50: =IFERROR(INDEX(Valores!G:G,MATCH(B50,Valores!C:C,0),1),"") -> U$S/Kg. | G50: =+E50*C50*$G$6 -> 21600 | H50: =G50/$D$10 -> 0.49550376
B51: Semilla Soja | C51: 2.5 | D51: =IFERROR(INDEX(Valores!E:E,MATCH(B51,Valores!C:C,0),1),"") -> bls./Ha. | E51: =SUMIF(Valores!C:C,B51,Valores!F:F) -> 38 | F51: =IFERROR(INDEX(Valores!G:G,MATCH(B51,Valores!C:C,0),1),"") -> U$S/bls. | G51: =+E51*C51*$G$6 -> 142500 | H51: =G51/$D$10 -> 3.2689484
D52: =IFERROR(INDEX(Valores!E:E,MATCH(B52,Valores!C:C,0),1),"") | E52: =SUMIF(Valores!C:C,B52,Valores!F:F) -> 0 | F52: =IFERROR(INDEX(Valores!G:G,MATCH(B52,Valores!C:C,0),1),"") | G52: =+E52*C52*$G$6 -> 0 | H52: =G52/$D$10 -> 0
B53: Sub-Total SEMILLAS | E53: =+G53/$G$6 -> 141.8 | F53: U$S/ha. | G53: =SUM(G48:G52) -> 212700 | H53: =SUM(H48:H52) -> 4.8793357
B55: Siembra Soja 2º (sin fertilización) | C55: 1 | D55: =IFERROR(INDEX(Valores!E:E,MATCH(B55,Valores!C:C,0),1),"") -> Siembra | E55: =SUMIF(Valores!C:C,B55,Valores!F:F) -> 50 | F55: =IFERROR(INDEX(Valores!G:G,MATCH(B55,Valores!C:C,0),1),"") -> U$S/Ha. | G55: =+E55*C55*$G$6 -> 75000 | H55: =G55/$D$10 -> 1.7204992
B56: Siembra Cultivos de Servicio | C56: 1 | D56: =IFERROR(INDEX(Valores!E:E,MATCH(B56,Valores!C:C,0),1),"") -> Siembra | E56: =SUMIF(Valores!C:C,B56,Valores!F:F) -> 48 | F56: =IFERROR(INDEX(Valores!G:G,MATCH(B56,Valores!C:C,0),1),"") -> U$S/Ha. | G56: =+E56*C56*$G$6 -> 72000 | H56: =G56/$D$10 -> 1.6516792
D57: =IFERROR(INDEX(Valores!E:E,MATCH(B57,Valores!C:C,0),1),"") | E57: =SUMIF(Valores!C:C,B57,Valores!F:F) -> 0 | F57: =IFERROR(INDEX(Valores!G:G,MATCH(B57,Valores!C:C,0),1),"") | G57: =+E57*C57*$G$6 -> 0 | H57: =G57/$D$10 -> 0
D58: =IFERROR(INDEX(Valores!E:E,MATCH(B58,Valores!C:C,0),1),"") | E58: =SUMIF(Valores!C:C,B58,Valores!F:F) -> 0 | F58: =IFERROR(INDEX(Valores!G:G,MATCH(B58,Valores!C:C,0),1),"") | G58: =+E58*C58*$G$6 -> 0 | H58: =G58/$D$10 -> 0
B59: Sub-Total LABORES | E59: =+G59/$G$6 -> 98 | F59: U$S/ha. | G59: =SUM(G55:G58) -> 147000 | H59: =SUM(H55:H58) -> 3.3721784
B61: Seguro Contra Riesgo Climático | C61: 35 | D61: qq./ha | E61: 0.0363 | F61: % | G61: =C61*(E61)*$D$10 -> 55383.636 | H61: =G61/$D$10 -> 1.2705
B64: Intereses Financiación | C64: 25 | D64: qq./ha | E64: 0 | F64: % | G64: 0 | H64: 0
B66: Total G. I. y P. | E66: =+G66/$G$6 -> 514.36242 | G66: =+G61+G53+G47+G41+G59 -> 771543.64 | H66: =+H61+H53+H47+H41+H59 -> 17.699203
B69: COSECHA
B70: =+H70*$D$10*C70/100 -> 156931.2 | C70: 8 | D70: % | G70: RINDE esperado : | H70: =+RESUMEN!K8 -> 45
G71: Equilibrio 20-21 : | H71: =((G66+E78)/($D$10-C73-C74))/(100-C70)*100 -> 39.662374
B72: GASTOS DE ACONDICIONAMIENTO
B73: Flete Corto | C73: 70 | D73: $/qq. | E73: =+C73*H70 -> 3150
B74: Paritaria | C74: 15 | D74: $/qq. | E74: =+C74*H70 -> 675
B77: ALQUILER | G77: en qq. Soja
C78: =+RESUMEN!$D$10 -> 17 | D78: qq.x/ha. | E78: =+C78*RESUMEN!$F$4 -> 816000 | F78: $ /ha. | G78: =+E78/$D$10 -> 18.719031
D79: en dólares : | E79: =+E78/$G$6 -> 544
B81: GANANCIA ( rentabilidad ) : | D81: =+E82/(E79+E66) -> 0.13438381 | E81: =+H70*$D$10*(100-C70)/100-G66-E78-(C73+C74)*H70 -> 213340.16 | F81: $ /ha. | G81: =+E81/$D$10 -> 4.894021 | H81: qq./ha.
D82: en dólares : | E82: =+E81/$G$6 -> 142.22678

Sheet MAIZsobreCS
B1: MAIZ sobre CS- Margen Bruto
K3: mayo | L3: junio | M3: julio | N3: agosto | O3: septiembre | P3: octubre | Q3: noviembre | R3: diciembre | S3: enero | T3: febrero | U3: marzo | V3: abril
B5: Precio Bruto | D5: =+RESUMEN!L4 -> 28500 | E5: $/qq. | G5: T.C. :
G6: =+RESUMEN!Q13 -> 1500 | H6: $ = U$S
B7: GASTOS DE COMERCIALIZACIÓN
B8: Flete Largo | D8: =+RESUMEN!$Q$14 -> 3400 | E8: $/qq.
B9: Comisión | D9: 0.021 | E9: %
B10: Precio Neto | D10: =+D5*(1-D9)-D8 -> 24501.5 | E10: $/qq.
B13: GASTOS de IMPLANTACIÓN y PROTECCIÓN | E13: Pcio u$s | G13: Gto ($xha) | H13: qq./ha.
B14: Labor / Insumo | C14: Dosis / Nº | E14: Actual | F14: Unidad | G14: Actual | H14: Actual
B15: Coadyuvante- Meta Uno (aciete metilado) | C15: 1 | D15: =IFERROR(INDEX(Valores!E:E,MATCH(B15,Valores!C:C,0),1),"") -> Lts/Ha. | E15: =SUMIF(Valores!C:C,B15,Valores!F:F) -> 3.5 | F15: =IFERROR(INDEX(Valores!G:G,MATCH(B15,Valores!C:C,0),1),"") -> U$S/Lts. | G15: =+E15*C15*$G$6 -> 5250 | H15: =G15/$D$10 -> 0.2142726
D16: =IFERROR(INDEX(Valores!E:E,MATCH(B16,Valores!C:C,0),1),"") | E16: =SUMIF(Valores!C:C,B16,Valores!F:F) -> 0 | F16: =IFERROR(INDEX(Valores!G:G,MATCH(B16,Valores!C:C,0),1),"") | G16: =+E16*C16*$G$6 -> 0 | H16: =G16/$D$10 -> 0
D17: =IFERROR(INDEX(Valores!E:E,MATCH(B17,Valores!C:C,0),1),"") | E17: =SUMIF(Valores!C:C,B17,Valores!F:F) -> 0 | F17: =IFERROR(INDEX(Valores!G:G,MATCH(B17,Valores!C:C,0),1),"") | G17: =+E17*C17*$G$6 -> 0 | H17: =G17/$D$10 -> 0
D18: =IFERROR(INDEX(Valores!E:E,MATCH(B18,Valores!C:C,0),1),"") | E18: =SUMIF(Valores!C:C,B18,Valores!F:F) -> 0 | F18: =IFERROR(INDEX(Valores!G:G,MATCH(B18,Valores!C:C,0),1),"") | G18: =+E18*C18*$G$6 -> 0 | H18: =G18/$D$10 -> 0
B19: Herbicida- Super Estrella GR (Glifosato 79,2%) | C19: 1.7 | D19: =IFERROR(INDEX(Valores!E:E,MATCH(B19,Valores!C:C,0),1),"") -> Kg/Ha. | E19: =SUMIF(Valores!C:C,B19,Valores!F:F) -> 6.1 | F19: =IFERROR(INDEX(Valores!G:G,MATCH(B19,Valores!C:C,0),1),"") -> U$S/Kg. | G19: =+E19*C19*$G$6 -> 15555 | H19: =G19/$D$10 -> 0.63485909
